Workbook
Name _Toc462669811: '5-03'!$A$3
Name _Toc462744705: '2-20'!$A$3

Sheet Contents
A1: SIFMA Capital Markets Fact Book
A2: Most Recent Year: 2024
A3: Grey titles not available in Excel format
A5: Contents | B5: Tab
A7: Global Capital Markets
A8: Global Bond and Equity Issuance - Charts | B8: 1-01
A9: Global Long-Term Bond Issuance | B9: 1-02
A10: Global Equity Issuance | B10: 1-03
A11: International Security Offerings by All Issuers - Market Value | B11: 1-04
A12: International Security Offerings by All Issuers - Number of Issues | B12: 1-05
A13: International Security Offerings by U.S. Issuers - Market Value | B13: 1-06
A14: International Security Offerings by U.S. Issuers - Number of Issues | B14: 1-07
A15: Global Bond Market Outstanding and Global Equity Market Capitalization - Charts | B15: 1-08
A16: Global Bond Market Outstanding - Value | B16: 1-09
A17: Global Bond Market Outstanding - Share of Total | B17: 1-10
A18: Global Equity Markets Capitalization - Market Value | B18: 1-11
A19: Global Equity Markets Capitalization - Share of Total | B19: 1-12
... A36: American Depositary Receipts (ADRs) | B36: 1-29
A38: U.S. Capital Markets
A39: U.S. Fixed Income Securities Issuance – Value | B39: 2-01
A40: U.S. Fixed Income Securities Issuance – Number of Issues | B40: 2-02
A41: U.S. Equity Issuance – Value | B41: 2-03
A42: U.S. Equity Issuance – Number of Issues | B42: 2-04
A43: Corporate Bonds and Equity Issuance in the U.S. and U.S. Initial Public Offerings - Charts | B43: 2-05
A44: U.S. Private Placements – Value | B44: 2-06
A45: U.S. Private Placements – Number of Issues | B45: 2-07
A46: U.S. Long-Term Municipal Bond Issuance – Value | B46: 2-08
A47: U.S. Long-Term Municipal Bond Issuance – Number of Issues | B47: 2-09
A48: U.S. Long-Term Municipal Bond Issuance – Number of Issuers | B48: 2-10
A49: Bank Qualified U.S. Municipal Bond Issuance | B49: 2-11
A50: U.S. Equity and Debt Outstanding | B50: 2-12
... A64: Net Assets and Number of Exchange-Traded Funds (ETFs) - Chart | B64: 2-26
A66: U.S. Investor Participation
A67: U.S. Holdings of Equities – Market Value | B67: 3-01
A68: U.S. Family Holdings of Stock | B68: 3-02
A69: U.S. Household Equity Ownership | B69: 3-03
A70: U.S. Household Liquid Financial Assets - Market Value | B70: 3-04
A71: U.S. Household Liquid Financial Assets - Share of Total | B71: 3-05
A72: U.S. Holdings of Equities by Type of Holder - Market Value | B72: 3-06
A73: U.S. Holdings of Equities by Type of Holder - Share of Total | B73: 3-07
A74: U.S. Net Acquisitions of Corporate Equities by Type of Holder | B74: 3-08
A76: Savings & Investment
A77: U.S. Retirement Assets | B77: 4-01
A78: U.S. Private Pension Funds Assets | B78: 4-02
A79: U.S. Private Pension Fund Assets Investment Mix | B79: 4-03
A80: U.S. Defined Benefit Plan Asset Investment Mix | B80: 4-04
A81: U.S. Defined Contribution Plan Asset Investment Mix | B81: 4-05
A82: U.S. Individual Retirement Account (IRA) Assets | B82: 4-06
A83: US 401(K) Assets | B83: 4-07
A84: Household Saving Rates of Major Nations | B84: 4-08
A85: U.S. Economic Indicators | B85: 4-09
A86: U.S. Federal Receipts, Outlays, Deficit and Debt | B86: 4-10
A88: Securities Industry
A89: FINRA-Registered Broker-Dealers Financial Results | B89: 5-01
A90: FINRA-Registered Firms and Registered Representative- Charts | B90: 5-02
A91: NYSE Member Firms Aggregate Financial Results | B91: 5-03
A92: NYSE Member Firms Aggregate Total Capital and Equity Capital - Charts | B92: 5-04
A93: U.S. Securities Industry Employment | B93: 5-05
A94: U.S. Investment Banking Net Revenues by Product - Charts | B94: 5-06
A95: FINRA-Registered Broker-Dealers, Registered Representatives and Investment Advisors by State - Maps | B95: 5-07

Sheet 1-01
A1: Return to the Table of Contents
A3: Global Fixed Income and Equity Issuance - Charts
A23: Sources: Bloomberg, Refinitiv, Dealogic
A24: Note: Long-term includes securities with maturity >13 months; global equity issuance includes non-convertible IPOs and follow-on equity deals, excludes preferred shares, rights issues, closed-end funds, business development companies, and special purpose acquisition companies

Sheet 1-08
A1: Return to the Table of Contents
A3: Global Fixed Income Market Outstanding
B6: US | C6: EU | D6: China | E6: Japan | F6: EM | G6: UK | H6: Canada | I6: DM | J6: Australia | K6: Switzerland | L6: Singapore | M6: HK | N6: Total
A7: Dollar Amount
A8: 2014 | B8: 33771.543 | C8: 20008.587 | D8: 5835.3712 | E8: 10549.747 | F8: 1397.9438 | G8: 5845.705 | H8: 2206.1224 | I8: 880.16081 | J8: 1995.9104 | K8: 428.868 | L8: 349.32475 | M8: 110.66867 | N8: 83379.953
A9: 2024 | B9: 58171.747 | C9: 26177.17 | D9: 25045.727 | E9: 10598.949 | F9: 6960.741 | G9: 6056.354 | H9: 4238.7162 | I9: 3632.578 | J9: 2321.1955 | K9: 825.07136 | L9: 804.72801 | M9: 229.96302 | N9: 145062.94
A10: Change Total | B10: 0.72250782 | C10: 0.30829675 | D10: 3.2920539 | E10: 0.0046637528 | F10: 3.979271 | G10: 0.036034835 | H10: 0.92134227 | I10: 3.1271754 | J10: 0.16297578 | K10: 0.92383521 | L10: 1.3036673 | M10: 1.0779415 | N10: 0.73978199
A11: % of Total
A12: 2014 | B12: 0.40503193 | C12: 0.2399688 | D12: 0.069985302 | E12: 0.12652619 | F12: 0.016765946 | G12: 0.070109238 | H12: 0.026458667 | I12: 0.010556024 | J12: 0.023937534 | K12: 0.0051435385 | L12: 0.0041895532 | M12: 0.0013272815 | N12: 1
A13: 2024 | B13: 0.40101039 | C13: 0.18045388 | D13: 0.17265421 | E13: 0.073064483 | F13: 0.047984282 | G13: 0.041749836 | H13: 0.029219842 | I13: 0.025041392 | J13: 0.016001299 | K13: 0.0056876785 | L13: 0.0055474403 | M13: 0.0015852638 | N13: 1
A15: Source: Bank of International Settlements (BIS)
A16: Note: EU = European Union, HK = Hong Kong, DM = developed markets, EM = emerging markets. DM/EM exclude countries listed in the chart
A20: Global Equity Market Capitalization
B23: US | C23: China | D23: EU | E23: DM | F23: Japan | G23: India | H23: EM | I23: HK | J23: UK | K23: Canada | L23: Australia | M23: Singapore | N23: Total
A24: Dollar Amount
A25: 2014 | B25: 26330.589 | C25: 6004.9477 | D25: 7844.2518 | E25: 5292.9346 | F25: 4377.9944 | G25: 3079.2248 | H25: 5336.4312 | I25: 3233.0306 | J25: 4012.8823 | K25: 2095.4207 | L25: 1288.7546 | M25: 752.83101 | N25: 69649.293
A26: 2024 | B26: 62185.685 | C26: 11755.758 | D26: 11055.718 | E26: 10811.295 | F26: 6310.6814 | G26: 5131.3974 | H26: 4744.0967 | I26: 4549.7208 | J26: 4399.4231 | K26: 3374.4772 | L26: 1737.1063 | M26: 637.63027 | N26: 126692.99
A27: Change Total | B27: 1.3617278 | C27: 0.95767867 | D27: 0.40940375 | E27: 1.0425899 | F27: 0.4414549 | G27: 0.66645756 | H27: -0.11099825 | I27: 0.4072619 | J27: 0.096324991 | K27: 0.61040559 | L27: 0.34789531 | M27: -0.15302337 | N27: 0.81901329
A28: % of Total
A29: 2014 | B29: 0.37804532 | C29: 0.086216922 | D29: 0.112625 | E29: 0.07599409 | F29: 0.0628577 | G29: 0.044210424 | H29: 0.076618598 | I29: 0.046418714 | J29: 0.057615549 | K29: 0.030085312 | L29: 0.018503485 | M29: 0.010808882 | N29: 1
A30: 2024 | B30: 0.49083762 | C30: 0.092789333 | D30: 0.087263849 | E30: 0.085334593 | F30: 0.049810818 | G30: 0.040502616 | H30: 0.037445613 | I30: 0.035911385 | J30: 0.034725071 | K30: 0.026635074 | L30: 0.013711148 | M30: 0.0050328773 | N30: 1
A32: Source: World Federation of Exchanges
A33: Note: Market capitalization of listed domestic companies. EU = European Union, HK = Hong Kong, DM = developed markets, EM = emerging markets, DM/EM exclude countries listed in the table

Sheet 1-09
A1: Return to the Table of Contents
A3: Global Fixed Income Market Outstanding - Value
A6: ($B) | B6: Australia | C6: Canada | D6: China | E6: EU | F6: HK | G6: Japan | H6: Singapore | I6: Switzerland | J6: UK | K6: US | L6: DM | M6: EM | N6: Total | P6: (Y/Y) | Q6: =B6 -> Australia | R6: =C6 -> Canada | S6: =D6 -> China | T6: =E6 -> EU | U6: =F6 -> HK | V6: =G6 -> Japan | W6: =H6 -> Singapore | X6: =I6 -> Switzerland | ... AC6: =N6 -> Total
A7: 2010 | B7: 1884.6662 | C7: 1866.5836 | D7: 3065.3441 | E7: 21256.682 | F7: 88.562828 | G7: 14604.14 | H7: 218.98205 | I7: 511.71633 | J7: 5012.329 | K7: 29676.177 | L7: 790.13494 | M7: 1222.1612 | N7: 80197.479
A8: 2011 | B8: 2007.3405 | C8: 1963.3723 | D8: 3528.4441 | E8: 21415.303 | F8: 91.995893 | G8: 15809.099 | H8: 240.87812 | I8: 417.43615 | J8: 5350.894 | K8: 30448.029 | L8: 802.5148 | M8: 1233.2321 | N8: 83308.539 | P8: =A8 -> 2011 | Q8: =B8/B7-1 -> 0.065090728 | R8: =C8/C7-1 -> 0.051853427 | S8: =D8/D7-1 -> 0.15107602 | T8: =E8/E7-1 -> 0.0074621704 | U8: =F8/F7-1 -> 0.038764166 | V8: =G8/G7-1 -> 0.082508053 | W8: =H8/H7-1 -> 0.099990236 | X8: =I8/I7-1 -> -0.18424306 | ... AC8: =N8/N7-1 -> 0.038792489
A9: 2012 | B9: 2169.9693 | C9: 2173.4965 | D9: 4294.0522 | E9: 22085.855 | F9: 94.906494 | G9: 14249.977 | H9: 294.80831 | I9: 430.21287 | J9: 5657.768 | K9: 31695.351 | L9: 931.17681 | M9: 1405.189 | N9: 85482.763 | P9: =A9 -> 2012 | Q9: =B9/B8-1 -> 0.081017034 | R9: =C9/C8-1 -> 0.10702209 | S9: =D9/D8-1 -> 0.21698178 | T9: =E9/E8-1 -> 0.031311834 | U9: =F9/F8-1 -> 0.031638388 | V9: =G9/G8-1 -> -0.098621766 | W9: =H9/H8-1 -> 0.22388994 | X9: =I9/I8-1 -> 0.030607613 | ... AC9: =N9/N8-1 -> 0.026098461
A10: 2013 | B10: 1979.8531 | C10: 2241.8806 | D10: 4960.8465 | E10: 22664.042 | F10: 109.92552 | G10: 11902.46 | H10: 331.3854 | I10: 461.77369 | J10: 5555.062 | K10: 32727.417 | L10: 948.69557 | M10: 1343.2508 | N10: 85226.592 | P10: =A10 -> 2013 | Q10: =B10/B9-1 -> -0.087612382 | R10: =C10/C9-1 -> 0.031462712 | S10: =D10/D9-1 -> 0.15528323 | T10: =E10/E9-1 -> 0.026179042 | U10: =F10/F9-1 -> 0.15825082 | V10: =G10/G9-1 -> -0.16473832 | W10: =H10/H9-1 -> 0.12407078 | X10: =I10/I9-1 -> 0.073360925 | ... AC10: =N10/N9-1 -> -0.0029967573
A11: 2014 | B11: 1995.9104 | C11: 2206.1224 | D11: 5835.3712 | E11: 20008.587 | F11: 110.66867 | G11: 10549.747 | H11: 349.32475 | I11: 428.868 | J11: 5845.705 | K11: 33771.543 | L11: 880.16081 | M11: 1397.9438 | N11: 83379.953 | P11: =A11 -> 2014 | Q11: =B11/B10-1 -> 0.008110343 | R11: =C11/C10-1 -> -0.015950098 | S11: =D11/D10-1 -> 0.17628537 | T11: =E11/E10-1 -> -0.11716596 | U11: =F11/F10-1 -> 0.0067604251 | V11: =G11/G10-1 -> -0.11364985 | W11: =H11/H10-1 -> 0.054134397 | X11: =I11/I10-1 -> -0.071259335 | ... AC11: =N11/N10-1 -> -0.021667408
A12: 2015 | B12: 1880.5857 | C12: 2767.4679 | D12: 7752.5028 | E12: 17987.91 | F12: 121.84538 | G12: 10634.218 | H12: 322.31993 | I12: 438.24305 | J12: 5565.115 | K12: 34855.885 | L12: 820.99804 | M12: 1413.7127 | N12: 84560.803 | P12: =A12 -> 2015 | Q12: =B12/B11-1 -> -0.057780494 | R12: =C12/C11-1 -> 0.25444896 | S12: =D12/D11-1 -> 0.32853637 | T12: =E12/E11-1 -> -0.10099051 | U12: =F12/F11-1 -> 0.10099257 | V12: =G12/G11-1 -> 0.0080068512 | W12: =H12/H11-1 -> -0.077305773 | X12: =I12/I11-1 -> 0.021859985 | ... AC12: =N12/N11-1 -> 0.014162283
A13: 2016 | B13: 1868.3458 | C13: 2943.4569 | D13: 9408.7677 | E13: 17538.367 | F13: 139.43612 | G13: 11244.196 | H13: 326.42778 | I13: 447.63365 | J13: 5142.153 | K13: 36070.078 | L13: 879.72867 | M13: 1538.9988 | N13: 87547.589 | P13: =A13 -> 2016 | Q13: =B13/B12-1 -> -0.0065085801 | R13: =C13/C12-1 -> 0.063592055 | S13: =D13/D12-1 -> 0.2136426 | T13: =E13/E12-1 -> -0.02499143 | U13: =F13/F12-1 -> 0.14436937 | V13: =G13/G12-1 -> 0.057359943 | W13: =H13/H12-1 -> 0.012744633 | X13: =I13/I12-1 -> 0.021427837 | ... AC13: =N13/N12-1 -> 0.035321156
A14: 2017 | B14: 2034.1432 | C14: 3267.4355 | D14: 11757.087 | E14: 19938.5 | F14: 150.77536 | G14: 11916.494 | H14: 412.21364 | I14: 487.51507 | J14: 5712.928 | K14: 37295.924 | L14: 965.90373 | M14: 1835.774 | N14: 95774.694 | P14: =A14 -> 2017 | Q14: =B14/B13-1 -> 0.088740233 | R14: =C14/C13-1 -> 0.11006738 | S14: =D14/D13-1 -> 0.24958839 | T14: =E14/E13-1 -> 0.13685048 | U14: =F14/F13-1 -> 0.081322065 | V14: =G14/G13-1 -> 0.059790678 | W14: =H14/H13-1 -> 0.26280195 | X14: =I14/I13-1 -> 0.089093874 | ... AC14: =N14/N13-1 -> 0.093972948
A15: 2018 | B15: 1918.1191 | C15: 3150.9551 | D15: 12906.933 | E15: 19449.363 | F15: 152.40009 | G15: 12462.485 | H15: 441.05169 | I15: 516.9347 | J15: 5434.642 | K15: 38793.687 | L15: 3136.6833 | M15: 5155.9061 | N15: 103519.16 | P15: =A15 -> 2018 | Q15: =B15/B14-1 -> -0.057038334 | R15: =C15/C14-1 -> -0.035648864 | S15: =D15/D14-1 -> 0.097800228 | T15: =E15/E14-1 -> -0.024532293 | U15: =F15/F14-1 -> 0.01077587 | V15: =G15/G14-1 -> 0.045818085 | W15: =H15/H14-1 -> 0.069958991 | X15: =I15/I14-1 -> 0.060346111 | ... AC15: =N15/N14-1 -> 0.080861299
A16: 2019 | B16: 1959.7395 | C16: 3371.0791 | D16: 14725.914 | E16: 19792.11 | F16: 154.8274 | G16: 12817.977 | H16: 492.8664 | I16: 569.39226 | J16: 5965.052 | K16: 40628.868 | L16: 3291.5133 | M16: 5501.1163 | N16: 109270.45 | P16: =A16 -> 2019 | Q16: =B16/B15-1 -> 0.021698559 | R16: =C16/C15-1 -> 0.069859452 | S16: =D16/D15-1 -> 0.14093053 | T16: =E16/E15-1 -> 0.017622491 | U16: =F16/F15-1 -> 0.015927216 | V16: =G16/G15-1 -> 0.028525022 | W16: =H16/H15-1 -> 0.11747991 | X16: =I16/I15-1 -> 0.10147811 | ... AC16: =N16/N15-1 -> 0.055557782
A17: 2020 | B17: 2502.1885 | C17: 3914.4272 | D17: 18555.574 | E17: 25585.497 | F17: 154.78855 | G17: 14672.132 | H17: 542.75668 | I17: 675.08438 | J17: 5355.1606 | K17: 46629.423 | L17: 3806.2574 | M17: 5551.0504 | N17: 127944.34 | P17: =A17 -> 2020 | Q17: =B17/B16-1 -> 0.27679647 | R17: =C17/C16-1 -> 0.16117927 | S17: =D17/D16-1 -> 0.26006266 | T17: =E17/E16-1 -> 0.29271199 | U17: =F17/F16-1 -> -0.00025092021 | V17: =G17/G16-1 -> 0.14465264 | W17: =H17/H16-1 -> 0.10122477 | X17: =I17/I16-1 -> 0.18562267 | ... AC17: =N17/N16-1 -> 0.17089601
A18: 2021 | B18: 2415.2766 | C18: 4074.186 | D18: 21816.443 | E18: 24955.613 | F18: 177.10837 | G18: 13375.09 | H18: 612.3586 | I18: 700.84602 | J18: 5606.1606 | K18: 49589.931 | L18: 3810.7745 | M18: 5681.0992 | N18: 132814.89 | P18: =A18 -> 2021 | Q18: =B18/B17-1 -> -0.034734361 | R18: =C18/C17-1 -> 0.040812817 | S18: =D18/D17-1 -> 0.1757353 | T18: =E18/E17-1 -> -0.024618823 | U18: =F18/F17-1 -> 0.14419555 | V18: =G18/G17-1 -> -0.088401692 | W18: =H18/H17-1 -> 0.12823779 | X18: =I18/I17-1 -> 0.038160635 | ... AC18: =N18/N17-1 -> 0.038067706
A19: 2022 | B19: 2293.2466 | C19: 4070.9673 | D19: 21659.974 | E19: 24301.707 | F19: 193.55855 | G19: 12058.639 | H19: 656.60632 | I19: 810.68853 | J19: 5266.0108 | K19: 52154.155 | L19: 3736.5804 | M19: 6245.3273 | N19: 133447.46 | P19: =A19 -> 2022 | Q19: =B19/B18-1 -> -0.05052421 | R19: =C19/C18-1 -> -0.00079001593 | S19: =D19/D18-1 -> -0.0071720783 | T19: =E19/E18-1 -> -0.026202757 | U19: =F19/F18-1 -> 0.092882005 | V19: =G19/G18-1 -> -0.09842563 | W19: =H19/H18-1 -> 0.072257852 | X19: =I19/I18-1 -> 0.15672844 | ... AC19: =N19/N18-1 -> 0.0047628184
... A21: 2024 | B21: 2321.1955 | C21: 4238.7162 | D21: 25045.727 | E21: 26177.17 | F21: 229.96302 | G21: 10598.949 | H21: 804.72801 | I21: 825.07136 | J21: 6056.354 | K21: 58171.747 | L21: 3632.578 | M21: 6960.741 | N21: 145062.94 | P21: =A21 -> 2024 | Q21: =B21/B20-1 -> -0.03625747 | R21: =C21/C20-1 -> -0.015528145 | S21: =D21/D20-1 -> 0.093054359 | T21: =E21/E20-1 -> -0.015563579 | U21: =F21/F20-1 -> 0.059305824 | V21: =G21/G20-1 -> -0.078076546 | W21: =H21/H20-1 -> 0.070322805 | X21: =I21/I20-1 -> -0.092125526 | ... AC21: =N21/N20-1 -> 0.024289956
A23: Average | B23: =AVERAGE(B$7:B$21) -> 2109.2735 | C23: =AVERAGE(C$7:C$21) -> 3103.7147 | D23: =AVERAGE(D$7:D$21) -> 12548.434 | E23: =AVERAGE(E$7:E$21) -> 21983.182 | F23: =AVERAGE(F$7:F$21) -> 145.85671 | G23: =AVERAGE(G$7:G$21) -> 12559.478 | H23: =AVERAGE(H$7:H$21) -> 453.23754 | I23: =AVERAGE(I$7:I$21) -> 575.34737 | ... N23: =AVERAGE(N$7:N$21) -> 105277.37
A24: Y/Y Change | B24: =B21/B20-1 -> -0.03625747 | C24: =C21/C20-1 -> -0.015528145 | D24: =D21/D20-1 -> 0.093054359 | E24: =E21/E20-1 -> -0.015563579 | F24: =F21/F20-1 -> 0.059305824 | G24: =G21/G20-1 -> -0.078076546 | H24: =H21/H20-1 -> 0.070322805 | I24: =I21/I20-1 -> -0.092125526 | ... N24: =N21/N20-1 -> 0.024289956
A25: 5Y CAGR | B25: =((B21/B16)^(1/5))-1 -> 0.034433731 | C25: =((C21/C16)^(1/5))-1 -> 0.046870782 | D25: =((D21/D16)^(1/5))-1 -> 0.11206528 | E25: =((E21/E16)^(1/5))-1 -> 0.05751399 | F25: =((F21/F16)^(1/5))-1 -> 0.082335833 | G25: =((G21/G16)^(1/5))-1 -> -0.037305128 | H25: =((H21/H16)^(1/5))-1 -> 0.10302151 | I25: =((I21/I16)^(1/5))-1 -> 0.077000712 | ... N25: =((N21/N16)^(1/5))-1 -> 0.058304749
A26: 10Y CAGR | B26: =((B21/B11)^(1/10))-1 -> 0.015212759 | C26: =((C21/C11)^(1/10))-1 -> 0.067481786 | D26: =((D21/D11)^(1/10))-1 -> 0.15682194 | E26: =((E21/E11)^(1/10))-1 -> 0.027236935 | F26: =((F21/F11)^(1/10))-1 -> 0.075878757 | G26: =((G21/G11)^(1/10))-1 -> 0.00046539938 | H26: =((H21/H11)^(1/10))-1 -> 0.087031116 | I26: =((I21/I11)^(1/10))-1 -> 0.067620211 | ... N26: =((N21/N11)^(1/10))-1 -> 0.056937929
A28: Source: Bank of International Settlements (BIS)
A29: Note: EU = European Union, HK = Hong Kong, DM = developed markets, EM = emerging markets. DM/EM exclude countries listed in the chart

Sheet 1-10
A1: Return to the Table of Contents
A3: Global Fixed Income Market Outstanding - Share of Total
A6: (% Total) | B6: Australia | C6: Canada | D6: China | E6: EU | F6: HK | G6: Japan | H6: Singapore | I6: Switzerland | J6: UK | K6: US | L6: DM | M6: EM
A7: ='1-09'!A7 -> 2010 | B7: ='1-09'!B7/'1-09'!$N7 -> 0.023500318 | C7: ='1-09'!C7/'1-09'!$N7 -> 0.023274841 | D7: ='1-09'!D7/'1-09'!$N7 -> 0.03822245 | E7: ='1-09'!E7/'1-09'!$N7 -> 0.26505424 | F7: ='1-09'!F7/'1-09'!$N7 -> 0.0011043094 | G7: ='1-09'!G7/'1-09'!$N7 -> 0.18210223 | H7: ='1-09'!H7/'1-09'!$N7 -> 0.0027305354 | I7: ='1-09'!I7/'1-09'!$N7 -> 0.0063807034 | ... M7: ='1-09'!M7/'1-09'!$N7 -> 0.015239397
A8: ='1-09'!A8 -> 2011 | B8: ='1-09'!B8/'1-09'!$N8 -> 0.024095256 | C8: ='1-09'!C8/'1-09'!$N8 -> 0.02356748 | D8: ='1-09'!D8/'1-09'!$N8 -> 0.042353931 | E8: ='1-09'!E8/'1-09'!$N8 -> 0.25706012 | F8: ='1-09'!F8/'1-09'!$N8 -> 0.0011042793 | G8: ='1-09'!G8/'1-09'!$N8 -> 0.18976565 | H8: ='1-09'!H8/'1-09'!$N8 -> 0.0028913977 | I8: ='1-09'!I8/'1-09'!$N8 -> 0.0050107247 | ... M8: ='1-09'!M8/'1-09'!$N8 -> 0.01480319
A9: ='1-09'!A9 -> 2012 | B9: ='1-09'!B9/'1-09'!$N9 -> 0.025384876 | C9: ='1-09'!C9/'1-09'!$N9 -> 0.025426138 | D9: ='1-09'!D9/'1-09'!$N9 -> 0.05023296 | E9: ='1-09'!E9/'1-09'!$N9 -> 0.25836618 | F9: ='1-09'!F9/'1-09'!$N9 -> 0.0011102413 | G9: ='1-09'!G9/'1-09'!$N9 -> 0.16670001 | H9: ='1-09'!H9/'1-09'!$N9 -> 0.0034487456 | I9: ='1-09'!I9/'1-09'!$N9 -> 0.0050327441 | ... M9: ='1-09'!M9/'1-09'!$N9 -> 0.016438273
A10: ='1-09'!A10 -> 2013 | B10: ='1-09'!B10/'1-09'!$N10 -> 0.023230462 | C10: ='1-09'!C10/'1-09'!$N10 -> 0.026304942 | D10: ='1-09'!D10/'1-09'!$N10 -> 0.058207731 | E10: ='1-09'!E10/'1-09'!$N10 -> 0.26592688 | F10: ='1-09'!F10/'1-09'!$N10 -> 0.0012898031 | G10: ='1-09'!G10/'1-09'!$N10 -> 0.13965665 | H10: ='1-09'!H10/'1-09'!$N10 -> 0.0038882864 | I10: ='1-09'!I10/'1-09'!$N10 -> 0.0054181879 | ... M10: ='1-09'!M10/'1-09'!$N10 -> 0.015760936
A11: ='1-09'!A11 -> 2014 | B11: ='1-09'!B11/'1-09'!$N11 -> 0.023937534 | C11: ='1-09'!C11/'1-09'!$N11 -> 0.026458667 | D11: ='1-09'!D11/'1-09'!$N11 -> 0.069985302 | E11: ='1-09'!E11/'1-09'!$N11 -> 0.2399688 | F11: ='1-09'!F11/'1-09'!$N11 -> 0.0013272815 | G11: ='1-09'!G11/'1-09'!$N11 -> 0.12652619 | H11: ='1-09'!H11/'1-09'!$N11 -> 0.0041895532 | I11: ='1-09'!I11/'1-09'!$N11 -> 0.0051435385 | ... M11: ='1-09'!M11/'1-09'!$N11 -> 0.016765946
A12: ='1-09'!A12 -> 2015 | B12: ='1-09'!B12/'1-09'!$N12 -> 0.02223945 | C12: ='1-09'!C12/'1-09'!$N12 -> 0.03272755 | D12: ='1-09'!D12/'1-09'!$N12 -> 0.091679626 | E12: ='1-09'!E12/'1-09'!$N12 -> 0.21272161 | F12: ='1-09'!F12/'1-09'!$N12 -> 0.0014409203 | G12: ='1-09'!G12/'1-09'!$N12 -> 0.12575824 | H12: ='1-09'!H12/'1-09'!$N12 -> 0.0038116943 | I12: ='1-09'!I12/'1-09'!$N12 -> 0.0051825791 | ... M12: ='1-09'!M12/'1-09'!$N12 -> 0.016718298
A13: ='1-09'!A13 -> 2016 | B13: ='1-09'!B13/'1-09'!$N13 -> 0.021340917 | C13: ='1-09'!C13/'1-09'!$N13 -> 0.033621222 | D13: ='1-09'!D13/'1-09'!$N13 -> 0.10747032 | E13: ='1-09'!E13/'1-09'!$N13 -> 0.20032952 | F13: ='1-09'!F13/'1-09'!$N13 -> 0.0015926895 | G13: ='1-09'!G13/'1-09'!$N13 -> 0.12843524 | H13: ='1-09'!H13/'1-09'!$N13 -> 0.0037285754 | I13: ='1-09'!I13/'1-09'!$N13 -> 0.0051130323 | ... M13: ='1-09'!M13/'1-09'!$N13 -> 0.017578997
A14: ='1-09'!A14 -> 2017 | B14: ='1-09'!B14/'1-09'!$N14 -> 0.021238838 | C14: ='1-09'!C14/'1-09'!$N14 -> 0.034115854 | D14: ='1-09'!D14/'1-09'!$N14 -> 0.12275776 | E14: ='1-09'!E14/'1-09'!$N14 -> 0.2081813 | F14: ='1-09'!F14/'1-09'!$N14 -> 0.0015742713 | G14: ='1-09'!G14/'1-09'!$N14 -> 0.12442216 | H14: ='1-09'!H14/'1-09'!$N14 -> 0.0043039933 | I14: ='1-09'!I14/'1-09'!$N14 -> 0.0050902284 | ... M14: ='1-09'!M14/'1-09'!$N14 -> 0.019167631
A15: ='1-09'!A15 -> 2018 | B15: ='1-09'!B15/'1-09'!$N15 -> 0.018529122 | C15: ='1-09'!C15/'1-09'!$N15 -> 0.030438376 | D15: ='1-09'!D15/'1-09'!$N15 -> 0.12468158 | E15: ='1-09'!E15/'1-09'!$N15 -> 0.18788177 | F15: ='1-09'!F15/'1-09'!$N15 -> 0.0014721921 | G15: ='1-09'!G15/'1-09'!$N15 -> 0.12038819 | H15: ='1-09'!H15/'1-09'!$N15 -> 0.0042605802 | I15: ='1-09'!I15/'1-09'!$N15 -> 0.0049936138 | ... M15: ='1-09'!M15/'1-09'!$N15 -> 0.049806298
A16: ='1-09'!A16 -> 2019 | B16: ='1-09'!B16/'1-09'!$N16 -> 0.017934761 | C16: ='1-09'!C16/'1-09'!$N16 -> 0.030850783 | D16: ='1-09'!D16/'1-09'!$N16 -> 0.13476574 | E16: ='1-09'!E16/'1-09'!$N16 -> 0.18112956 | F16: ='1-09'!F16/'1-09'!$N16 -> 0.0014169192 | G16: ='1-09'!G16/'1-09'!$N16 -> 0.11730506 | H16: ='1-09'!H16/'1-09'!$N16 -> 0.0045105184 | I16: ='1-09'!I16/'1-09'!$N16 -> 0.0052108529 | ... M16: ='1-09'!M16/'1-09'!$N16 -> 0.050344042
A17: ='1-09'!A17 -> 2020 | B17: ='1-09'!B17/'1-09'!$N17 -> 0.019556852 | C17: ='1-09'!C17/'1-09'!$N17 -> 0.030594766 | D17: ='1-09'!D17/'1-09'!$N17 -> 0.14502849 | E17: ='1-09'!E17/'1-09'!$N17 -> 0.19997366 | F17: ='1-09'!F17/'1-09'!$N17 -> 0.0012098116 | G17: ='1-09'!G17/'1-09'!$N17 -> 0.1146759 | H17: ='1-09'!H17/'1-09'!$N17 -> 0.0042421313 | I17: ='1-09'!I17/'1-09'!$N17 -> 0.0052763911 | ... M17: ='1-09'!M17/'1-09'!$N17 -> 0.043386447
A18: ='1-09'!A18 -> 2021 | B18: ='1-09'!B18/'1-09'!$N18 -> 0.018185285 | C18: ='1-09'!C18/'1-09'!$N18 -> 0.030675672 | D18: ='1-09'!D18/'1-09'!$N18 -> 0.16426203 | E18: ='1-09'!E18/'1-09'!$N18 -> 0.18789771 | F18: ='1-09'!F18/'1-09'!$N18 -> 0.0013334979 | G18: ='1-09'!G18/'1-09'!$N18 -> 0.10070475 | H18: ='1-09'!H18/'1-09'!$N18 -> 0.0046106172 | I18: ='1-09'!I18/'1-09'!$N18 -> 0.0052768635 | ... M18: ='1-09'!M18/'1-09'!$N18 -> 0.042774567
... A21: ='1-09'!A21 -> 2024 | B21: ='1-09'!B21/'1-09'!$N21 -> 0.016001299 | C21: ='1-09'!C21/'1-09'!$N21 -> 0.029219842 | D21: ='1-09'!D21/'1-09'!$N21 -> 0.17265421 | E21: ='1-09'!E21/'1-09'!$N21 -> 0.18045388 | F21: ='1-09'!F21/'1-09'!$N21 -> 0.0015852638 | G21: ='1-09'!G21/'1-09'!$N21 -> 0.073064483 | H21: ='1-09'!H21/'1-09'!$N21 -> 0.0055474403 | I21: ='1-09'!I21/'1-09'!$N21 -> 0.0056876785 | ... M21: ='1-09'!M21/'1-09'!$N21 -> 0.047984282
A23: Average | B23: =AVERAGE(B$7:B$21) -> 0.020624413 | C23: =AVERAGE(C$7:C$21) -> 0.029212263 | D23: =AVERAGE(D$7:D$21) -> 0.10976037 | E23: =AVERAGE(E$7:E$21) -> 0.21432076 | F23: =AVERAGE(F$7:F$21) -> 0.0013696527 | G23: =AVERAGE(G$7:G$21) -> 0.12540296 | H23: =AVERAGE(H$7:H$21) -> 0.0041595506 | I23: =AVERAGE(I$7:I$21) -> 0.0054206069 | ... M23: =AVERAGE(M$7:M$21) -> 0.03089291
A24: Y/Y Change | B24: =B21-B20 -> -0.0010052866 | C24: =C21-C20 -> -0.0011818302 | D24: =D21-D20 -> 0.010861732 | E24: =E21-E20 -> -0.0073054233 | F24: =F21-F20 -> 5.2401663e-05 | G24: =G21-G20 -> -0.0081127729 | H24: =H21-H20 -> 0.00023858642 | I24: =I21-I20 -> -0.0007293231 | ... M24: =M21-M20 -> -0.0018411731
A26: Source: Bank of International Settlements (BIS)
A27: Note: EU = European Union, HK = Hong Kong, DM = developed markets, EM = emerging markets. DM/EM exclude countries listed in the chart

Sheet 1-11
A1: Return to the Table of Contents
A3: Global Equity Markets Capitalization - Value
A6: ($B) | B6: Australia | C6: Canada | D6: China | E6: EU | F6: HK | G6: India | H6: Japan | I6: Singapore | J6: UK | K6: US | L6: DM | M6: EM | N6: Total | P6: (Y/Y) | Q6: =B6 -> Australia | R6: =C6 -> Canada | S6: =D6 -> China | T6: =E6 -> EU | U6: =F6 -> HK | V6: =G6 -> India | W6: =H6 -> Japan | X6: =I6 -> Singapore | ... AC6: =N6 -> Total
A7: 2010 | B7: 1454.4906 | C7: 2170.4327 | D7: 4027.8403 | E7: 7160.932 | F7: 2711.3162 | G7: 3228.4548 | H7: 4099.6056 | I7: 647.22641 | J7: 3613.064 | K7: 17283.452 | L7: 4387.419 | M7: 6047.2572 | N7: 56831.49
A8: 2011 | B8: 1198.1874 | C8: 1912.1219 | D8: 3412.1083 | E8: 5962.0032 | F8: 2258.0352 | G8: 1992.4523 | H8: 3540.7636 | I8: 598.2727 | J8: 3266.4181 | K8: 15640.707 | L8: 3798.9036 | M8: 6009.1254 | N8: 49589.099 | P8: =A8 -> 2011 | Q8: =B8/B7-1 -> -0.17621507 | R8: =C8/C7-1 -> -0.11901351 | S8: =D8/D7-1 -> -0.15286902 | T8: =E8/E7-1 -> -0.16742635 | U8: =F8/F7-1 -> -0.16718115 | V8: =G8/G7-1 -> -0.38284645 | W8: =H8/H7-1 -> -0.13631604 | X8: =I8/I7-1 -> -0.075636144 | ... AC8: =N8/N7-1 -> -0.12743624
A9: 2012 | B9: 1386.874 | C9: 2058.8387 | D9: 3697.376 | E9: 6847.0666 | F9: 2831.9459 | G9: 2497.8275 | H9: 3680.9993 | I9: 765.07796 | J9: 3396.5049 | K9: 18668.333 | L9: 4449.0732 | M9: 5869.224 | N9: 56149.141 | P9: =A9 -> 2012 | Q9: =B9/B8-1 -> 0.15747666 | R9: =C9/C8-1 -> 0.076729825 | S9: =D9/D8-1 -> 0.083604542 | T9: =E9/E8-1 -> 0.14845066 | U9: =F9/F8-1 -> 0.25416373 | V9: =G9/G8-1 -> 0.25364478 | W9: =H9/H8-1 -> 0.039606061 | X9: =I9/I8-1 -> 0.27881142 | ... AC9: =N9/N8-1 -> 0.13228799
A10: 2013 | B10: 1365.9581 | C10: 2113.8218 | D10: 3949.1435 | E10: 8611.5743 | F10: 3100.7771 | G10: 2251.7863 | H10: 4543.1691 | I10: 744.41323 | J10: 4428.9753 | K10: 24034.854 | L10: 5240.3218 | M10: 5825.4815 | N10: 66210.276 | P10: =A10 -> 2013 | Q10: =B10/B9-1 -> -0.015081277 | R10: =C10/C9-1 -> 0.026705871 | S10: =D10/D9-1 -> 0.068093547 | T10: =E10/E9-1 -> 0.25770273 | U10: =F10/F9-1 -> 0.094928118 | V10: =G10/G9-1 -> -0.098502048 | W10: =H10/H9-1 -> 0.23422168 | X10: =I10/I9-1 -> -0.027009966 | ... AC10: =N10/N9-1 -> 0.1791859
A11: 2014 | B11: 1288.7546 | C11: 2095.4207 | D11: 6004.9477 | E11: 7844.2518 | F11: 3233.0306 | G11: 3079.2248 | H11: 4377.9944 | I11: 752.83101 | J11: 4012.8823 | K11: 26330.589 | L11: 5292.9346 | M11: 5336.4312 | N11: 69649.293 | P11: =A11 -> 2014 | Q11: =B11/B10-1 -> -0.056519675 | R11: =C11/C10-1 -> -0.0087051284 | S11: =D11/D10-1 -> 0.52056963 | T11: =E11/E10-1 -> -0.089103626 | U11: =F11/F10-1 -> 0.042651707 | V11: =G11/G10-1 -> 0.36745869 | W11: =H11/H10-1 -> -0.036356729 | X11: =I11/I10-1 -> 0.01130794 | ... AC11: =N11/N10-1 -> 0.051940835
A12: 2015 | B12: 1187.2031 | C12: 1593.4561 | D12: 8188.0193 | E12: 7580.0194 | F12: 3184.8742 | G12: 3001.3053 | H12: 4894.9191 | I12: 639.9559 | J12: 3878.7742 | K12: 25067.54 | L12: 5107.2407 | M12: 4251.649 | N12: 68574.956 | P12: =A12 -> 2015 | Q12: =B12/B11-1 -> -0.078798212 | R12: =C12/C11-1 -> -0.23955312 | S12: =D12/D11-1 -> 0.36354549 | T12: =E12/E11-1 -> -0.03368484 | U12: =F12/F11-1 -> -0.014895117 | V12: =G12/G11-1 -> -0.025304895 | W12: =H12/H11-1 -> 0.11807342 | X12: =I12/I11-1 -> -0.14993419 | ... AC12: =N12/N11-1 -> -0.015424947
A13: 2016 | B13: 1316.9308 | C13: 2041.5338 | D13: 7320.7384 | E13: 7669.5916 | F13: 3193.2355 | G13: 3095.5379 | H13: 5061.5372 | I13: 649.45588 | J13: 3467.434 | K13: 27352.201 | L13: 5274.6509 | M13: 5107.0681 | N13: 71549.915 | P13: =A13 -> 2016 | Q13: =B13/B12-1 -> 0.10927173 | R13: =C13/C12-1 -> 0.28119864 | S13: =D13/D12-1 -> -0.10592072 | T13: =E13/E12-1 -> 0.01181688 | U13: =F13/F12-1 -> 0.0026253219 | V13: =G13/G12-1 -> 0.031397189 | W13: =H13/H12-1 -> 0.034038983 | X13: =I13/I12-1 -> 0.014844742 | ... AC13: =N13/N12-1 -> 0.043382583
A14: 2017 | B14: 1508.5652 | C14: 2367.0599 | D14: 8711.2672 | E14: 9787.6414 | F14: 4350.5146 | G14: 4683.0291 | H14: 6222.8252 | I14: 787.25533 | J14: 4455.4081 | K14: 32120.703 | L14: 6436.2554 | M14: 6236.7158 | N14: 87667.24 | P14: =A14 -> 2017 | Q14: =B14/B13-1 -> 0.14551594 | R14: =C14/C13-1 -> 0.15945174 | S14: =D14/D13-1 -> 0.1899438 | T14: =E14/E13-1 -> 0.27616201 | U14: =F14/F13-1 -> 0.36241582 | V14: =G14/G13-1 -> 0.51283212 | W14: =H14/H13-1 -> 0.22943386 | X14: =I14/I13-1 -> 0.21217677 | ... AC14: =N14/N13-1 -> 0.22525988
A15: 2018 | B15: 1262.8003 | C15: 1937.9027 | D15: 6324.8798 | E15: 8136.0409 | F15: 3819.2154 | G15: 4139.8201 | H15: 5296.8111 | I15: 687.25716 | J15: 3637.996 | K15: 30436.313 | L15: 5661.4323 | M15: 5481.097 | N15: 76821.566 | P15: =A15 -> 2018 | Q15: =B15/B14-1 -> -0.16291304 | R15: =C15/C14-1 -> -0.18130391 | S15: =D15/D14-1 -> -0.27394263 | T15: =E15/E14-1 -> -0.16874347 | U15: =F15/F14-1 -> -0.1221233 | V15: =G15/G14-1 -> -0.11599523 | W15: =H15/H14-1 -> -0.14880928 | X15: =I15/I14-1 -> -0.12702127 | ... AC15: =N15/N14-1 -> -0.12371411
A16: 2019 | B16: 1487.5985 | C16: 2409.0985 | D16: 8569.5122 | E16: 9733.6389 | F16: 4899.2346 | G16: 2162.7029 | H16: 6191.0733 | I16: 697.27133 | J16: 4182.8734 | K16: 34085.727 | L16: 8505.54 | M16: 6657.1024 | N16: 89581.373 | P16: =A16 -> 2019 | Q16: =B16/B15-1 -> 0.17801567 | R16: =C16/C15-1 -> 0.24314731 | S16: =D16/D15-1 -> 0.35488934 | T16: =E16/E15-1 -> 0.19636062 | U16: =F16/F15-1 -> 0.28278562 | V16: =G16/G15-1 -> -0.47758529 | W16: =H16/H15-1 -> 0.1688303 | X16: =I16/I15-1 -> 0.014571212 | ... AC16: =N16/N15-1 -> 0.16609669
A17: 2020 | B17: 1720.5562 | C17: 2641.455 | D17: 12276.766 | E17: 11148.077 | F17: 6130.4204 | G17: 2552.4638 | H17: 6718.2195 | I17: 652.61466 | J17: 4045.5971 | K17: 41569.862 | L17: 9571.4745 | M17: 7542.2976 | N17: 106569.8 | P17: =A17 -> 2020 | Q17: =B17/B16-1 -> 0.15659984 | R17: =C17/C16-1 -> 0.096449562 | S17: =D17/D16-1 -> 0.4326097 | T17: =E17/E16-1 -> 0.14531447 | U17: =F17/F16-1 -> 0.25130167 | V17: =G17/G16-1 -> 0.18021933 | W17: =H17/H16-1 -> 0.085146183 | X17: =I17/I16-1 -> -0.064044896 | ... AC17: =N17/N16-1 -> 0.18964245
A18: 2021 | B18: 1887.4008 | C18: 3302.8168 | D18: 14437.446 | E18: 13811.02 | F18: 5434.1771 | G18: 3548.0185 | H18: 6544.3035 | I18: 663.38848 | J18: 3799.4592 | K18: 48548.538 | L18: 10964.99 | M18: 7860.0954 | N18: 120801.65 | P18: =A18 -> 2021 | Q18: =B18/B17-1 -> 0.096971324 | R18: =C18/C17-1 -> 0.25037783 | S18: =D18/D17-1 -> 0.17599748 | T18: =E18/E17-1 -> 0.23887007 | U18: =F18/F17-1 -> -0.11357187 | V18: =G18/G17-1 -> 0.39003675 | W18: =H18/H17-1 -> -0.025887225 | X18: =I18/I17-1 -> 0.016508701 | ... AC18: =N18/N17-1 -> 0.13354486
A19: 2022 | B19: 1679.1719 | C19: 2760.8714 | D19: 11469.346 | E19: 10992.759 | F19: 4566.8091 | G19: 3387.3667 | H19: 5380.4755 | I19: 619.36168 | J19: 3095.9834 | K19: 40297.98 | L19: 9630.5467 | M19: 7634.6146 | N19: 101515.29 | P19: =A19 -> 2022 | Q19: =B19/B18-1 -> -0.11032572 | R19: =C19/C18-1 -> -0.16408584 | S19: =D19/D18-1 -> -0.20558345 | T19: =E19/E18-1 -> -0.2040588 | U19: =F19/F18-1 -> -0.15961351 | V19: =G19/G18-1 -> -0.045279302 | W19: =H19/H18-1 -> -0.17783833 | X19: =I19/I18-1 -> -0.066366543 | ... AC19: =N19/N18-1 -> -0.15965317
A20: 2023 | B20: 1788.726 | C20: 3099.135 | D20: 10935.846 | E20: 12621.92 | F20: 3974.7835 | G20: 4340.1308 | H20: 6149.2002 | I20: 608.30629 | J20: 4499.7613 | K20: 48979.398 | L20: 11053.135 | M20: 8464.7616 | N20: 116515.1 | P20: =A20 -> 2023 | Q20: =B20/B19-1 -> 0.06524289 | R20: =C20/C19-1 -> 0.12252062 | S20: =D20/D19-1 -> -0.046515337 | T20: =E20/E19-1 -> 0.14820305 | U20: =F20/F19-1 -> -0.12963659 | V20: =G20/G19-1 -> 0.28126985 | W20: =H20/H19-1 -> 0.14287301 | X20: =I20/I19-1 -> -0.017849651 | ... AC20: =N20/N19-1 -> 0.14775918
A21: 2024 | B21: 1737.1063 | C21: 3374.4772 | D21: 11755.758 | E21: 11055.718 | F21: 4549.7208 | G21: 5131.3974 | H21: 6310.6814 | I21: 637.63027 | J21: 4399.4231 | K21: 62185.685 | L21: 10811.295 | M21: 4744.0967 | N21: 126692.99 | P21: =A21 -> 2024 | Q21: =B21/B20-1 -> -0.028858333 | R21: =C21/C20-1 -> 0.088844838 | S21: =D21/D20-1 -> 0.074974756 | T21: =E21/E20-1 -> -0.12408588 | U21: =F21/F20-1 -> 0.14464619 | V21: =G21/G20-1 -> 0.18231401 | W21: =H21/H20-1 -> 0.026260529 | X21: =I21/I20-1 -> 0.048205946 | ... AC21: =N21/N20-1 -> 0.087352508
A23: Average | B23: =AVERAGE(B$7:B$21) -> 1484.6882 | C23: =AVERAGE(C$7:C$21) -> 2391.8962 | D23: =AVERAGE(D$7:D$21) -> 8072.0663 | E23: =AVERAGE(E$7:E$21) -> 9264.1503 | F23: =AVERAGE(F$7:F$21) -> 3882.5393 | G23: =AVERAGE(G$7:G$21) -> 3272.7679 | H23: =AVERAGE(H$7:H$21) -> 5267.5052 | I23: =AVERAGE(I$7:I$21) -> 676.68789 | ... N23: =AVERAGE(N$7:N$21) -> 84314.612
A24: Y/Y Change | B24: =B21/B20-1 -> -0.028858333 | C24: =C21/C20-1 -> 0.088844838 | D24: =D21/D20-1 -> 0.074974756 | E24: =E21/E20-1 -> -0.12408588 | F24: =F21/F20-1 -> 0.14464619 | G24: =G21/G20-1 -> 0.18231401 | H24: =H21/H20-1 -> 0.026260529 | I24: =I21/I20-1 -> 0.048205946 | ... N24: =N21/N20-1 -> 0.087352508
A25: 5Y CAGR | B25: =((B21/B16)^(1/5))-1 -> 0.03149739 | C25: =((C21/C16)^(1/5))-1 -> 0.069720666 | D25: =((D21/D16)^(1/5))-1 -> 0.065268064 | E25: =((E21/E16)^(1/5))-1 -> 0.02579917 | F25: =((F21/F16)^(1/5))-1 -> -0.014693605 | G25: =((G21/G16)^(1/5))-1 -> 0.18863293 | H25: =((H21/H16)^(1/5))-1 -> 0.0038343725 | I25: =((I21/I16)^(1/5))-1 -> -0.017724248 | ... N25: =((N21/N16)^(1/5))-1 -> 0.071783269
A26: 10Y CAGR | B26: =((B21/B11)^(1/10))-1 -> 0.030304546 | C26: =((C21/C11)^(1/10))-1 -> 0.048802048 | D26: =((D21/D11)^(1/10))-1 -> 0.069483628 | E26: =((E21/E11)^(1/10))-1 -> 0.034912285 | F26: =((F21/F11)^(1/10))-1 -> 0.034754903 | G26: =((G21/G11)^(1/10))-1 -> 0.052396574 | H26: =((H21/H11)^(1/10))-1 -> 0.037242028 | I26: =((I21/I11)^(1/10))-1 -> -0.016471062 | ... N26: =((N21/N11)^(1/10))-1 -> 0.061655434
A28: Source: World Federation of Exchanges (WFE)
A29: Note: Market capitalization of listed domestic companies. EU = European Union, HK = Hong Kong, DM = developed markets, EM = emerging markets, DM/EM exclude countries listed in the table

Sheet 1-12
A1: Return to the Table of Contents
A3: Global Equity Markets Capitalization - Share of Total
A6: (% Total) | B6: ='1-11'!B6 -> Australia | C6: ='1-11'!C6 -> Canada | D6: ='1-11'!D6 -> China | E6: ='1-11'!E6 -> EU | F6: ='1-11'!F6 -> HK | G6: ='1-11'!G6 -> India | H6: ='1-11'!H6 -> Japan | I6: ='1-11'!I6 -> Singapore | ... M6: ='1-11'!M6 -> EM
A7: ='1-11'!A7 -> 2010 | B7: ='1-11'!B7/'1-11'!$N7 -> 0.025593039 | C7: ='1-11'!C7/'1-11'!$N7 -> 0.038190671 | D7: ='1-11'!D7/'1-11'!$N7 -> 0.070873388 | E7: ='1-11'!E7/'1-11'!$N7 -> 0.12600289 | F7: ='1-11'!F7/'1-11'!$N7 -> 0.04770799 | G7: ='1-11'!G7/'1-11'!$N7 -> 0.056807498 | H7: ='1-11'!H7/'1-11'!$N7 -> 0.072136162 | I7: ='1-11'!I7/'1-11'!$N7 -> 0.011388517 | ... M7: ='1-11'!M7/'1-11'!$N7 -> 0.1064068
A8: ='1-11'!A8 -> 2011 | B8: ='1-11'!B8/'1-11'!$N8 -> 0.024162315 | C8: ='1-11'!C8/'1-11'!$N8 -> 0.03855932 | D8: ='1-11'!D8/'1-11'!$N8 -> 0.068807628 | E8: ='1-11'!E8/'1-11'!$N8 -> 0.1202281 | F8: ='1-11'!F8/'1-11'!$N8 -> 0.045534911 | G8: ='1-11'!G8/'1-11'!$N8 -> 0.04017924 | H8: ='1-11'!H8/'1-11'!$N8 -> 0.071402055 | I8: ='1-11'!I8/'1-11'!$N8 -> 0.012064601 | ... M8: ='1-11'!M8/'1-11'!$N8 -> 0.12117835
A9: ='1-11'!A9 -> 2012 | B9: ='1-11'!B9/'1-11'!$N9 -> 0.024699825 | C9: ='1-11'!C9/'1-11'!$N9 -> 0.036667323 | D9: ='1-11'!D9/'1-11'!$N9 -> 0.0658492 | E9: ='1-11'!E9/'1-11'!$N9 -> 0.12194428 | F9: ='1-11'!F9/'1-11'!$N9 -> 0.050436138 | G9: ='1-11'!G9/'1-11'!$N9 -> 0.044485586 | H9: ='1-11'!H9/'1-11'!$N9 -> 0.065557535 | I9: ='1-11'!I9/'1-11'!$N9 -> 0.013625818 | ... M9: ='1-11'!M9/'1-11'!$N9 -> 0.10452919
A10: ='1-11'!A10 -> 2013 | B10: ='1-11'!B10/'1-11'!$N10 -> 0.020630606 | C10: ='1-11'!C10/'1-11'!$N10 -> 0.031925887 | D10: ='1-11'!D10/'1-11'!$N10 -> 0.059645477 | E10: ='1-11'!E10/'1-11'!$N10 -> 0.13006402 | F10: ='1-11'!F10/'1-11'!$N10 -> 0.046832265 | G10: ='1-11'!G10/'1-11'!$N10 -> 0.03400962 | H10: ='1-11'!H10/'1-11'!$N10 -> 0.068617282 | I10: ='1-11'!I10/'1-11'!$N10 -> 0.011243168 | ... M10: ='1-11'!M10/'1-11'!$N10 -> 0.087984553
A11: ='1-11'!A11 -> 2014 | B11: ='1-11'!B11/'1-11'!$N11 -> 0.018503485 | C11: ='1-11'!C11/'1-11'!$N11 -> 0.030085312 | D11: ='1-11'!D11/'1-11'!$N11 -> 0.086216922 | E11: ='1-11'!E11/'1-11'!$N11 -> 0.112625 | F11: ='1-11'!F11/'1-11'!$N11 -> 0.046418714 | G11: ='1-11'!G11/'1-11'!$N11 -> 0.044210424 | H11: ='1-11'!H11/'1-11'!$N11 -> 0.0628577 | I11: ='1-11'!I11/'1-11'!$N11 -> 0.010808882 | ... M11: ='1-11'!M11/'1-11'!$N11 -> 0.076618598
A12: ='1-11'!A12 -> 2015 | B12: ='1-11'!B12/'1-11'!$N12 -> 0.017312487 | C12: ='1-11'!C12/'1-11'!$N12 -> 0.023236706 | D12: ='1-11'!D12/'1-11'!$N12 -> 0.11940247 | E12: ='1-11'!E12/'1-11'!$N12 -> 0.11053626 | F12: ='1-11'!F12/'1-11'!$N12 -> 0.046443693 | G12: ='1-11'!G12/'1-11'!$N12 -> 0.043766785 | H12: ='1-11'!H12/'1-11'!$N12 -> 0.071380565 | I12: ='1-11'!I12/'1-11'!$N12 -> 0.0093322101 | ... M12: ='1-11'!M12/'1-11'!$N12 -> 0.062000025
A13: ='1-11'!A13 -> 2016 | B13: ='1-11'!B13/'1-11'!$N13 -> 0.018405763 | C13: ='1-11'!C13/'1-11'!$N13 -> 0.028533001 | D13: ='1-11'!D13/'1-11'!$N13 -> 0.10231652 | E13: ='1-11'!E13/'1-11'!$N13 -> 0.10719218 | F13: ='1-11'!F13/'1-11'!$N13 -> 0.044629481 | G13: ='1-11'!G13/'1-11'!$N13 -> 0.043264033 | H13: ='1-11'!H13/'1-11'!$N13 -> 0.070741345 | I13: ='1-11'!I13/'1-11'!$N13 -> 0.0090769623 | ... M13: ='1-11'!M13/'1-11'!$N13 -> 0.071377696
A14: ='1-11'!A14 -> 2017 | B14: ='1-11'!B14/'1-11'!$N14 -> 0.017207856 | C14: ='1-11'!C14/'1-11'!$N14 -> 0.027000507 | D14: ='1-11'!D14/'1-11'!$N14 -> 0.099367417 | E14: ='1-11'!E14/'1-11'!$N14 -> 0.11164537 | F14: ='1-11'!F14/'1-11'!$N14 -> 0.049625317 | G14: ='1-11'!G14/'1-11'!$N14 -> 0.053418234 | H14: ='1-11'!H14/'1-11'!$N14 -> 0.070982333 | I14: ='1-11'!I14/'1-11'!$N14 -> 0.0089800401 | ... M14: ='1-11'!M14/'1-11'!$N14 -> 0.07114078
A15: ='1-11'!A15 -> 2018 | B15: ='1-11'!B15/'1-11'!$N15 -> 0.016438096 | C15: ='1-11'!C15/'1-11'!$N15 -> 0.025226025 | D15: ='1-11'!D15/'1-11'!$N15 -> 0.082332086 | E15: ='1-11'!E15/'1-11'!$N15 -> 0.10590829 | F15: ='1-11'!F15/'1-11'!$N15 -> 0.049715407 | G15: ='1-11'!G15/'1-11'!$N15 -> 0.053888775 | H15: ='1-11'!H15/'1-11'!$N15 -> 0.068949533 | I15: ='1-11'!I15/'1-11'!$N15 -> 0.0089461488 | ... M15: ='1-11'!M15/'1-11'!$N15 -> 0.071348416
A16: ='1-11'!A16 -> 2019 | B16: ='1-11'!B16/'1-11'!$N16 -> 0.016606114 | C16: ='1-11'!C16/'1-11'!$N16 -> 0.026892851 | D16: ='1-11'!D16/'1-11'!$N16 -> 0.095661763 | E16: ='1-11'!E16/'1-11'!$N16 -> 0.10865695 | F16: ='1-11'!F16/'1-11'!$N16 -> 0.054690327 | G16: ='1-11'!G16/'1-11'!$N16 -> 0.024142328 | H16: ='1-11'!H16/'1-11'!$N16 -> 0.069111167 | I16: ='1-11'!I16/'1-11'!$N16 -> 0.0077836642 | ... M16: ='1-11'!M16/'1-11'!$N16 -> 0.074313466
A17: ='1-11'!A17 -> 2020 | B17: ='1-11'!B17/'1-11'!$N17 -> 0.016144875 | C17: ='1-11'!C17/'1-11'!$N17 -> 0.024786149 | D17: ='1-11'!D17/'1-11'!$N17 -> 0.11519929 | E17: ='1-11'!E17/'1-11'!$N17 -> 0.10460822 | F17: ='1-11'!F17/'1-11'!$N17 -> 0.057524929 | G17: ='1-11'!G17/'1-11'!$N17 -> 0.023951098 | H17: ='1-11'!H17/'1-11'!$N17 -> 0.063040554 | I17: ='1-11'!I17/'1-11'!$N17 -> 0.0061238234 | ... M17: ='1-11'!M17/'1-11'!$N17 -> 0.070773308
A18: ='1-11'!A18 -> 2021 | B18: ='1-11'!B18/'1-11'!$N18 -> 0.015623965 | C18: ='1-11'!C18/'1-11'!$N18 -> 0.027340825 | D18: ='1-11'!D18/'1-11'!$N18 -> 0.11951365 | E18: ='1-11'!E18/'1-11'!$N18 -> 0.11432807 | F18: ='1-11'!F18/'1-11'!$N18 -> 0.044984294 | G18: ='1-11'!G18/'1-11'!$N18 -> 0.029370612 | H18: ='1-11'!H18/'1-11'!$N18 -> 0.054173956 | I18: ='1-11'!I18/'1-11'!$N18 -> 0.0054915513 | ... M18: ='1-11'!M18/'1-11'!$N18 -> 0.065066124
... A21: ='1-11'!A21 -> 2024 | B21: ='1-11'!B21/'1-11'!$N21 -> 0.013711148 | C21: ='1-11'!C21/'1-11'!$N21 -> 0.026635074 | D21: ='1-11'!D21/'1-11'!$N21 -> 0.092789333 | E21: ='1-11'!E21/'1-11'!$N21 -> 0.087263849 | F21: ='1-11'!F21/'1-11'!$N21 -> 0.035911385 | G21: ='1-11'!G21/'1-11'!$N21 -> 0.040502616 | H21: ='1-11'!H21/'1-11'!$N21 -> 0.049810818 | I21: ='1-11'!I21/'1-11'!$N21 -> 0.0050328773 | ... M21: ='1-11'!M21/'1-11'!$N21 -> 0.037445613
A23: Average | B23: =AVERAGE(B$7:B$21) -> 0.018462169 | C23: =AVERAGE(C$7:C$21) -> 0.029258322 | D23: =AVERAGE(D$7:D$21) -> 0.092320958 | E23: =AVERAGE(E$7:E$21) -> 0.11184126 | F23: =AVERAGE(F$7:F$21) -> 0.046637011 | G23: =AVERAGE(G$7:G$21) -> 0.040174294 | H23: =AVERAGE(H$7:H$21) -> 0.064302575 | I23: =AVERAGE(I$7:I$21) -> 0.0087480178 | ... M23: =AVERAGE(M$7:M$21) -> 0.077869264
A24: Y/Y Change | B24: =B21-B20 -> -0.0016407328 | C24: =C21-C20 -> 3.6505046e-05 | D24: =D21-D20 -> -0.0010684189 | E24: =E21-E20 -> -0.021064768 | F24: =F21-F20 -> 0.0017974946 | G24: =G21-G20 -> 0.003253103 | H24: =H21-H20 -> -0.0029651744 | I24: =I21-I20 -> -0.0001879591 | ... M24: =M21-M20 -> -0.035203867
A26: Source: World Federation of Exchanges (WFE)
A27: Note: Market capitalization of listed domestic companies. EU = European Union, HK = Hong Kong, DM = developed markets, EM = emerging markets, DM/EM exclude countries listed in the table

Sheet 1-13
A1: Return to the Table of Contents
A3: Global Derivatives Market Outstanding - Value
A6: ($B) | B6: Exchange Traded | C6: Over-the-Counter | D6: Total | F6: (Y/Y) | G6: =B6 -> Exchange Traded | H6: =C6 -> Over-the-Counter | I6: =D6 -> Total
A7: 2010 | B7: 62309.862 | C7: 601042.83 | D7: 663352.69
A8: 2011 | B8: 53692.893 | C8: 634260.22 | D8: 687953.11 | F8: =A8 -> 2011 | G8: =B8/B7-1 -> -0.13829222 | H8: =C8/C7-1 -> 0.055266253 | I8: =D8/D7-1 -> 0.037084973
A9: 2012 | B9: 49033.173 | C9: 622387.77 | D9: 671420.94 | F9: =A9 -> 2012 | G9: =B9/B8-1 -> -0.08678467 | H9: =C9/C8-1 -> -0.018718569 | I9: =D9/D8-1 -> -0.024030946
A10: 2013 | B10: 57459.403 | C10: 710092.33 | D10: 767551.73 | F10: =A10 -> 2013 | G10: =B10/B9-1 -> 0.17184754 | H10: =C10/C9-1 -> 0.14091625 | I10: =D10/D9-1 -> 0.14317513
A11: 2014 | B11: 57594.217 | C11: 627786.02 | D11: 685380.24 | F11: =A11 -> 2014 | G11: =B11/B10-1 -> 0.0023462478 | H11: =C11/C10-1 -> -0.1159093 | I11: =D11/D10-1 -> -0.10705661
A12: 2015 | B12: 63485.847 | C12: 492536.17 | D12: 556022.02 | F12: =A12 -> 2015 | G12: =B12/B11-1 -> 0.10229551 | H12: =C12/C11-1 -> -0.21543941 | I12: =D12/D11-1 -> -0.18873935
A13: 2016 | B13: 67244.869 | C13: 482421.06 | D13: 549665.92 | F13: =A13 -> 2016 | G13: =B13/B12-1 -> 0.059210394 | H13: =C13/C12-1 -> -0.020536803 | I13: =D13/D12-1 -> -0.011431375
A14: 2017 | B14: 80984.073 | C14: 531911.06 | D14: 612895.13 | F14: =A14 -> 2017 | G14: =B14/B13-1 -> 0.20431602 | H14: =C14/C13-1 -> 0.10258674 | I14: =D14/D13-1 -> 0.11503207
A15: 2018 | B15: 94849.688 | C15: 544383.32 | D15: 639233.01 | F15: =A15 -> 2018 | G15: =B15/B14-1 -> 0.1712141 | H15: =C15/C14-1 -> 0.023448023 | I15: =D15/D14-1 -> 0.042972894
A16: 2019 | B16: 95812.809 | C16: 558512.72 | D16: 654325.53 | F16: =A16 -> 2019 | G16: =B16/B15-1 -> 0.010154182 | H16: =C16/C15-1 -> 0.025954865 | I16: =D16/D15-1 -> 0.023610353
A17: 2020 | B17: 65949.725 | C17: 582055.35 | D17: 648005.07 | F17: =A17 -> 2020 | G17: =B17/B16-1 -> -0.31168154 | H17: =C17/C16-1 -> 0.04215236 | I17: =D17/D16-1 -> -0.0096594963
A18: 2021 | B18: 80091.782 | C18: 598415.95 | D18: 678507.73 | F18: =A18 -> 2021 | G18: =B18/B17-1 -> 0.21443694 | H18: =C18/C17-1 -> 0.028108331 | I18: =D18/D17-1 -> 0.04707164
A19: 2022 | B19: 80641.649 | C19: 617991.29 | D19: 698632.94 | F19: =A19 -> 2022 | G19: =B19/B18-1 -> 0.0068654609 | H19: =C19/C18-1 -> 0.032711926 | I19: =D19/D18-1 -> 0.029660982
... A21: 2024 | B21: 88347.276 | C21: 699476.34 | D21: 787823.61 | F21: =A21 -> 2024 | G21: =B21/B20-1 -> 0.013399202 | H21: =C21/C20-1 -> 0.048598455 | I21: =D21/D20-1 -> 0.044529921
A23: Average | B23: =AVERAGE(B$7:B$21) -> 72311.761 | C23: =AVERAGE(C$7:C$21) -> 598022.05 | D23: =AVERAGE(D$7:D$21) -> 670333.81
A24: Y/Y Change | B24: =B21/B20-1 -> 0.013399202 | C24: =C21/C20-1 -> 0.048598455 | D24: =D21/D20-1 -> 0.044529921
A25: 5Y CAGR | B25: =((B21/B16)^(1/5))-1 -> -0.0160933 | C25: =((C21/C16)^(1/5))-1 -> 0.046039277 | D25: =((D21/D16)^(1/5))-1 -> 0.037831925
A26: 10Y CAGR | B26: =((B21/B11)^(1/10))-1 -> 0.043713807 | C26: =((C21/C11)^(1/10))-1 -> 0.010871933 | D26: =((D21/D11)^(1/10))-1 -> 0.01402752
A28: Source: Bank for International Settlements (BIS)
A29: Note: Notional principal value. Includes interest rates, foreign exchange, equity linked, commodities, credit, and credit default swaps

Sheet 1-14
A1: Return to the Table of Contents
A3: Global Investment Banking Net Revenues by Product - Charts

Sheet 1-17
A1: Return to the Table of Contents
A3: US Holdings of Foreign Securities
A6: ($B) | B6: Stocks | C6: Bonds | D6: Total | F6: (Y/Y) | G6: Stocks | H6: Bonds | I6: Total
A7: 2010 | B7: 4900.246 | C7: 1928.141 | D7: =SUM(B7:C7) -> 6828.387
A8: 2011 | B8: 4501.438 | C8: 2132.511 | D8: =SUM(B8:C8) -> 6633.949 | F8: =A8 -> 2011 | G8: =B8/B7-1 -> -0.081385302 | H8: =C8/C7-1 -> 0.10599329 | I8: =D8/D7-1 -> -0.028474953
A9: 2012 | B9: 5321.857 | C9: 2358.084 | D9: =SUM(B9:C9) -> 7679.941 | F9: =A9 -> 2012 | G9: =B9/B8-1 -> 0.18225709 | H9: =C9/C8-1 -> 0.10577812 | I9: =D9/D8-1 -> 0.1576726
A10: 2013 | B10: 6472.877 | C10: 2388.205 | D10: =SUM(B10:C10) -> 8861.082 | F10: =A10 -> 2013 | G10: =B10/B9-1 -> 0.21628165 | H10: =C10/C9-1 -> 0.012773506 | I10: =D10/D9-1 -> 0.15379558
A11: 2014 | B11: 6770.629 | C11: 2609.728 | D11: =SUM(B11:C11) -> 9380.357 | F11: =A11 -> 2014 | G11: =B11/B10-1 -> 0.045999947 | H11: =C11/C10-1 -> 0.092757113 | I11: =D11/D10-1 -> 0.05860176
A12: 2015 | B12: 6756.163 | C12: 2448.738 | D12: =SUM(B12:C12) -> 9204.901 | F12: =A12 -> 2015 | G12: =B12/B11-1 -> -0.0021365814 | H12: =C12/C11-1 -> -0.061688421 | I12: =D12/D11-1 -> -0.018704619
A13: 2016 | B13: 7146.32 | C13: 2525.484 | D13: =SUM(B13:C13) -> 9671.804 | F13: =A13 -> 2016 | G13: =B13/B12-1 -> 0.057748311 | H13: =C13/C12-1 -> 0.031341042 | I13: =D13/D12-1 -> 0.050723305
A14: 2017 | B14: 9118.138 | C14: 2967.206 | D14: =SUM(B14:C14) -> 12085.344 | F14: =A14 -> 2017 | G14: =B14/B13-1 -> 0.27592075 | H14: =C14/C13-1 -> 0.17490588 | I14: =D14/D13-1 -> 0.24954393
A15: 2018 | B15: 7899.563 | C15: 2999.023 | D15: =SUM(B15:C15) -> 10898.586 | F15: =A15 -> 2018 | G15: =B15/B14-1 -> -0.13364297 | H15: =C15/C14-1 -> 0.010722882 | I15: =D15/D14-1 -> -0.098198115
A16: 2019 | B16: 9478.014 | C16: 3279.046 | D16: =SUM(B16:C16) -> 12757.06 | F16: =A16 -> 2019 | G16: =B16/B15-1 -> 0.19981498 | H16: =C16/C15-1 -> 0.093371408 | I16: =D16/D15-1 -> 0.17052432
A17: 2020 | B17: 10615.016 | C17: 3550.576 | D17: =SUM(B17:C17) -> 14165.592 | F17: =A17 -> 2020 | G17: =B17/B16-1 -> 0.11996205 | H17: =C17/C16-1 -> 0.082807621 | I17: =D17/D16-1 -> 0.11041196
A18: 2021 | B18: 12061.294 | C18: 3809.041 | D18: =SUM(B18:C18) -> 15870.335 | F18: =A18 -> 2021 | G18: =B18/B17-1 -> 0.13624831 | H18: =C18/C17-1 -> 0.072795231 | I18: =D18/D17-1 -> 0.12034393
A19: 2022 | B19: 10279.726 | C19: 3396.244 | D19: =SUM(B19:C19) -> 13675.97 | F19: =A19 -> 2022 | G19: =B19/B18-1 -> -0.14770952 | H19: =C19/C18-1 -> -0.10837295 | I19: =D19/D18-1 -> -0.13826835
... A21: 2024 | B21: 12109.284 | C21: 3432.322 | D21: =SUM(B21:C21) -> 15541.606 | F21: =A21 -> 2024 | G21: =B21/B20-1 -> 0.054577848 | H21: =C21/C20-1 -> -0.017165349 | I21: =D21/D20-1 -> 0.037846705
A23: Average | B23: =AVERAGE(B$7:B$21) -> 8327.5436 | C23: =AVERAGE(C$7:C$21) -> 2887.7745 | D23: =AVERAGE(D$7:D$21) -> 11215.318
A24: Y/Y Change | B24: =B21/B20-1 -> 0.054577848 | C24: =C21/C20-1 -> -0.017165349 | D24: =D21/D20-1 -> 0.037846705
A25: 5Y CAGR | B25: =((B21/B16)^(1/5))-1 -> 0.050219853 | C25: =((C21/C16)^(1/5))-1 -> 0.0091787636 | D25: =((D21/D16)^(1/5))-1 -> 0.04027715
A26: 10Y CAGR | B26: =((B21/B11)^(1/10))-1 -> 0.059861081 | C26: =((C21/C11)^(1/10))-1 -> 0.027777907 | D26: =((D21/D11)^(1/10))-1 -> 0.051786647
A28: Source: The Federal Reserve - Financial Accounts of the United States
A29: Note: Holding of foreign corporate equities, investment shares, and bonds by U.S. residents; includes American Depository Receipts (ADR)

Sheet 1-18
A1: Return to the Table of Contents
A3: US Gross Activity in Foreign Securities
A6: ($B) | B6: Stocks | C6: Bonds | D6: Total | F6: (Y/Y) | G6: Stocks | H6: Bonds | I6: Total
A7: 2010 | B7: 7404.148 | C7: 7320.287 | D7: =SUM(B7:C7) -> 14724.435
A8: 2011 | B8: 8000.485 | C8: 7054.871 | D8: =SUM(B8:C8) -> 15055.356 | F8: =A8 -> 2011 | G8: =B8/B7-1 -> 0.080540935 | H8: =C8/C7-1 -> -0.036257595 | I8: =D8/D7-1 -> 0.022474275
A9: 2012 | B9: 6909.499 | C9: 7824.298 | D9: =SUM(B9:C9) -> 14733.797 | F9: =A9 -> 2012 | G9: =B9/B8-1 -> -0.13636498 | H9: =C9/C8-1 -> 0.10906323 | I9: =D9/D8-1 -> -0.021358445
A10: 2013 | B10: 7850.709 | C10: 8609.584 | D10: =SUM(B10:C10) -> 16460.293 | F10: =A10 -> 2013 | G10: =B10/B9-1 -> 0.13621972 | H10: =C10/C9-1 -> 0.10036504 | I10: =D10/D9-1 -> 0.1171793
A11: 2014 | B11: 8892.151 | C11: 9287.271 | D11: =SUM(B11:C11) -> 18179.422 | F11: =A11 -> 2014 | G11: =B11/B10-1 -> 0.13265579 | H11: =C11/C10-1 -> 0.078713095 | I11: =D11/D10-1 -> 0.10444097
A12: 2015 | B12: 9694.674 | C12: 11501 | D12: =SUM(B12:C12) -> 21195.674 | F12: =A12 -> 2015 | G12: =B12/B11-1 -> 0.090250717 | H12: =C12/C11-1 -> 0.23836162 | I12: =D12/D11-1 -> 0.16591573
A13: 2016 | B13: 8805.466 | C13: 11104.53 | D13: =SUM(B13:C13) -> 19909.996 | F13: =A13 -> 2016 | G13: =B13/B12-1 -> -0.091721289 | H13: =C13/C12-1 -> -0.034472655 | I13: =D13/D12-1 -> -0.060657566
A14: 2017 | B14: 9798.194 | C14: 17387.154 | D14: =SUM(B14:C14) -> 27185.348 | F14: =A14 -> 2017 | G14: =B14/B13-1 -> 0.11273997 | H14: =C14/C13-1 -> 0.56577127 | I14: =D14/D13-1 -> 0.36541203
A15: 2018 | B15: 11907.802 | C15: 21865.672 | D15: =SUM(B15:C15) -> 33773.474 | F15: =A15 -> 2018 | G15: =B15/B14-1 -> 0.2153058 | H15: =C15/C14-1 -> 0.25757625 | I15: =D15/D14-1 -> 0.24234106
A16: 2019 | B16: 11082.182 | C16: 25856.86 | D16: =SUM(B16:C16) -> 36939.042 | F16: =A16 -> 2019 | G16: =B16/B15-1 -> -0.069334374 | H16: =C16/C15-1 -> 0.18253214 | I16: =D16/D15-1 -> 0.093729416
A17: 2020 | B17: 14437.075 | C17: 31616.251 | D17: =SUM(B17:C17) -> 46053.326 | F17: =A17 -> 2020 | G17: =B17/B16-1 -> 0.30272856 | H17: =C17/C16-1 -> 0.22274132 | I17: =D17/D16-1 -> 0.24673851
A18: 2021 | B18: 16967.213 | C18: 35792.067 | D18: =SUM(B18:C18) -> 52759.28 | F18: =A18 -> 2021 | G18: =B18/B17-1 -> 0.17525281 | H18: =C18/C17-1 -> 0.13207815 | I18: =D18/D17-1 -> 0.14561281
A19: 2022 | B19: 14260.731 | C19: 39005.142 | D19: =SUM(B19:C19) -> 53265.873 | F19: =A19 -> 2022 | G19: =B19/B18-1 -> -0.15951247 | H19: =C19/C18-1 -> 0.089770591 | I19: =D19/D18-1 -> 0.0096019695
A20: Change of methodology (see note)
A21: 2023* | B21: 16604.593 | C21: 3550.954 | D21: =SUM(B21:C21) -> 20155.547
A22: 2024 | B22: 26184.144 | C22: 5093.474 | D22: =SUM(B22:C22) -> 31277.618 | F22: =A22 -> 2024 | G22: =B22/B21-1 -> 0.57692176 | H22: =C22/C21-1 -> 0.43439594 | I22: =D22/D21-1 -> 0.55181192
A24: Source: U.S. Treasury, Treasury International Capital (TIC) System
A25: Note: Gross activity = purchases + sales. Includes long-term securities only. 2023 data excludes the month of January. Starting in February 2023, U.S. purchases and sales of foreign securities for a given country refer to securities issued by that country, in contrast to the previous breakdown showing the amounts of all foreign securities bought and sold in each country, regardless of the country of issuance. These reporting changes create a series break at February 2023 for all data on cross-border purchases and sales of long-term securities.

Sheet 1-19
A1: Return to the Table of Contents
A3: US Net Purchases of Foreign Securities
A6: ($B) | B6: Stocks | C6: Bonds | D6: Total | F6: (Y/Y) | G6: Stocks | H6: Bonds | I6: Total
A7: 2010 | B7: 59.888 | C7: 75.403 | D7: =SUM(B7:C7) -> 135.291
A8: 2011 | B8: 69.769 | C8: 88.799 | D8: =SUM(B8:C8) -> 158.568 | F8: =A8 -> 2011 | G8: =(B8-B7)/ABS(B7) -> 0.16499132 | H8: =(C8-C7)/ABS(C7) -> 0.17765871 | I8: =(D8-D7)/ABS(D7) -> 0.17205136
A9: 2012 | B9: 41.327 | C9: 1.36 | D9: =SUM(B9:C9) -> 42.687 | F9: =A9 -> 2012 | G9: =(B9-B8)/ABS(B8) -> -0.40765956 | H9: =(C9-C8)/ABS(C8) -> -0.98468451 | I9: =(D9-D8)/ABS(D8) -> -0.73079688
A10: 2013 | B10: 174.041 | C10: 76.396 | D10: =SUM(B10:C10) -> 250.437 | F10: =A10 -> 2013 | G10: =(B10-B9)/ABS(B9) -> 3.2113146 | H10: =(C10-C9)/ABS(C9) -> 55.173529 | I10: =(D10-D9)/ABS(D9) -> 4.8668213
A11: 2014 | B11: 107.725 | C11: -93.957 | D11: =SUM(B11:C11) -> 13.768 | F11: =A11 -> 2014 | G11: =(B11-B10)/ABS(B10) -> -0.38103665 | H11: =(C11-C10)/ABS(C10) -> -2.2298681 | I11: =(D11-D10)/ABS(D10) -> -0.9450241
A12: 2015 | B12: 114.012 | C12: -251.342 | D12: =SUM(B12:C12) -> -137.33 | F12: =A12 -> 2015 | G12: =(B12-B11)/ABS(B11) -> 0.058361569 | H12: =(C12-C11)/ABS(C11) -> -1.6750748 | I12: =(D12-D11)/ABS(D11) -> -10.974579
A13: 2016 | B13: 55.844 | C13: -233.22 | D13: =SUM(B13:C13) -> -177.376 | F13: =A13 -> 2016 | G13: =(B13-B12)/ABS(B12) -> -0.51019191 | H13: =(C13-C12)/ABS(C12) -> 0.072100962 | I13: =(D13-D12)/ABS(D12) -> -0.29160417
A14: 2017 | B14: 106.298 | C14: -217.756 | D14: =SUM(B14:C14) -> -111.458 | F14: =A14 -> 2017 | G14: =(B14-B13)/ABS(B13) -> 0.90348113 | H14: =(C14-C13)/ABS(C13) -> 0.066306492 | I14: =(D14-D13)/ABS(D13) -> 0.37162863
A15: 2018 | B15: -43.98 | C15: -291.656 | D15: =SUM(B15:C15) -> -335.636 | F15: =A15 -> 2018 | G15: =(B15-B14)/ABS(B14) -> -1.4137425 | H15: =(C15-C14)/ABS(C14) -> -0.33937067 | I15: =(D15-D14)/ABS(D14) -> -2.0113227
A16: 2019 | B16: -50.038 | C16: -113.584 | D16: =SUM(B16:C16) -> -163.622 | F16: =A16 -> 2019 | G16: =(B16-B15)/ABS(B15) -> -0.13774443 | H16: =(C16-C15)/ABS(C15) -> 0.6105549 | I16: =(D16-D15)/ABS(D15) -> 0.51250164
A17: 2020 | B17: -109.079 | C17: -178.039 | D17: =SUM(B17:C17) -> -287.118 | F17: =A17 -> 2020 | G17: =(B17-B16)/ABS(B16) -> -1.1799233 | H17: =(C17-C16)/ABS(C16) -> -0.56746549 | I17: =(D17-D16)/ABS(D16) -> -0.75476403
A18: 2021 | B18: 54.249 | C18: -299.427 | D18: =SUM(B18:C18) -> -245.178 | F18: =A18 -> 2021 | G18: =(B18-B17)/ABS(B17) -> 1.4973368 | H18: =(C18-C17)/ABS(C17) -> -0.68180567 | I18: =(D18-D17)/ABS(D17) -> 0.14607235
A19: 2022 | B19: -45.013 | C19: -236.364 | D19: =SUM(B19:C19) -> -281.377 | F19: =A19 -> 2022 | G19: =(B19-B18)/ABS(B18) -> -1.829748 | H19: =(C19-C18)/ABS(C18) -> 0.21061227 | I19: =(D19-D18)/ABS(D18) -> -0.14764375
A20: Change of methodology (see note)
A21: 2023 | B21: 12.445 | C21: -74.968 | D21: =SUM(B21:C21) -> -62.523
A22: 2024 | B22: -148.118 | C22: -164.732 | D22: =SUM(B22:C22) -> -312.85 | F22: =A22 -> 2024 | G22: =(B22-B21)/ABS(B21) -> -12.901808 | H22: =(C22-C21)/ABS(C21) -> -1.1973642 | I22: =(D22-D21)/ABS(D21) -> -4.0037586
A24: Source: U.S. Treasury, Treasury International Capital (TIC) System
A25: Note: Net purchases = purchases - sales. Includes long-term securities only. 2023 data excludes the month of January. Starting in February 2023, U.S. purchases and sales of foreign securities for a given country refer to securities issued by that country, in contrast to the previous breakdown showing the amounts of all foreign securities bought and sold in each country, regardless of the country of issuance. These reporting changes create a series break at February 2023 for all data on cross-border purchases and sales of long-term securities.

Sheet 1-20
A1: Return to the Table of Contents
A3: US Gross Activity in Foreign Equities by Region/Country
A6: ($B) | B6: Australia | C6: Canada | D6: China | E6: EU | F6: HK | G6: Japan | H6: Singapore | I6: UK | J6: Total
A7: 2010 | B7: 153.658 | C7: 490.779 | D7: 22.464 | E7: 673.158 | F7: 612.439 | G7: 374.212 | H7: 89.593 | I7: 2289.55 | J7: 7404.148
A8: 2011 | B8: 135.212 | C8: 581.34 | D8: 25.13 | E8: 724.354 | F8: 638.186 | G8: 390.666 | H8: 104.577 | I8: 2551.99 | J8: 8000.485
A9: 2012 | B9: 106.195 | C9: 487.09 | D9: 17.144 | E9: 657.058 | F9: 545.276 | G9: 304.673 | H9: 99.741 | I9: 2274.434 | J9: 6909.499
A10: 2013 | B10: 110.96 | C10: 526.391 | D10: 26.235 | E10: 634.719 | F10: 719.273 | G10: 504.93 | H10: 116.816 | I10: 2456.073 | J10: 7850.709
A11: 2014 | B11: 97.723 | C11: 750.837 | D11: 27.982 | E11: 751.551 | F11: 707.059 | G11: 361.558 | H11: 137.777 | I11: 2760.209 | J11: 8892.151
A12: 2015 | B12: 115.083 | C12: 846.188 | D12: 46.425 | E12: 861.945 | F12: 728.317 | G12: 390.009 | H12: 171.718 | I12: 2616.649 | J12: 9694.674
A13: 2016 | B13: 110.277 | C13: 679.479 | D13: 30.485 | E13: 1013.103 | F13: 614.699 | G13: 417.302 | H13: 180.337 | I13: 2510.355 | J13: 8805.466
A14: 2017 | B14: 114.464 | C14: 744.241 | D14: 32.933 | E14: 1149.317 | F14: 705.395 | G14: 459.038 | H14: 188.212 | I14: 2811.334 | J14: 9798.194
A15: 2018 | B15: 127.043 | C15: 878.45 | D15: 51.793 | E15: 1369.829 | F15: 886.441 | G15: 565.424 | H15: 249.065 | I15: 3768.771 | J15: 11907.802
A16: 2019 | B16: 129.646 | C16: 818.371 | D16: 53.085 | E16: 1204.512 | F16: 832.389 | G16: 441.663 | H16: 231.612 | I16: 3356.34 | J16: 11082.182
A17: 2020 | B17: 159.326 | C17: 1080.063 | D17: 84.639 | E17: 1667.998 | F17: 1179.668 | G17: 474.897 | H17: 325.736 | I17: 4450.18 | J17: 14437.075
A18: 2021 | B18: 201.338 | C18: 1346.203 | D18: 96.698 | E18: 1868.19 | F18: 1349.604 | G18: 468.739 | H18: 389.028 | I18: 5210.734 | J18: 16967.213
A19: 2022 | B19: 205.189 | C19: 1391.31 | D19: 52.214 | E19: 1580.652 | F19: 911.502 | G19: 398.218 | H19: 303.578 | I19: 4105.568 | J19: 14260.731
A20: Change of methodology (see note)
A21: 2023 | B21: 233.784 | C21: 2205.566 | D21: 2279.048 | E21: 4331.694 | F21: 107.869 | G21: 930.79 | H21: 92.251 | I21: 1052.275 | J21: 16604.593
A22: 2024 | B22: 275.74 | C22: 2899.986 | D22: 3677.122 | E22: 7216.212 | F22: 147.622 | G22: 1348.48 | H22: 129.648 | I22: 1945.702 | J22: 26184.144
A24: Source: U.S. Treasury, Treasury International Capital (TIC) System
A25: Note: Gross activity = purchases + sales. EU = European Union, HK = Hong Kong, China includes Mainland only. Includes long-term securities only. 2023 data excludes the month of January. Starting in February 2023, U.S. purchases and sales of foreign securities for a given country refer to securities issued by that country, in contrast to the previous breakdown showing the amounts of all foreign securities bought and sold in each country, regardless of the country of issuance. These reporting changes create a series break at February 2023 for all data on cross-border purchases and sales of long-term securities.

Sheet 1-21
A1: Return to the Table of Contents
A3: US Net Purchases in Foreign Equities by Region/Country
A6: ($B) | B6: Australia | C6: Canada | D6: China | E6: EU | F6: HK | G6: Japan | H6: Singapore | I6: UK | J6: Total
A7: 2010 | B7: 0.166 | C7: 2.771 | D7: -0.616 | E7: -6.86 | F7: 25.989 | G7: 12.996 | H7: -2.159 | I7: -3.786 | J7: 59.888
A8: 2011 | B8: -0.25 | C8: 1.436 | D8: 5.422 | E8: 12.082 | F8: 0.198 | G8: -4.13 | H8: 2.243 | I8: 2.972 | J8: 69.769
A9: 2012 | B9: 0.085 | C9: 0.844 | D9: -1.188 | E9: 2.032 | F9: 15.642 | G9: 9.191 | H9: -4.649 | I9: 13.05 | J9: 41.327
A10: 2013 | B10: 3.98 | C10: 6.365 | D10: -3.991 | E10: 30.305 | F10: 6.725 | G10: 32.904 | H10: -4.954 | I10: 96.775 | J10: 174.041
A11: 2014 | B11: 7.851 | C11: 9.917 | D11: 0.216 | E11: 6.281 | F11: 15.321 | G11: 1.21 | H11: 5.755 | I11: 47.755 | J11: 107.725
A12: 2015 | B12: 4.565 | C12: 7.746 | D12: 2.515 | E12: 5.971 | F12: 20.803 | G12: -2.355 | H12: 4.456 | I12: 40.927 | J12: 114.012
A13: 2016 | B13: 7.405 | C13: 3.215 | D13: 0.219 | E13: 5.769 | F13: 1.765 | G13: -14.152 | H13: -0.031 | I13: 23.333 | J13: 55.844
A14: 2017 | B14: -1.222 | C14: -17.301 | D14: -0.387 | E14: -0.543 | F14: 29.169 | G14: 2.462 | H14: 0.778 | I14: 95.104 | J14: 106.298
A15: 2018 | B15: -0.235 | C15: -35.564 | D15: -3.197 | E15: 14.621 | F15: 25.581 | G15: -10.012 | H15: -8.417 | I15: -2.521 | J15: -43.98
A16: 2019 | B16: -2.044 | C16: -28.943 | D16: -1.547 | E16: -16.902 | F16: 29.941 | G16: -1.183 | H16: -1.22 | I16: 16.87 | J16: -50.038
A17: 2020 | B17: -1.824 | C17: -39.645 | D17: -2.401 | E17: -32.4 | F17: -26.44 | G17: -16.415 | H17: 2.834 | I17: 31.25 | J17: -109.079
A18: 2021 | B18: 7.474 | C18: 8.111 | D18: 0.012 | E18: -12.8 | F18: 2.066 | G18: -5.543 | H18: -9.328 | I18: 52.362 | J18: 54.249
A19: 2022 | B19: 13.499 | C19: -15.87 | D19: 0.608 | E19: -20.864 | F19: -1.376 | G19: -13.888 | H19: -3.26 | I19: -1.246 | J19: -45.013
A20: Change of methodology (see note)
A21: 2023 | B21: -2.066 | C21: -18.454 | D21: 4.848 | E21: 23.842 | F21: 5.483 | G21: -9.37 | H21: 1.109 | I21: -11.319 | J21: 12.445
A22: 2024 | B22: -0.65 | C22: -32.34 | D22: 6.214 | E22: -63.108 | F22: 3.63 | G22: 1.248 | H22: -1.348 | I22: 12.445 | J22: -148.118
A24: Source: U.S. Treasury, Treasury International Capital (TIC) System
A25: Note: Net purchases = purchases - sales. EU = European Union, HK = Hong Kong, China includes Mainland only. Includes long-term securities only. 2023 data excludes the month of January. Starting in February 2023, U.S. purchases and sales of foreign securities for a given country refer to securities issued by that country, in contrast to the previous breakdown showing the amounts of all foreign securities bought and sold in each country, regardless of the country of issuance. These reporting changes create a series break at February 2023 for all data on cross-border purchases and sales of long-term securities.

Sheet 1-22
A1: Return to the Table of Contents
A3: Foreign Holdings of US Securities
A6: ($B) | B6: Stocks | C6: Corporates | D6: UST | E6: Agency & MBS | F6: Total | H6: (Y/Y) | I6: =B6 -> Stocks | J6: =C6 -> Corporates | K6: =D6 -> UST | L6: =E6 -> Agency & MBS | M6: =F6 -> Total
A7: 2010 | B7: 3213.464 | C7: 2523.107 | D7: 4458.824 | E7: 1095.811 | F7: 11291.206
A8: 2011 | B8: 3397.174 | C8: 2491.039 | D8: 5004.354 | E8: 1078.186 | F8: 11970.753 | H8: =A8 -> 2011 | I8: =B8/B7-1 -> 0.057168837 | J8: =C8/C7-1 -> -0.012709727 | K8: =D8/D7-1 -> 0.1223484 | L8: =E8/E7-1 -> -0.016083978 | M8: =F8/F7-1 -> 0.060183739
A9: 2012 | B9: 3952.993 | C9: 2615.004 | D9: 5571.482 | E9: 1001.204 | F9: 13140.683 | H9: =A9 -> 2012 | I9: =B9/B8-1 -> 0.16361217 | J9: =C9/C8-1 -> 0.049764375 | K9: =D9/D8-1 -> 0.11332691 | L9: =E9/E8-1 -> -0.071399554 | M9: =F9/F8-1 -> 0.097732365
A10: 2013 | B10: 5205.378 | C10: 2735.427 | D10: 5792.616 | E10: 883.776 | F10: 14617.197 | H10: =A10 -> 2013 | I10: =B10/B9-1 -> 0.31681943 | J10: =C10/C9-1 -> 0.04605079 | K10: =D10/D9-1 -> 0.039690337 | L10: =E10/E9-1 -> -0.11728679 | M10: =F10/F9-1 -> 0.11236204
A11: 2014 | B11: 5920.568 | C11: 2924.449 | D11: 6157.966 | E11: 899.645 | F11: 15902.628 | H11: =A11 -> 2014 | I11: =B11/B10-1 -> 0.13739444 | J11: =C11/C10-1 -> 0.06910146 | K11: =D11/D10-1 -> 0.063071676 | L11: =E11/E10-1 -> 0.017955907 | M11: =F11/F10-1 -> 0.087939637
A12: 2015 | B12: 5500.927 | C12: 3079.583 | D12: 6146.221 | E12: 916.456 | F12: 15643.187 | H12: =A12 -> 2015 | I12: =B12/B11-1 -> -0.070878504 | J12: =C12/C11-1 -> 0.053047258 | K12: =D12/D11-1 -> -0.0019072856 | L12: =E12/E11-1 -> 0.01868626 | M12: =F12/F11-1 -> -0.016314348
A13: 2016 | B13: 5782.68 | C13: 3429.799 | D13: 6002.797 | E13: 991.622 | F13: 16206.898 | H13: =A13 -> 2016 | I13: =B13/B12-1 -> 0.051219185 | J13: =C13/C12-1 -> 0.11372189 | K13: =D13/D12-1 -> -0.023335314 | L13: =E13/E12-1 -> 0.082018122 | M13: =F13/F12-1 -> 0.03603556
A14: 2017 | B14: 7019.413 | C14: 3877.317 | D14: 6211.279 | E14: 1012.181 | F14: 18120.19 | H14: =A14 -> 2017 | I14: =B14/B13-1 -> 0.21386848 | J14: =C14/C13-1 -> 0.13047937 | K14: =D14/D13-1 -> 0.03473081 | L14: =E14/E13-1 -> 0.020732699 | M14: =F14/F13-1 -> 0.11805418
A15: 2018 | B15: 6629.533 | C15: 3602.591 | D15: 6270.13 | E15: 1087.036 | F15: 17589.29 | H15: =A15 -> 2018 | I15: =B15/B14-1 -> -0.055543106 | J15: =C15/C14-1 -> -0.070854666 | K15: =D15/D14-1 -> 0.0094748602 | L15: =E15/E14-1 -> 0.073954164 | M15: =F15/F14-1 -> -0.02929881
A16: 2019 | B16: 8278.548 | C16: 3979.453 | D16: 6917.822 | E16: 1230.694 | F16: 20406.517 | H16: =A16 -> 2019 | I16: =B16/B15-1 -> 0.24873773 | J16: =C16/C15-1 -> 0.1046086 | K16: =D16/D15-1 -> 0.10329802 | L16: =E16/E15-1 -> 0.1321557 | M16: =F16/F15-1 -> 0.16016718
A17: 2020 | B17: 10673.362 | C17: 4481.722 | D17: 7291.566 | E17: 1276.402 | F17: 23723.052 | H17: =A17 -> 2020 | I17: =B17/B16-1 -> 0.28927947 | J17: =C17/C16-1 -> 0.12621559 | K17: =D17/D16-1 -> 0.054026253 | L17: =E17/E16-1 -> 0.03714002 | M17: =F17/F16-1 -> 0.16252333
A18: 2021 | B18: 13898.265 | C18: 4401.609 | D18: 7740.37 | E18: 1252.643 | F18: 27292.887 | H18: =A18 -> 2021 | I18: =B18/B17-1 -> 0.302145 | J18: =C18/C17-1 -> -0.017875495 | K18: =D18/D17-1 -> 0.061551113 | L18: =E18/E17-1 -> -0.018614042 | M18: =F18/F17-1 -> 0.15047958
A19: 2022 | B19: 10874.944 | C19: 3656.27 | D19: 7294.065 | E19: 1232.915 | F19: 23058.194 | H19: =A19 -> 2022 | I19: =B19/B18-1 -> -0.21753226 | J19: =C19/C18-1 -> -0.16933331 | K19: =D19/D18-1 -> -0.057659388 | L19: =E19/E18-1 -> -0.0157491 | M19: =F19/F18-1 -> -0.15515739
... A21: 2024 | B21: 16753.708 | C21: 4402.617 | D21: 8512.857 | E21: 1365.392 | F21: 31034.574 | H21: =A21 -> 2024 | I21: =B21/B20-1 -> 0.25653661 | J21: =C21/C20-1 -> 0.039076008 | K21: =D21/D20-1 -> 0.071270038 | L21: =E21/E20-1 -> 0.0095715396 | M21: =F21/F20-1 -> 0.15502201
A23: Average | B23: =AVERAGE(B$7:B$21) -> 8028.9467 | C23: =AVERAGE(C$7:C$21) -> 3495.8025 | D23: =AVERAGE(D$7:D$21) -> 6487.9239 | E23: =AVERAGE(E$7:E$21) -> 1111.7607 | F23: =AVERAGE(F$7:F$21) -> 19124.434
A24: Y/Y Change | B24: =B21/B20-1 -> 0.25653661 | C24: =C21/C20-1 -> 0.039076008 | D24: =D21/D20-1 -> 0.071270038 | E24: =E21/E20-1 -> 0.0095715396 | F24: =F21/F20-1 -> 0.15502201
A25: 5Y CAGR | B25: =((B21/B16)^(1/5))-1 -> 0.1514136 | C25: =((C21/C16)^(1/5))-1 -> 0.020416577 | D25: =((D21/D16)^(1/5))-1 -> 0.04236829 | E25: =((E21/E16)^(1/5))-1 -> 0.020989919 | F25: =((F21/F16)^(1/5))-1 -> 0.087465232
A26: 10Y CAGR | B26: =((B21/B11)^(1/10))-1 -> 0.10962123 | C26: =((C21/C11)^(1/10))-1 -> 0.041757619 | D26: =((D21/D11)^(1/10))-1 -> 0.032913147 | E26: =((E21/E11)^(1/10))-1 -> 0.042602155 | F26: =((F21/F11)^(1/10))-1 -> 0.069147658
A28: Source: The Federal Reserve - Financial Accounts of the United States
A29: Note: UST = U.S. Treasuries, MBS = mortgage-backed securities, agency = federal agency debt. Corporates = corporate bonds, includes asset-backed securities (ABS) and MBS

Sheet 1-23
A1: Return to the Table of Contents
A3: Foreign Gross Activity in US Securities
A6: ($B) | B6: Stocks | C6: Corporates | D6: UST | E6: Agency | F6: Total | H6: (Y/Y) | I6: =B6 -> Stocks | J6: Corporates | K6: =D6 -> UST | L6: =E6 -> Agency | M6: =F6 -> Total
A7: 2010 | B7: 13384.589 | C7: 1951.712 | D7: 31653.73 | E7: 2095.936 | F7: 49085.967
A8: 2011 | B8: 15413.377 | C8: 2032.286 | D8: 35439.58 | E8: 2167.178 | F8: 55052.421 | H8: =A8 -> 2011 | I8: =B8/B7-1 -> 0.15157641 | J8: =C8/C7-1 -> 0.041283755 | K8: =D8/D7-1 -> 0.11960202 | L8: =E8/E7-1 -> 0.033990542 | M8: =F8/F7-1 -> 0.12155111
A9: 2012 | B9: 14706.113 | C9: 1759.669 | D9: 29074.983 | E9: 2890.072 | F9: 48430.837 | H9: =A9 -> 2012 | I9: =B9/B8-1 -> -0.045886375 | J9: =C9/C8-1 -> -0.13414303 | K9: =D9/D8-1 -> -0.17959008 | L9: =E9/E8-1 -> 0.33356466 | M9: =F9/F8-1 -> -0.1202778
A10: 2013 | B10: 15435.817 | C10: 1856.65 | D10: 35386.71 | E10: 2671.934 | F10: 55351.111 | H10: =A10 -> 2013 | I10: =B10/B9-1 -> 0.049619094 | J10: =C10/C9-1 -> 0.055113206 | K10: =D10/D9-1 -> 0.21708446 | L10: =E10/E9-1 -> -0.075478396 | M10: =F10/F9-1 -> 0.14288983
A11: 2014 | B11: 17861.893 | C11: 2145.218 | D11: 33243.8 | E11: 2143.015 | F11: 55393.926 | H11: =A11 -> 2014 | I11: =B11/B10-1 -> 0.15717186 | J11: =C11/C10-1 -> 0.15542402 | K11: =D11/D10-1 -> -0.060556915 | L11: =E11/E10-1 -> -0.19795362 | M11: =F11/F10-1 -> 0.00077351654
A12: 2015 | B12: 22233.483 | C12: 2232.803 | D12: 32490.588 | E12: 2616.626 | F12: 59573.5 | H12: =A12 -> 2015 | I12: =B12/B11-1 -> 0.24474394 | J12: =C12/C11-1 -> 0.040828018 | K12: =D12/D11-1 -> -0.022657217 | L12: =E12/E11-1 -> 0.22100219 | M12: =F12/F11-1 -> 0.075451846
A13: 2016 | B13: 23065.842 | C13: 2298.791 | D13: 30510.331 | E13: 3260.169 | F13: 59135.133 | H13: =A13 -> 2016 | I13: =B13/B12-1 -> 0.037437184 | J13: =C13/C12-1 -> 0.029553884 | K13: =D13/D12-1 -> -0.060948635 | L13: =E13/E12-1 -> 0.24594382 | M13: =F13/F12-1 -> -0.0073584228
A14: 2017 | B14: 26592.24 | C14: 2967.929 | D14: 29511.715 | E14: 3475.632 | F14: 62547.516 | H14: =A14 -> 2017 | I14: =B14/B13-1 -> 0.15288399 | J14: =C14/C13-1 -> 0.29108257 | K14: =D14/D13-1 -> -0.032730422 | L14: =E14/E13-1 -> 0.066089519 | M14: =F14/F13-1 -> 0.057704833
A15: 2018 | B15: 36291.085 | C15: 2776.427 | D15: 30100.622 | E15: 3633.38 | F15: 72801.514 | H15: =A15 -> 2018 | I15: =B15/B14-1 -> 0.36472463 | J15: =C15/C14-1 -> -0.064523781 | K15: =D15/D14-1 -> 0.019955025 | L15: =E15/E14-1 -> 0.045386853 | M15: =F15/F14-1 -> 0.16393933
A16: 2019 | B16: 37228.782 | C16: 3481.078 | D16: 36646.663 | E16: 4850.613 | F16: 82207.136 | H16: =A16 -> 2019 | I16: =B16/B15-1 -> 0.025838219 | J16: =C16/C15-1 -> 0.25379778 | K16: =D16/D15-1 -> 0.21747195 | L16: =E16/E15-1 -> 0.33501395 | M16: =F16/F15-1 -> 0.12919542
A17: 2020 | B17: 48547.714 | C17: 5224.61 | D17: 38020.094 | E17: 6539.39 | F17: 98331.808 | H17: =A17 -> 2020 | I17: =B17/B16-1 -> 0.30403713 | J17: =C17/C16-1 -> 0.50085979 | K17: =D17/D16-1 -> 0.037477655 | L17: =E17/E16-1 -> 0.34815744 | M17: =F17/F16-1 -> 0.19614686
A18: 2021 | B18: 61181.301 | C18: 5097.259 | D18: 50659.198 | E18: 9783.725 | F18: 126721.48 | H18: =A18 -> 2021 | I18: =B18/B17-1 -> 0.26023032 | J18: =C18/C17-1 -> -0.024375217 | K18: =D18/D17-1 -> 0.33243221 | L18: =E18/E17-1 -> 0.49612196 | M18: =F18/F17-1 -> 0.28871304
A19: 2022 | B19: 62914.046 | C19: 4400.249 | D19: 50297.878 | E19: 5634.927 | F19: 123247.1 | H19: =A19 -> 2022 | I19: =B19/B18-1 -> 0.02832148 | J19: =C19/C18-1 -> -0.13674212 | K19: =D19/D18-1 -> -0.0071323672 | L19: =E19/E18-1 -> -0.42405096 | M19: =F19/F18-1 -> -0.027417474
A20: 2023 | B20: 43456.304 | C20: 4473.829 | D20: 52159.983 | E20: 1752.151 | F20: 100644.58 | H20: =A20 -> 2023 | I20: =B20/B19-1 -> -0.30927501 | J20: =C20/C19-1 -> 0.016721781 | K20: =D20/D19-1 -> 0.037021542 | L20: =E20/E19-1 -> -0.68905524 | M20: =F20/F19-1 -> -0.1833919
A21: 2024 | B21: 63009.977 | C21: 5654.455 | D21: 64397.235 | E21: 1616.405 | F21: =SUM(B21:E21) -> 134678.07 | H21: =A21 -> 2024 | I21: =B21/B20-1 -> 0.44996171 | J21: =C21/C20-1 -> 0.26389609 | K21: =D21/D20-1 -> 0.23460997 | L21: =E21/E20-1 -> -0.077473916 | M21: =F21/F20-1 -> 0.33815524
A23: Average | B23: =AVERAGE(B$7:B$21) -> 33421.504 | C23: =AVERAGE(C$7:C$21) -> 3223.531 | D23: =AVERAGE(D$7:D$21) -> 38639.541 | E23: =AVERAGE(E$7:E$21) -> 3675.4102 | F23: =AVERAGE(F$7:F$21) -> 78880.14
A24: Y/Y Change | B24: =B21/B20-1 -> 0.44996171 | C24: =C21/C20-1 -> 0.26389609 | D24: =D21/D20-1 -> 0.23460997 | E24: =E21/E20-1 -> -0.077473916 | F24: =F21/F20-1 -> 0.33815524
A25: 5Y CAGR | B25: =((B21/B16)^(1/5))-1 -> 0.11097964 | C25: =((C21/C16)^(1/5))-1 -> 0.10188279 | D25: =((D21/D16)^(1/5))-1 -> 0.11935168 | E25: =((E21/E16)^(1/5))-1 -> -0.19730472 | F25: =((F21/F16)^(1/5))-1 -> 0.10376718
A26: 10Y CAGR | B26: =((B21/B11)^(1/10))-1 -> 0.1343529 | C26: =((C21/C11)^(1/10))-1 -> 0.10177251 | D26: =((D21/D11)^(1/10))-1 -> 0.06835517 | E26: =((E21/E11)^(1/10))-1 -> -0.027806983 | F26: =((F21/F11)^(1/10))-1 -> 0.092907671
A28: Source: U.S. Treasury, Treasury International Capital (TIC) System
A29: Note: Gross activity = purchases + sales. UST = U.S. Treasuries, agency = federal agency debt, corporates = corporate bonds

Sheet 1-24
A1: Return to the Table of Contents
A3: Foreign Net Purchases of US Securities
A6: ($B) | B6: Stocks | C6: Corporates | D6: UST | E6: Agency | F6: Total | H6: (Y/Y) | I6: =B6 -> Stocks | J6: =C6 -> Corporates | K6: =D6 -> UST | L6: =E6 -> Agency | M6: =F6 -> Total
A7: 2010 | B7: 109.787 | C7: -11.42 | D7: 703.494 | E7: 109.27 | F7: =SUM(B7:E7) -> 911.131
A8: 2011 | B8: 24.725 | C8: -42.614 | D8: 421.022 | E8: 81.87 | F8: =SUM(B8:E8) -> 485.003 | H8: =A8 -> 2011 | I8: =(B8-B7)/ABS(B7) -> -0.77479119 | J8: =(C8-C7)/ABS(C7) -> -2.7315236 | K8: =(D8-D7)/ABS(D7) -> -0.40152723 | L8: =(E8-E7)/ABS(E7) -> -0.25075501 | M8: =(F8-F7)/ABS(F7) -> -0.46769125
A9: 2012 | B9: 107.815 | C9: -22.787 | D9: 417.425 | E9: 131.65 | F9: =SUM(B9:E9) -> 634.103 | H9: =A9 -> 2012 | I9: =(B9-B8)/ABS(B8) -> 3.3605662 | J9: =(C9-C8)/ABS(C8) -> 0.46526963 | K9: =(D9-D8)/ABS(D8) -> -0.0085434965 | L9: =(E9-E8)/ABS(E8) -> 0.60803713 | M9: =(F9-F8)/ABS(F8) -> 0.30742078
A10: 2013 | B10: -43.033 | C10: 9.324 | D10: 43.642 | E10: 72.39 | F10: =SUM(B10:E10) -> 82.323 | H10: =A10 -> 2013 | I10: =(B10-B9)/ABS(B9) -> -1.3991374 | J10: =(C10-C9)/ABS(C9) -> 1.4091807 | K10: =(D10-D9)/ABS(D9) -> -0.89544948 | L10: =(E10-E9)/ABS(E9) -> -0.45013293 | M10: =(F10-F9)/ABS(F9) -> -0.87017409
A11: 2014 | B11: -15.401 | C11: 23.29 | D11: 178.118 | E11: 75.793 | F11: =SUM(B11:E11) -> 261.8 | H11: =A11 -> 2014 | I11: =(B11-B10)/ABS(B10) -> 0.64211187 | J11: =(C11-C10)/ABS(C10) -> 1.497855 | K11: =(D11-D10)/ABS(D10) -> 3.0813437 | L11: =(E11-E10)/ABS(E10) -> 0.047009255 | M11: =(F11-F10)/ABS(F10) -> 2.1801562
A12: 2015 | B12: -114.729 | C12: 134.729 | D12: -14.994 | E12: 158.194 | F12: =SUM(B12:E12) -> 163.2 | H12: =A12 -> 2015 | I12: =(B12-B11)/ABS(B11) -> -6.4494513 | J12: =(C12-C11)/ABS(C11) -> 4.7848433 | K12: =(D12-D11)/ABS(D11) -> -1.0841802 | L12: =(E12-E11)/ABS(E11) -> 1.0871848 | M12: =(F12-F11)/ABS(F11) -> -0.37662338
A13: 2016 | B13: -6.348 | C13: 125.017 | D13: -311.837 | E13: 266.291 | F13: =SUM(B13:E13) -> 73.123 | H13: =A13 -> 2016 | I13: =(B13-B12)/ABS(B12) -> 0.94466961 | J13: =(C13-C12)/ABS(C12) -> -0.072085446 | K13: =(D13-D12)/ABS(D12) -> -19.797452 | L13: =(E13-E12)/ABS(E12) -> 0.68331922 | M13: =(F13-F12)/ABS(F12) -> -0.5519424
A14: 2017 | B14: 119.434 | C14: 132.311 | D14: 25.011 | E14: 136.356 | F14: =SUM(B14:E14) -> 413.112 | H14: =A14 -> 2017 | I14: =(B14-B13)/ABS(B13) -> 19.81443 | J14: =(C14-C13)/ABS(C13) -> 0.058344065 | K14: =(D14-D13)/ABS(D13) -> 1.0802054 | L14: =(E14-E13)/ABS(E13) -> -0.48794364 | M14: =(F14-F13)/ABS(F13) -> 4.6495494
A15: 2018 | B15: -129.801 | C15: 56.871 | D15: 8.776 | E15: 230.47 | F15: =SUM(B15:E15) -> 166.316 | H15: =A15 -> 2018 | I15: =(B15-B14)/ABS(B14) -> -2.0868011 | J15: =(C15-C14)/ABS(C14) -> -0.57017179 | K15: =(D15-D14)/ABS(D14) -> -0.64911439 | L15: =(E15-E14)/ABS(E14) -> 0.69020798 | M15: =(F15-F14)/ABS(F14) -> -0.597407
A16: 2019 | B16: 0.866 | C16: 16.068 | D16: -131.387 | E16: 299.887 | F16: =SUM(B16:E16) -> 185.434 | H16: =A16 -> 2019 | I16: =(B16-B15)/ABS(B15) -> 1.0066718 | J16: =(C16-C15)/ABS(C15) -> -0.71746584 | K16: =(D16-D15)/ABS(D15) -> -15.971171 | L16: =(E16-E15)/ABS(E15) -> 0.30119755 | M16: =(F16-F15)/ABS(F15) -> 0.11494985
A17: 2020 | B17: 366.882 | C17: -145.278 | D17: -537.35 | E17: 469.62 | F17: =SUM(B17:E17) -> 153.874 | H17: =A17 -> 2020 | I17: =(B17-B16)/ABS(B16) -> 422.65127 | J17: =(C17-C16)/ABS(C16) -> -10.041449 | K17: =(D17-D16)/ABS(D16) -> -3.0898262 | L17: =(E17-E16)/ABS(E16) -> 0.56598986 | M17: =(F17-F16)/ABS(F16) -> -0.17019533
A18: 2021 | B18: 47.833 | C18: 146.745 | D18: 82.446 | E18: 321.527 | F18: =SUM(B18:E18) -> 598.551 | H18: =A18 -> 2021 | I18: =(B18-B17)/ABS(B17) -> -0.86962293 | J18: =(C18-C17)/ABS(C17) -> 2.0100979 | K18: =(D18-D17)/ABS(D17) -> 1.1534307 | L18: =(E18-E17)/ABS(E17) -> -0.31534645 | M18: =(F18-F17)/ABS(F17) -> 2.8898774
A19: 2022 | B19: -226.826 | C19: 164.287 | D19: 757.392 | E19: 303.079 | F19: =SUM(B19:E19) -> 997.932 | H19: =A19 -> 2022 | I19: =(B19-B18)/ABS(B18) -> -5.74204 | J19: =(C19-C18)/ABS(C18) -> 0.1195407 | K19: =(D19-D18)/ABS(D18) -> 8.1865221 | L19: =(E19-E18)/ABS(E18) -> -0.057376208 | M19: =(F19-F18)/ABS(F18) -> 0.6672464
... A21: 2024 | B21: -314.459 | C21: -296.577 | D21: -476.923 | E21: -79.295 | F21: =SUM(B21:E21) -> -1167.254 | H21: =A21 -> 2024 | I21: =(B21-B20)/ABS(B20) -> -6.3167435 | J21: =(C21-C20)/ABS(C20) -> -0.042622156 | K21: =(D21-D20)/ABS(D20) -> -0.028429785 | L21: =(E21-E20)/ABS(E20) -> 0.59555542 | M21: =(F21-F20)/ABS(F20) -> -0.18235384
A23: Average | B23: =AVERAGE(B$7:B$21) -> -7.7488667 | C23: =AVERAGE(C$7:C$21) -> 0.36753333 | D23: =AVERAGE(D$7:D$21) -> 46.739733 | E23: =AVERAGE(E$7:E$21) -> 158.7362 | F23: =AVERAGE(F$7:F$21) -> 198.0946
A24: Y/Y Change | B24: =(B21-B20)/ABS(B20) -> -6.3167435 | C24: =(C21-C20)/ABS(C20) -> -0.042622156 | D24: =(D21-D20)/ABS(D20) -> -0.028429785 | E24: =(E21-E20)/ABS(E20) -> 0.59555542 | F24: =(F21-F20)/ABS(F20) -> -0.18235384
A26: Source: U.S. Treasury, Treasury International Capital (TIC) System
A27: Note: Net purchases = purchases – sales. UST = U.S. Treasuries, agency = federal agency debt, corporates = corporate bonds

Sheet 1-25
A1: Return to the Table of Contents
A3: Foreign Gross Activity in US Equities by Region/Country
A6: ($B) | B6: Australia | C6: Canada | D6: China | E6: EU | F6: HK | G6: Japan | H6: Singapore | I6: UK | J6: Total
A7: 2010 | B7: 53.638 | C7: 731.519 | D7: 37.956 | E7: 2393.978 | F7: 73.818 | G7: 132.679 | H7: 79.781 | I7: 1843.237 | J7: 13384.589
A8: 2011 | B8: 64.494 | C8: 974.439 | D8: 34.022 | E8: 2543.019 | F8: 89.49 | G8: 166.076 | H8: 91.77 | I8: 2592.957 | J8: 15413.377
A9: 2012 | B9: 62.376 | C9: 1176.499 | D9: 44.091 | E9: 2457.587 | F9: 87.966 | G9: 154.682 | H9: 99.121 | I9: 2388.366 | J9: 14706.113
A10: 2013 | B10: 82.824 | C10: 793.627 | D10: 48.974 | E10: 2018.194 | F10: 160.117 | G10: 179.938 | H10: 132.193 | I10: 3101.204 | J10: 15435.817
A11: 2014 | B11: 89.242 | C11: 867.173 | D11: 46.848 | E11: 1852.913 | F11: 206.985 | G11: 158.671 | H11: 126.182 | I11: 3589.898 | J11: 17861.893
A12: 2015 | B12: 80.253 | C12: 833.937 | D12: 50.355 | E12: 1834.335 | F12: 183.829 | G12: 133.288 | H12: 147.173 | I12: 5360.134 | J12: 22233.483
A13: 2016 | B13: 72.511 | C13: 985.107 | D13: 32.555 | E13: 2126.143 | F13: 185.088 | G13: 124.517 | H13: 145.63 | I13: 6637.323 | J13: 23065.842
A14: 2017 | B14: 85.903 | C14: 1173.246 | D14: 45.455 | E14: 2031.411 | F14: 234.642 | G14: 155.675 | H14: 211.807 | I14: 8295.281 | J14: 26592.24
A15: 2018 | B15: 98.598 | C15: 1549.698 | D15: 110.471 | E15: 3203.825 | F15: 377.202 | G15: 193.082 | H15: 380.409 | I15: 12977.976 | J15: 36291.085
A16: 2019 | B16: 103.984 | C16: 1516.797 | D16: 106.549 | E16: 3943.545 | F16: 362.365 | G16: 193.412 | H16: 417.154 | I16: 11677.021 | J16: 37228.782
A17: 2020 | B17: 164.635 | C17: 2536.287 | D17: 159.675 | E17: 5510.428 | F17: 651.147 | G17: 347.829 | H17: 597.067 | I17: 12482.99 | J17: 48547.714
A18: 2021 | B18: 216.495 | C18: 2883.015 | D18: 169.934 | E18: 6755.302 | F18: 797.577 | G18: 375.587 | H18: 651.252 | I18: 16653.584 | J18: 61181.301
... A21: 2024 | B21: 524.296 | C21: 8201.679 | D21: 400.442 | E21: 13163.49 | F21: 1321.185 | G21: 1006.539 | H21: 913.023 | I21: 10394.372 | J21: 63009.977
A23: Average | B23: =AVERAGE(B7:B21) -> 152.87287 | C23: =AVERAGE(C7:C21) -> 1972.1457 | D23: =AVERAGE(D7:D21) -> 117.6284 | E23: =AVERAGE(E7:E21) -> 4377.6589 | F23: =AVERAGE(F7:F21) -> 391.0014 | G23: =AVERAGE(G7:G21) -> 282.21327 | H23: =AVERAGE(H7:H21) -> 340.14113 | I23: =AVERAGE(I7:I21) -> 8166.3633 | J23: =AVERAGE(J7:J21) -> 33421.504
A24: Y/Y Change | B24: =B21/B20-1 -> 0.373013 | C24: =C21/C20-1 -> 2.0291235 | D24: =D21/D20-1 -> 0.31617403 | E24: =E21/E20-1 -> 0.37246068 | F24: =F21/F20-1 -> 2.0022565 | G24: =G21/G20-1 -> 0.54558018 | H24: =H21/H20-1 -> 0.50676045 | I24: =I21/I20-1 -> 0.31976674 | J24: =J21/J20-1 -> 0.44996171
A25: 5Y CAGR | B25: =((B21/B16)^(1/5))-1 -> 0.38204443 | C25: =((C21/C16)^(1/5))-1 -> 0.40150632 | D25: =((D21/D16)^(1/5))-1 -> 0.30316092 | E25: =((E21/E16)^(1/5))-1 -> 0.27261445 | F25: =((F21/F16)^(1/5))-1 -> 0.29527946 | G25: =((G21/G16)^(1/5))-1 -> 0.39081523 | H25: =((H21/H16)^(1/5))-1 -> 0.1695992 | I25: =((I21/I16)^(1/5))-1 -> -0.02300298 | J25: =((J21/J16)^(1/5))-1 -> 0.11097964
A26: 10Y CAGR | B26: =((B21/B11)^(1/10))-1 -> 0.1937152 | C26: =((C21/C11)^(1/10))-1 -> 0.25192901 | D26: =((D21/D11)^(1/10))-1 -> 0.23932399 | E26: =((E21/E11)^(1/10))-1 -> 0.21661062 | F26: =((F21/F11)^(1/10))-1 -> 0.20365625 | G26: =((G21/G11)^(1/10))-1 -> 0.20291047 | H26: =((H21/H11)^(1/10))-1 -> 0.21884486 | I26: =((I21/I11)^(1/10))-1 -> 0.11217112 | J26: =((J21/J11)^(1/10))-1 -> 0.1343529
A28: Source: U.S. Treasury, Treasury International Capital (TIC) System
A29: Note: Gross activity = purchases + sales. EU = European Union, HK = Hong Kong, China includes Mainland only

Sheet 1-26
A1: Return to the Table of Contents
A3: Foreign Net Purchases of US Equities by Region/Country
A6: ($B) | B6: Australia | C6: Canada | D6: China | E6: EU | F6: HK | G6: Japan | H6: Singapore | I6: UK | J6: Total
A7: 2010 | B7: 2.024 | C7: 6.469 | D7: 2.798 | E7: 14.362 | F7: 9.76 | G7: 4.587 | H7: -4.445 | I7: 27.839 | J7: 109.787
A8: 2011 | B8: 0.314 | C8: 14.065 | D8: 0.36 | E8: -35.023 | F8: 6.46 | G8: 3.4 | H8: -6.72 | I8: 3.037 | J8: 24.725
A9: 2012 | B9: 0.952 | C9: 14.685 | D9: -1.505 | E9: 22.053 | F9: 0.092 | G9: -8.066 | H9: -0.869 | I9: 34.194 | J9: 107.815
A10: 2013 | B10: -0.596 | C10: -3.167 | D10: 2.818 | E10: 11.65 | F10: -3.967 | G10: -26.376 | H10: -3.775 | I10: -0.298 | J10: -43.033
A11: 2014 | B11: 0.882 | C11: 10.179 | D11: -1.674 | E11: 28.577 | F11: -6.591 | G11: -9.223 | H11: -11.018 | I11: -19.734 | J11: -15.401
A12: 2015 | B12: 0.117 | C12: -12.227 | D12: -4.537 | E12: -25.261 | F12: -16.159 | G12: 9.472 | H12: -5.517 | I12: -15.518 | J12: -114.729
A13: 2016 | B13: 0.429 | C13: 2.259 | D13: -3.343 | E13: -20.589 | F13: -12.316 | G13: 9.077 | H13: -0.62 | I13: 13.519 | J13: -6.348
A14: 2017 | B14: 6.805 | C14: 53.008 | D14: 2.069 | E14: -2.587 | F14: -4.588 | G14: 3.005 | H14: -7.297 | I14: 33.507 | J14: 119.434
A15: 2018 | B15: 2.918 | C15: 0.788 | D15: 1.993 | E15: -4.843 | F15: -28.902 | G15: 5.9 | H15: -2.859 | I15: -106.386 | J15: -129.801
A16: 2019 | B16: 4.322 | C16: 21.091 | D16: -3.465 | E16: 17.745 | F16: 6.983 | G16: 0.006 | H16: 16.568 | I16: -15.729 | J16: 0.866
A17: 2020 | B17: -2.067 | C17: 72.785 | D17: 0.441 | E17: 107.516 | F17: 23.559 | G17: 13.973 | H17: 22.023 | I17: -20.332 | J17: 366.882
A18: 2021 | B18: 11.517 | C18: 76.635 | D18: -6.98 | E18: 72.086 | F18: -4.183 | G18: -24.167 | H18: 14.932 | I18: -64.486 | J18: 47.833
... A21: 2024 | B21: -38.09 | C21: 173.137 | D21: 27.794 | E21: -272.008 | F21: -6.989 | G21: 38.829 | H21: -71.437 | I21: -10.49 | J21: -314.459
A23: Average | B23: =AVERAGE(B7:B21) -> 0.53566667 | C23: =AVERAGE(C7:C21) -> 24.429133 | D23: =AVERAGE(D7:D21) -> 2.2010667 | E23: =AVERAGE(E7:E21) -> -6.1576 | F23: =AVERAGE(F7:F21) -> -2.5908667 | G23: =AVERAGE(G7:G21) -> 3.4084667 | H23: =AVERAGE(H7:H21) -> -8.8876667 | I23: =AVERAGE(I7:I21) -> -11.0596 | J23: =AVERAGE(J7:J21) -> -7.7488667
A24: Y/Y Change | B24: =(B21-B20)/ABS(B20) -> -2.8067546 | C24: =(C21-C20)/ABS(C20) -> 11.413034 | D24: =(D21-D20)/ABS(D20) -> 0.36573141 | E24: =(E21-E20)/ABS(E20) -> -8.8233297 | F24: =(F21-F20)/ABS(F20) -> -2.7351043 | G24: =(G21-G20)/ABS(G20) -> -0.021224572 | H24: =(H21-H20)/ABS(H20) -> -2.4359579 | I24: =(I21-I20)/ABS(I20) -> -1.4886342 | J24: =(J21-J20)/ABS(J20) -> -6.3167435
A26: Source: U.S. Treasury, Treasury International Capital (TIC) System
A27: Note: Net purchases = purchases - sales; EU = European Union, HK = Hong Kong, China includes Mainland only

Sheet 1-27
A1: Return to the Table of Contents
A3: Major Global Stock Market Indexes
B6: US: S&P 500 | C6: Canada: S&P/TSX | D6: France: CAC 40 | E6: Germany: DAX | F6: Hong Kong: Hang Seng | G6: Japan: Nikkei 225 | H6: UK: FTSE 100 | J6: (Y/Y) | K6: =B6 -> US: S&P 500 | L6: =C6 -> Canada: S&P/TSX | M6: =D6 -> France: CAC 40 | N6: =E6 -> Germany: DAX | O6: =F6 -> Hong Kong: Hang Seng | P6: =G6 -> Japan: Nikkei 225 | Q6: =H6 -> UK: FTSE 100
A7: 2010 | B7: 1257.64 | C7: 13443.22 | D7: 3804.78 | E7: 6914.19 | F7: 23035.45 | G7: 10228.92 | H7: 5899.94 | J7: =A8 -> 2011 | K7: =B8/B7-1 -> -2.3854203e-05 | L7: =C8/C7-1 -> -0.11069744 | M7: =D8/D7-1 -> -0.16951571 | N7: =E8/E7-1 -> -0.14692104 | O7: =F8/F7-1 -> -0.19973823 | P7: =G8/G7-1 -> -0.17338781 | Q7: =H8/H7-1 -> -0.055536158
A8: 2011 | B8: 1257.61 | C8: 11955.09 | D8: 3159.81 | E8: 5898.35 | F8: 18434.39 | G8: 8455.35 | H8: 5572.28 | J8: =A9 -> 2012 | K8: =B9/B8-1 -> 0.13404792 | L8: =C9/C8-1 -> 0.040019774 | M8: =D9/D8-1 -> 0.15230663 | N8: =E9/E8-1 -> 0.29059652 | O8: =F9/F8-1 -> 0.22905721 | P8: =G9/G8-1 -> 0.22942043 | Q8: =H9/H8-1 -> 0.058419534
A9: 2012 | B9: 1426.19 | C9: 12433.53 | D9: 3641.07 | E9: 7612.39 | F9: 22656.92 | G9: 10395.18 | H9: 5897.81 | J9: =A10 -> 2013 | K9: =B10/B9-1 -> 0.29601245 | L9: =C10/C9-1 -> 0.095549695 | M9: =D10/D9-1 -> 0.17985922 | N9: =E10/E9-1 -> 0.25481748 | O9: =F10/F9-1 -> 0.028665414 | P9: =G10/G9-1 -> 0.56719845 | Q9: =H10/H9-1 -> 0.14433832
A10: 2013 | B10: 1848.36 | C10: 13621.55 | D10: 4295.95 | E10: 9552.16 | F10: 23306.39 | G10: 16291.31 | H10: 6749.09 | J10: =A11 -> 2014 | K10: =B11/B10-1 -> 0.11390638 | L10: =C11/C10-1 -> 0.074212553 | M10: =D11/D10-1 -> -0.0054004353 | N10: =E11/E10-1 -> 0.026526984 | O10: =F11/F10-1 -> 0.012814082 | P10: =G11/G10-1 -> 0.071170458 | Q10: =H11/H10-1 -> -0.027114767
A11: 2014 | B11: 2058.9 | C11: 14632.44 | D11: 4272.75 | E11: 9805.55 | F11: 23605.04 | G11: 17450.77 | H11: 6566.09 | J11: =A12 -> 2015 | K11: =B12/B11-1 -> -0.0072660158 | L11: =C12/C11-1 -> -0.11088308 | M11: =D12/D11-1 -> 0.085263589 | N11: =E12/E11-1 -> 0.09560504 | O11: =F12/F11-1 -> -0.071621993 | P11: =G12/G11-1 -> 0.090708891 | Q11: =H12/H11-1 -> -0.049309406
A12: 2015 | B12: 2043.94 | C12: 13009.95 | D12: 4637.06 | E12: 10743.01 | F12: 21914.4 | G12: 19033.71 | H12: 6242.32 | J12: =A13 -> 2016 | K12: =B13/B12-1 -> 0.095350157 | L12: =C13/C12-1 -> 0.17506908 | M12: =D13/D12-1 -> 0.048576037 | N12: =E13/E12-1 -> 0.068700485 | O12: =F13/F12-1 -> 0.0039316614 | P12: =G13/G12-1 -> 0.0042377445 | Q12: =H13/H12-1 -> 0.14425887
A13: 2016 | B13: 2238.83 | C13: 15287.59 | D13: 4862.31 | E13: 11481.06 | F13: 22000.56 | G13: 19114.37 | H13: 7142.83 | J13: =A14 -> 2017 | K13: =B14/B13-1 -> 0.19419965 | L13: =C14/C13-1 -> 0.060280267 | M13: =D14/D13-1 -> 0.092600019 | N13: =E14/E13-1 -> 0.12512608 | O13: =F14/F13-1 -> 0.35992675 | P13: =G14/G13-1 -> 0.19098563 | Q13: =H14/H13-1 -> 0.07629189
A14: 2017 | B14: 2673.61 | C14: 16209.13 | D14: 5312.56 | E14: 12917.64 | F14: 29919.15 | G14: 22764.94 | H14: 7687.77 | J14: =A15 -> 2018 | K14: =B15/B14-1 -> -0.062372597 | L14: =C15/C14-1 -> -0.11637084 | M14: =D15/D14-1 -> -0.10952723 | N14: =E15/E14-1 -> -0.18259372 | O14: =F15/F14-1 -> -0.13614859 | P14: =G15/G14-1 -> -0.12080726 | Q14: =H15/H14-1 -> -0.12482684
A15: 2018 | B15: 2506.85 | C15: 14322.86 | D15: 4730.69 | E15: 10558.96 | F15: 25845.7 | G15: 20014.77 | H15: 6728.13 | J15: =A16 -> 2019 | K15: =B16/B15-1 -> 0.28878074 | L15: =C16/C15-1 -> 0.19134237 | M15: =D16/D15-1 -> 0.26367612 | N15: =E16/E15-1 -> 0.25476467 | O15: =F16/F15-1 -> 0.090694003 | P15: =G16/G15-1 -> 0.18195812 | Q15: =H16/H15-1 -> 0.12103066
A16: 2019 | B16: 3230.78 | C16: 17063.43 | D16: 5978.06 | E16: 13249.01 | F16: 28189.75 | G16: 23656.62 | H16: 7542.44 | J16: =A17 -> 2020 | K16: =B17/B16-1 -> 0.16258922 | L16: =C17/C16-1 -> 0.021679697 | M16: =D17/D16-1 -> -0.071369307 | N16: =E17/E16-1 -> 0.035456989 | O16: =F17/F16-1 -> -0.034005977 | P16: =G17/G16-1 -> 0.16010529 | Q16: =H17/H16-1 -> -0.1434443
A17: 2020 | B17: 3756.07 | C17: 17433.36 | D17: 5551.41 | E17: 13718.78 | F17: 27231.13 | G17: 27444.17 | H17: 6460.52 | J17: =A18 -> 2021 | K17: =B18/B17-1 -> 0.26892736 | L17: =C18/C17-1 -> 0.21736946 | M17: =D18/D17-1 -> 0.28850688 | N17: =E18/E17-1 -> 0.15789159 | O17: =F18/F17-1 -> -0.14077491 | P17: =G18/G17-1 -> 0.049101139 | Q17: =H18/H17-1 -> 0.14302564
A18: 2021 | B18: 4766.18 | C18: 21222.84 | D18: 7153.03 | E18: 15884.86 | F18: 23397.67 | G18: 28791.71 | H18: 7384.54 | J18: =A19 -> 2022 | K18: =B19/B18-1 -> -0.19442824 | L18: =C19/C18-1 -> -0.086601039 | M18: =D19/D18-1 -> -0.094962554 | N18: =E19/E18-1 -> -0.12346788 | O18: =F19/F18-1 -> -0.15455642 | P18: =G19/G18-1 -> -0.093680091 | Q18: =H19/H18-1 -> 0.0091000929
... A20: 2023 | B20: 4769.83 | C20: 20958.44 | D20: 7543.18 | E20: 16751.64 | F20: 17047.39 | G20: 33464.17 | H20: 7733.24 | J20: =A21 -> 2024 | K20: =B21/B20-1 -> 0.23309007 | L20: =C21/C20-1 -> 0.17985594 | M20: =D21/D20-1 -> -0.021534684 | N20: =E21/E20-1 -> 0.18848901 | O20: =F21/F20-1 -> 0.17671679 | P20: =G21/G20-1 -> 0.19215687 | Q20: =H21/H20-1 -> 0.05686879
A21: 2024 | B21: 5881.63 | C21: 24727.94 | D21: 7380.74 | E21: 19909.14 | F21: 20059.95 | G21: 39894.54 | H21: 8173.02
A23: Average | B23: =AVERAGE(B$7:B$21) -> 2903.728 | C23: =AVERAGE(C$7:C$21) -> 16380.419 | D23: =AVERAGE(D$7:D$21) -> 5253.144 | E23: =AVERAGE(E$7:E$21) -> 11928.022 | F23: =AVERAGE(F$7:F$21) -> 23095.02 | G23: =AVERAGE(G$7:G$21) -> 21539.669 | H23: =AVERAGE(H$7:H$21) -> 6882.1173
A24: Y/Y Change | B24: =B21/B20-1 -> 0.23309007 | C24: =C21/C20-1 -> 0.17985594 | D24: =D21/D20-1 -> -0.021534684 | E24: =E21/E20-1 -> 0.18848901 | F24: =F21/F20-1 -> 0.17671679 | G24: =G21/G20-1 -> 0.19215687 | H24: =H21/H20-1 -> 0.05686879
A25: 5Y CAGR | B25: =((B21/B16)^(1/5))-1 -> 0.12729625 | C25: =((C21/C16)^(1/5))-1 -> 0.07702137 | D25: =((D21/D16)^(1/5))-1 -> 0.043056725 | E25: =((E21/E16)^(1/5))-1 -> 0.084860295 | F25: =((F21/F16)^(1/5))-1 -> -0.065783089 | G25: =((G21/G16)^(1/5))-1 -> 0.11017682 | H25: =((H21/H16)^(1/5))-1 -> 0.016188181
A26: 10Y CAGR | B26: =((B21/B11)^(1/10))-1 -> 0.11067308 | C26: =((C21/C11)^(1/10))-1 -> 0.053870186 | D26: =((D21/D11)^(1/10))-1 -> 0.056183169 | E26: =((E21/E11)^(1/10))-1 -> 0.073391259 | F26: =((F21/F11)^(1/10))-1 -> -0.016141798 | G26: =((G21/G11)^(1/10))-1 -> 0.086200221 | H26: =((H21/H11)^(1/10))-1 -> 0.022133384
A28: Source: Bloomberg
A29: Note: End of year closing price, local currency

Sheet 1-28
A1: Return to the Table of Contents
A3: Foreign Exchange Rates
A6: ($) | B6: Canadian Dollar | C6: Euro | D6: Japanese Yen | E6: British Pound | F6: Index | H6: (Y/Y) | I6: =B6 -> Canadian Dollar | J6: =C6 -> Euro | K6: =D6 -> Japanese Yen | L6: =E6 -> British Pound | M6: =F6 -> Index
A7: 2010 | B7: 1.0302 | C7: 0.7553 | D7: 87.733142 | E7: 0.6475 | F7: 93.0441
A8: 2011 | B8: 0.9891 | C8: 0.7189 | D8: 79.701846 | E8: 0.6236 | F8: 88.8188 | H8: =A8 -> 2011 | I8: =B8/B7-1 -> -0.039895166 | J8: =C8/C7-1 -> -0.048192771 | K8: =D8/D7-1 -> -0.091542323 | L8: =E8/E7-1 -> -0.036911197 | M8: =F8/F7-1 -> -0.045411799
A9: 2012 | B9: 0.9996 | C9: 0.7781 | D9: 79.838467 | E9: 0.631 | F9: 91.6112 | H9: =A9 -> 2012 | I9: =B9/B8-1 -> 0.010615711 | J9: =C9/C8-1 -> 0.082348032 | K9: =D9/D8-1 -> 0.0017141545 | L9: =E9/E8-1 -> 0.011866581 | M9: =F9/F8-1 -> 0.03143929
A10: 2013 | B10: 1.03 | C10: 0.7531 | D10: 97.629732 | E10: 0.6395 | F10: 92.7596 | H10: =A10 -> 2013 | I10: =B10/B9-1 -> 0.030412165 | J10: =C10/C9-1 -> -0.032129546 | K10: =D10/D9-1 -> 0.22284076 | L10: =E10/E9-1 -> 0.013470681 | M10: =F10/F9-1 -> 0.012535585
A11: 2014 | B11: 1.1046 | C11: 0.754 | D11: 105.919 | E11: 0.6074 | F11: 95.6123 | H11: =A11 -> 2014 | I11: =B11/B10-1 -> 0.072427184 | J11: =C11/C10-1 -> 0.0011950604 | K11: =D11/D10-1 -> 0.084905201 | L11: =E11/E10-1 -> -0.050195465 | M11: =F11/F10-1 -> 0.03075369
A12: 2015 | B12: 1.279 | C12: 0.9013 | D12: 121.04464 | E12: 0.6544 | F12: 108.1304 | H12: =A12 -> 2015 | I12: =B12/B11-1 -> 0.15788521 | J12: =C12/C11-1 -> 0.19535809 | K12: =D12/D11-1 -> 0.14280376 | L12: =E12/E11-1 -> 0.077378992 | M12: =F12/F11-1 -> 0.13092562
A13: 2016 | B13: 1.3248 | C13: 0.9039 | D13: 108.77697 | E13: 0.7407 | F13: 113.1539 | H13: =A13 -> 2016 | I13: =B13/B12-1 -> 0.035809226 | J13: =C13/C12-1 -> 0.0028847221 | K13: =D13/D12-1 -> -0.10134826 | L13: =E13/E12-1 -> 0.13187653 | M13: =F13/F12-1 -> 0.046457795
A14: 2017 | B14: 1.2982 | C14: 0.8868 | D14: 112.15465 | E14: 0.7765 | F14: 112.8417 | H14: =A14 -> 2017 | I14: =B14/B13-1 -> -0.020078502 | J14: =C14/C13-1 -> -0.018918022 | K14: =D14/D13-1 -> 0.031051431 | L14: =E14/E13-1 -> 0.048332658 | M14: =F14/F13-1 -> -0.0027590741
A15: 2018 | B15: 1.2961 | C15: 0.8477 | D15: 110.46295 | E15: 0.75 | F15: 111.997 | H15: =A15 -> 2018 | I15: =B15/B14-1 -> -0.0016176244 | J15: =C15/C14-1 -> -0.044091114 | K15: =D15/D14-1 -> -0.015083669 | L15: =E15/E14-1 -> -0.034127495 | M15: =F15/F14-1 -> -0.0074857079
A16: 2019 | B16: 1.3268 | C16: 0.8935 | D16: 109.0333 | E16: 0.7837 | F16: 115.7205 | H16: =A16 -> 2019 | I16: =B16/B15-1 -> 0.023686444 | J16: =C16/C15-1 -> 0.054028548 | K16: =D16/D15-1 -> -0.012942395 | L16: =E16/E15-1 -> 0.044933333 | M16: =F16/F15-1 -> 0.033246426
A17: 2020 | B17: 1.3409 | C17: 0.8771 | D17: 106.76611 | E17: 0.7796 | F17: 117.7019 | H17: =A17 -> 2020 | I17: =B17/B16-1 -> 0.010627073 | J17: =C17/C16-1 -> -0.018354785 | K17: =D17/D16-1 -> -0.02079354 | L17: =E17/E16-1 -> -0.0052315937 | M17: =F17/F16-1 -> 0.01712229
A18: 2021 | B18: 1.2537 | C18: 0.8459 | D18: 109.85429 | E18: 0.7271 | F18: 113.097 | H18: =A18 -> 2021 | I18: =B18/B17-1 -> -0.065030949 | J18: =C18/C17-1 -> -0.035571771 | K18: =D18/D17-1 -> 0.028924763 | L18: =E18/E17-1 -> -0.067342227 | M18: =F18/F17-1 -> -0.039123413
A19: 2022 | B19: 1.3019 | C19: 0.9514 | D19: 131.54792 | E19: 0.8117 | F19: 120.7104 | H19: =A19 -> 2022 | I19: =B19/B18-1 -> 0.038446199 | J19: =C19/C18-1 -> 0.12471923 | K19: =D19/D18-1 -> 0.19747642 | L19: =E19/E18-1 -> 0.11635263 | M19: =F19/F18-1 -> 0.067317435
... A21: 2024 | B21: 1.37 | C21: 0.9245 | D21: 151.48233 | E21: 0.7826 | F21: 123.2276 | H21: =A21 -> 2024 | I21: =B21/B20-1 -> 0.015190811 | J21: =C21/C20-1 -> -0.00032439446 | K21: =D21/D20-1 -> 0.077574595 | L21: =E21/E20-1 -> -0.026979983 | M21: =F21/F20-1 -> 0.022773186
A23: Average | B23: =AVERAGE(B$7:B$21) -> 1.2196267 | C23: =AVERAGE(C$7:C$21) -> 0.84775333 | D23: =AVERAGE(D$7:D$21) -> 110.16816 | E23: =AVERAGE(E$7:E$21) -> 0.71730667 | F23: =AVERAGE(F$7:F$21) -> 107.92735
A24: Y/Y Change | B24: =B21/B20-1 -> 0.015190811 | C24: =C21/C20-1 -> -0.00032439446 | D24: =D21/D20-1 -> 0.077574595 | E24: =E21/E20-1 -> -0.026979983 | F24: =F21/F20-1 -> 0.022773186
A25: 5Y CAGR | B25: =((B21/B16)^(1/5))-1 -> 0.0064287184 | C25: =((C21/C16)^(1/5))-1 -> 0.0068446616 | D25: =((D21/D16)^(1/5))-1 -> 0.067973722 | E25: =((E21/E16)^(1/5))-1 -> -0.0002808774 | F25: =((F21/F16)^(1/5))-1 -> 0.012650398
A26: 10Y CAGR | B26: =((B21/B11)^(1/10))-1 -> 0.021766249 | C26: =((C21/C11)^(1/10))-1 -> 0.020595283 | D26: =((D21/D11)^(1/10))-1 -> 0.036427215 | E26: =((E21/E11)^(1/10))-1 -> 0.02566729 | F26: =((F21/F11)^(1/10))-1 -> 0.025697796
A28: Source: The Federal Reserve
A29: Note: Averages used. Index = Nominal Advanced Foreign Economies Dollar Index, includes trade-weighted (goods only) value of the dollar

Sheet 1-29
A1: Return to the Table of Contents
A3: American Depositary Receipts (ADRs)
B6: Sponsored | C6: Unsponsored | D6: Share Volume (B) | E6: Dollar Volume ($B) | G6: (Y/Y) | H6: =B6 -> Sponsored | I6: =C6 -> Unsponsored | J6: =D6 -> Share Volume (B) | K6: =E6 -> Dollar Volume ($B)
A7: 2010 | B7: 2217 | C7: 1116 | D7: 147 | E7: 3500 | G7: =A8 -> 2011 | H7: =B8/B7-1 -> 0.032476319 | I7: =C8/C7-1 -> 0.10125448 | J7: =D8/D7-1 -> 0.066666667 | K7: =E8/E7-1 -> -0.0094285714
A8: 2011 | B8: 2289 | C8: 1229 | D8: 156.8 | E8: 3467 | G8: =A9 -> 2012 | H8: =B9/B8-1 -> -0.00087374399 | I8: =C9/C8-1 -> 0.13181448 | J8: =D9/D8-1 -> -0.14859694 | K8: =E9/E8-1 -> -0.26882031
A9: 2012 | B9: 2287 | C9: 1391 | D9: 133.5 | E9: 2535 | G9: =A10 -> 2013 | H9: =B10/B9-1 -> -0.024923481 | I9: =C10/C9-1 -> 0.10136592 | J9: =D10/D9-1 -> 0.002247191 | K9: =E10/E9-1 -> -0.0098619329
A10: 2013 | B10: 2230 | C10: 1532 | D10: 133.8 | E10: 2510 | G10: =A11 -> 2014 | H10: =B11/B10-1 -> -0.034977578 | I10: =C11/C10-1 -> 0.044386423 | J10: =D11/D10-1 -> 0.071001495 | K10: =E11/E10-1 -> 0.26135458
A11: 2014 | B11: 2152 | C11: 1600 | D11: 143.3 | E11: 3166 | G11: =A12 -> 2015 | H11: =B12/B11-1 -> -0.081784387 | I11: =C12/C11-1 -> 0.01625 | J11: =D12/D11-1 -> 0.088625262 | K11: =E12/E11-1 -> -0.035691725
A12: 2015 | B12: 1976 | C12: 1626 | D12: 156 | E12: 3053 | G12: =A13 -> 2016 | H12: =B13/B12-1 -> -0.050607287 | I12: =C13/C12-1 -> -0.067650677 | J12: =D13/D12-1 -> -0.036538462 | K12: =E13/E12-1 -> -0.069112349
A13: 2016 | B13: 1876 | C13: 1516 | D13: 150.3 | E13: 2842 | G13: =A14 -> 2017 | H13: =B14/B13-1 -> -0.11940299 | I13: =C14/C13-1 -> 0.063984169 | J13: =D14/D13-1 -> -0.098469727 | K13: =E14/E13-1 -> 0.17382125
A14: 2017 | B14: 1652 | C14: 1613 | D14: 135.5 | E14: 3336 | G14: =A15 -> 2018 | H14: =B15/B14-1 -> -0.044188862 | I14: =C15/C14-1 -> -0.094234346 | J14: =D15/D14-1 -> 0.19483395 | K14: =E15/E14-1 -> 0.28297362
A15: 2018 | B15: 1579 | C15: 1461 | D15: 161.9 | E15: 4280 | G15: =A16 -> 2019 | H15: =B16/B15-1 -> -0.082330589 | I15: =C16/C15-1 -> 0.024640657 | J15: =D16/D15-1 -> -0.00061766523 | K15: =E16/E15-1 -> -0.17990654
A16: 2019 | B16: 1449 | C16: 1497 | D16: 161.8 | E16: 3510 | G16: =A17 -> 2020 | H16: =B17/B16-1 -> -0.0048309179 | I16: =C17/C16-1 -> -0.032064128 | J16: =D17/D16-1 -> 0.54264524 | K16: =E17/E16-1 -> 0.67561254
A17: 2020 | B17: 1442 | C17: 1449 | D17: 249.6 | E17: 5881.4 | G17: =A18 -> 2021 | H17: =B18/B17-1 -> -0.02704577 | I17: =C18/C17-1 -> 0.017943409 | J17: =D18/D17-1 -> 0.19911859 | K17: =E18/E17-1 -> 0.36073044
A18: 2021 | B18: 1403 | C18: 1475 | D18: 299.3 | E18: 8003 | G18: =A19 -> 2022 | H18: =B19/B18-1 -> -0.042765502 | I18: =C19/C18-1 -> -0.010169492 | J18: =D19/D18-1 -> -0.04109589 | K18: =E19/E18-1 -> -0.32062976
... A20: 2023 | B20: 1273 | C20: 1447 | D20: 193 | E20: 4136 | G20: =A21 -> 2024 | H20: =B21/B20-1 -> -0.03692066 | I20: =C21/C20-1 -> -0.00276434 | J20: =D21/D20-1 -> 0.10880829 | K20: =E21/E20-1 -> 0.28457447
A21: 2024 | B21: 1226 | C21: 1443 | D21: 214 | E21: 5313
A23: Average | B23: =AVERAGE(B$7:B$21) -> 1759.6 | C23: =AVERAGE(C$7:C$21) -> 1457 | D23: =AVERAGE(D$7:D$21) -> 181.52 | E23: =AVERAGE(E$7:E$21) -> 4064.6267
A24: Y/Y Change | B24: =B21/B20-1 -> -0.03692066 | C24: =C21/C20-1 -> -0.00276434 | D24: =D21/D20-1 -> 0.10880829 | E24: =E21/E20-1 -> 0.28457447
A25: 5Y CAGR | B25: =((B21/B16)^(1/5))-1 -> -0.032870976 | C25: =((C21/C16)^(1/5))-1 -> -0.0073208363 | D25: =((D21/D16)^(1/5))-1 -> 0.057516254 | E25: =((E21/E16)^(1/5))-1 -> 0.086441984
A26: 10Y CAGR | B26: =((B21/B11)^(1/10))-1 -> -0.05471053 | C26: =((C21/C11)^(1/10))-1 -> -0.010274785 | D26: =((D21/D11)^(1/10))-1 -> 0.040918574 | E26: =((E21/E11)^(1/10))-1 -> 0.053132197
A28: Source: Deutsche Bank
A29: Note: Trading volume includes both sponsored and unsponsored ADRs global traded amounts

Sheet 2-01
A1: Return to the Table of Contents
A3: US Fixed Income Securities Issuance – Value
A6: ($B) | B6: UST | C6: MBS | D6: Corporates | E6: Munis | F6: Agency | G6: ABS | H6: Total | J6: (Y/Y) | K6: =B6 -> UST | L6: =C6 -> MBS | M6: =D6 -> Corporates | N6: =E6 -> Munis | O6: =F6 -> Agency | P6: =G6 -> ABS | Q6: =H6 -> Total
A7: 2010 | B7: 2319.7426 | C7: 2012.5835 | D7: 1112.0758 | E7: 433.25538 | F7: 1362.1393 | G7: 125.9162 | H7: =SUM(B7:G7) -> 7365.7127
A8: 2011 | B8: 2103.2764 | C8: 1724.7878 | D8: 1059.7066 | E8: 295.11229 | F8: 1025.2727 | G8: 150.97978 | H8: =SUM(B8:G8) -> 6359.1354 | J8: =A8 -> 2011 | K8: =B8/B7-1 -> -0.09331475 | L8: =C8/C7-1 -> -0.14299814 | M8: =D8/D7-1 -> -0.047091474 | N8: =E8/E7-1 -> -0.3188491 | O8: =F8/F7-1 -> -0.24730704 | P8: =G8/G7-1 -> 0.19904966 | Q8: =H8/H7-1 -> -0.13665715
A9: 2012 | B9: 2304.5617 | C9: 2195.1216 | D9: 1411.842 | E9: 382.67667 | F9: 925.53226 | G9: 259.00757 | H9: =SUM(B9:G9) -> 7478.7418 | J9: =A9 -> 2012 | K9: =B9/B8-1 -> 0.095700847 | L9: =C9/C8-1 -> 0.27269084 | M9: =D9/D8-1 -> 0.33229529 | N9: =E9/E8-1 -> 0.29671546 | O9: =F9/F8-1 -> -0.097281833 | P9: =G9/G8-1 -> 0.71551159 | Q9: =H9/H8-1 -> 0.17606268
A10: 2013 | B10: 2140.0045 | C10: 2120.1982 | D10: 1443.4929 | E10: 335.41757 | F10: 652.91983 | G10: 304.12181 | H10: =SUM(B10:G10) -> 6996.1548 | J10: =A10 -> 2013 | K10: =B10/B9-1 -> -0.071404992 | L10: =C10/C9-1 -> -0.034131792 | M10: =D10/D9-1 -> 0.022418138 | N10: =E10/E9-1 -> -0.12349616 | O10: =F10/F9-1 -> -0.29454665 | P10: =G10/G9-1 -> 0.17418116 | Q10: =H10/H9-1 -> -0.06452784
A11: 2014 | B11: 2215.4706 | C11: 1439.6438 | D11: 1501.2255 | E11: 339.12032 | F11: 558.68978 | G11: 393.35481 | H11: =SUM(B11:G11) -> 6447.5049 | J11: =A11 -> 2014 | K11: =B11/B10-1 -> 0.035264462 | L11: =C11/C10-1 -> -0.32098621 | M11: =D11/D10-1 -> 0.039995091 | N11: =E11/E10-1 -> 0.011039225 | O11: =F11/F10-1 -> -0.14432102 | P11: =G11/G10-1 -> 0.29341206 | Q11: =H11/H10-1 -> -0.078421639
A12: 2015 | B12: 2122.5171 | C12: 1800.7036 | D12: 1531.1475 | E12: 405.11236 | F12: 645.4763 | G12: 333.39741 | H12: =SUM(B12:G12) -> 6838.3543 | J12: =A12 -> 2015 | K12: =B12/B11-1 -> -0.04195655 | L12: =C12/C11-1 -> 0.25079802 | M12: =D12/D11-1 -> 0.019931688 | N12: =E12/E11-1 -> 0.19459772 | O12: =F12/F11-1 -> 0.15533937 | P12: =G12/G11-1 -> -0.15242575 | Q12: =H12/H11-1 -> 0.060620262
A13: 2016 | B13: 2169.4434 | C13: 2044.1868 | D13: 1564.7094 | E13: 451.92968 | F13: 927.87088 | G13: 325.41973 | H13: =SUM(B13:G13) -> 7483.5598 | J13: =A13 -> 2016 | K13: =B13/B12-1 -> 0.022108805 | L13: =C13/C12-1 -> 0.13521555 | M13: =D13/D12-1 -> 0.021919417 | N13: =E13/E12-1 -> 0.11556626 | O13: =F13/F12-1 -> 0.43749798 | P13: =G13/G12-1 -> -0.023928438 | Q13: =H13/H12-1 -> 0.094350994
A14: 2017 | B14: 2224.3395 | C14: 2003.3804 | D14: 1686.2595 | E14: 449.00157 | F14: 731.31368 | G14: 550.29533 | H14: =SUM(B14:G14) -> 7644.5899 | J14: =A14 -> 2017 | K14: =B14/B13-1 -> 0.025304207 | L14: =C14/C13-1 -> -0.019962157 | M14: =D14/D13-1 -> 0.077682234 | N14: =E14/E13-1 -> -0.0064791275 | O14: =F14/F13-1 -> -0.2118368 | P14: =G14/G13-1 -> 0.69103247 | Q14: =H14/H13-1 -> 0.021517844
A15: 2018 | B15: 2684.6574 | C15: 1872.9521 | D15: 1390.9442 | E15: 346.8579 | F15: 653.588 | G15: 516.92461 | H15: =SUM(B15:G15) -> 7465.9242 | J15: =A15 -> 2018 | K15: =B15/B14-1 -> 0.20694591 | L15: =C15/C14-1 -> -0.0651041 | M15: =D15/D14-1 -> -0.17513042 | N15: =E15/E14-1 -> -0.22749067 | O15: =F15/F14-1 -> -0.10628227 | P15: =G15/G14-1 -> -0.060641461 | Q15: =H15/H14-1 -> -0.023371526
A16: 2019 | B16: 2935.4795 | C16: 2118.9339 | D16: 1464.2812 | E16: 426.37438 | F16: 989.32896 | G16: 434.65634 | H16: =SUM(B16:G16) -> 8369.0544 | J16: =A16 -> 2019 | K16: =B16/B15-1 -> 0.093427978 | L16: =C16/C15-1 -> 0.13133376 | M16: =D16/D15-1 -> 0.052724683 | N16: =E16/E15-1 -> 0.229248 | O16: =F16/F15-1 -> 0.51368899 | P16: =G16/G15-1 -> -0.15914947 | Q16: =H16/H15-1 -> 0.12096697
A17: 2020 | B17: 3895.8 | C17: 4270.9708 | D17: 2377.0704 | E17: 485.22356 | F17: 1251.3197 | G17: 304.28346 | H17: =SUM(B17:G17) -> 12584.668 | J17: =A17 -> 2020 | K17: =B17/B16-1 -> 0.32714263 | L17: =C17/C16-1 -> 1.0156224 | M17: =D17/D16-1 -> 0.62337013 | N17: =E17/E16-1 -> 0.13802232 | O17: =F17/F16-1 -> 0.26481658 | P17: =G17/G16-1 -> -0.29994474 | Q17: =H17/H16-1 -> 0.50371444
A18: 2021 | B18: 5139.1374 | C18: 4584.4066 | D18: 2060.1415 | E18: 483.40662 | F18: 631.83286 | G18: 581.89071 | H18: =SUM(B18:G18) -> 13480.816 | J18: =A18 -> 2021 | K18: =B18/B17-1 -> 0.31914815 | L18: =C18/C17-1 -> 0.07338749 | M18: =D18/D17-1 -> -0.13332754 | N18: =E18/E17-1 -> -0.003744542 | O18: =F18/F17-1 -> -0.49506679 | P18: =G18/G17-1 -> 0.91233108 | Q18: =H18/H17-1 -> 0.071209486
A19: 2022 | B19: 3826.8284 | C19: 2146.0889 | D19: 1403.7788 | E19: 391.61679 | F19: 793.94797 | G19: 302.80659 | H19: =SUM(B19:G19) -> 8865.0674 | J19: =A19 -> 2022 | K19: =B19/B18-1 -> -0.25535589 | L19: =C19/C18-1 -> -0.53187204 | M19: =D19/D18-1 -> -0.31860079 | N19: =E19/E18-1 -> -0.1898812 | O19: =F19/F18-1 -> 0.25657911 | P19: =G19/G18-1 -> -0.47961604 | Q19: =H19/H18-1 -> -0.34239384
... A21: 2024 | B21: 4671.043 | C21: 1595.0044 | D21: 1968.9364 | E21: 513.62893 | F21: 1295.7885 | G21: 388.09563 | H21: =SUM(B21:G21) -> 10432.497 | J21: =A21 -> 2024 | K21: =B21/B20-1 -> 0.32777215 | L21: =C21/C20-1 -> 0.21609178 | M21: =D21/D20-1 -> 0.30601574 | N21: =E21/E20-1 -> 0.3324138 | O21: =F21/F20-1 -> 0.0057876661 | P21: =G21/G20-1 -> 0.43283451 | Q21: =H21/H20-1 -> 0.25968865
A23: Average | B23: =AVERAGE(B$7:B$21) -> 2951.3504 | C23: =AVERAGE(C$7:C$21) -> 2216.0363 | D23: =AVERAGE(D$7:D$21) -> 1565.5468 | E23: =AVERAGE(E$7:E$21) -> 408.28144 | F23: =AVERAGE(F$7:F$21) -> 915.55685 | G23: =AVERAGE(G$7:G$21) -> 349.46724 | H23: =AVERAGE(H$7:H$21) -> 8406.2391
A24: Y/Y Change | B24: =B21/B20-1 -> 0.32777215 | C24: =C21/C20-1 -> 0.21609178 | D24: =D21/D20-1 -> 0.30601574 | E24: =E21/E20-1 -> 0.3324138 | F24: =F21/F20-1 -> 0.0057876661 | G24: =G21/G20-1 -> 0.43283451 | H24: =H21/H20-1 -> 0.25968865
A25: 5Y CAGR | B25: =((B21/B16)^(1/5))-1 -> 0.097354532 | C25: =((C21/C16)^(1/5))-1 -> -0.055223905 | D25: =((D21/D16)^(1/5))-1 -> 0.061014795 | E25: =((E21/E16)^(1/5))-1 -> 0.037938629 | F25: =((F21/F16)^(1/5))-1 -> 0.055452473 | G25: =((G21/G16)^(1/5))-1 -> -0.022405954 | H25: =((H21/H16)^(1/5))-1 -> 0.045062767
A26: 10Y CAGR | B26: =((B21/B11)^(1/10))-1 -> 0.077444199 | C26: =((C21/C11)^(1/10))-1 -> 0.010300772 | D26: =((D21/D11)^(1/10))-1 -> 0.027492298 | E26: =((E21/E11)^(1/10))-1 -> 0.042388392 | F26: =((F21/F11)^(1/10))-1 -> 0.087768155 | G26: =((G21/G11)^(1/10))-1 -> -0.0013451198 | H26: =((H21/H11)^(1/10))-1 -> 0.049299966
A28: Sources: Bloomberg, Refinitiv, Treasury, US Agencies
A29: Note: UST = US Treasuries, MBS = mortgage-backed securities, Corporates = corporate bonds, munis = municipal securities, agency = federal agency securities, ABS = asset-backed securities. Includes long-term securities only

Sheet 2-03
A1: Return to the Table of Contents
A3: US Equity Issuance – Value
A6: ($B) | B6: IPOs | C6: Secondaries | D6: Total CS | E6: Preferreds | F6: Total | H6: (Y/Y) | I6: =B6 -> IPOs | J6: =C6 -> Secondaries | K6: =D6 -> Total CS | L6: =E6 -> Preferreds | M6: =F6 -> Total
A7: 2010 | B7: 43.88043 | C7: 170.11477 | D7: 213.9952 | E7: 6.21747 | F7: 220.21267
A8: 2011 | B8: 40.14048 | C8: 140.115 | D8: 180.25548 | E8: 5.5042 | F8: 185.75968 | H8: =A8 -> 2011 | I8: =B8/B7-1 -> -0.085230477 | J8: =C8/C7-1 -> -0.17635018 | K8: =D8/D7-1 -> -0.15766578 | L8: =E8/E7-1 -> -0.1147203 | M8: =F8/F7-1 -> -0.15645326
A9: 2012 | B9: 46.42662 | C9: 184.45215 | D9: 230.87877 | E9: 34.61545 | F9: 265.49422 | H9: =A9 -> 2012 | I9: =B9/B8-1 -> 0.15660351 | J9: =C9/C8-1 -> 0.316434 | K9: =D9/D8-1 -> 0.28084189 | L9: =E9/E8-1 -> 5.2889157 | M9: =F9/F8-1 -> 0.42923491
A10: 2013 | B10: 60.12197 | C10: 194.81815 | D10: 254.94012 | E10: 30.15308 | F10: 285.0932 | H10: =A10 -> 2013 | I10: =B10/B9-1 -> 0.29498917 | J10: =C10/C9-1 -> 0.056198857 | K10: =D10/D9-1 -> 0.10421638 | L10: =E10/E9-1 -> -0.12891267 | M10: =F10/F9-1 -> 0.073820741
A11: 2014 | B11: 93.51171 | C11: 171.93166 | D11: 265.44337 | E11: 38.54185 | F11: 303.98522 | H11: =A11 -> 2014 | I11: =B11/B10-1 -> 0.5553667 | J11: =C11/C10-1 -> -0.11747617 | K11: =D11/D10-1 -> 0.04119889 | L11: =E11/E10-1 -> 0.27820607 | M11: =F11/F10-1 -> 0.066266119
A12: 2015 | B12: 32.15246 | C12: 184.5334 | D12: 216.68586 | E12: 32.13695 | F12: 248.82281 | H12: =A12 -> 2015 | I12: =B12/B11-1 -> -0.65616648 | J12: =C12/C11-1 -> 0.073295052 | K12: =D12/D11-1 -> -0.18368328 | L12: =E12/E11-1 -> -0.1661804 | M12: =F12/F11-1 -> -0.18146412
A13: 2016 | B13: 20.73423 | C13: 157.33392 | D13: 178.06815 | E13: 24.95458 | F13: 203.02273 | H13: =A13 -> 2016 | I13: =B13/B12-1 -> -0.35512773 | J13: =C13/C12-1 -> -0.14739597 | K13: =D13/D12-1 -> -0.1782198 | L13: =E13/E12-1 -> -0.22349258 | M13: =F13/F12-1 -> -0.18406705
A14: 2017 | B14: 39.22264 | C14: 154.77422 | D14: 193.99686 | E14: 25.791 | F14: 219.78786 | H14: =A14 -> 2017 | I14: =B14/B13-1 -> 0.89168539 | J14: =C14/C13-1 -> -0.016269219 | K14: =D14/D13-1 -> 0.089452886 | L14: =E14/E13-1 -> 0.033517695 | M14: =F14/F13-1 -> 0.082577601
A15: 2018 | B15: 49.85802 | C15: 154.62206 | D15: 204.48008 | E15: 17.155 | F15: 221.63508 | H15: =A15 -> 2018 | I15: =B15/B14-1 -> 0.27115411 | J15: =C15/C14-1 -> -0.00098310946 | K15: =D15/D14-1 -> 0.054038091 | L15: =E15/E14-1 -> -0.33484549 | M15: =F15/F14-1 -> 0.0084045588
A16: 2019 | B16: 48.79809 | C16: 145.33659 | D16: 194.13468 | E16: 33.975 | F16: 228.10968 | H16: =A16 -> 2019 | I16: =B16/B15-1 -> -0.021258967 | J16: =C16/C15-1 -> -0.060052686 | K16: =D16/D15-1 -> -0.050593681 | L16: =E16/E15-1 -> 0.98047217 | M16: =F16/F15-1 -> 0.029212885
A17: 2020 | B17: 85.44225 | C17: 258.29197 | D17: 343.73422 | E17: 46.5843 | F17: 390.31852 | H17: =A17 -> 2020 | I17: =B17/B16-1 -> 0.75093431 | J17: =C17/C16-1 -> 0.7771985 | K17: =D17/D16-1 -> 0.77059668 | L17: =E17/E16-1 -> 0.37113466 | M17: =F17/F16-1 -> 0.7111002
A18: 2021 | B18: 153.57734 | C18: 222.81907 | D18: 376.39641 | E18: 58.03316 | F18: 434.42957 | H18: =A18 -> 2021 | I18: =B18/B17-1 -> 0.79744026 | J18: =C18/C17-1 -> -0.13733644 | K18: =D18/D17-1 -> 0.095021642 | L18: =E18/E17-1 -> 0.24576649 | M18: =F18/F17-1 -> 0.11301296
A19: 2022 | B19: 8.54046 | C19: 77.482 | D19: 86.02246 | E19: 12.3536 | F19: 98.37606 | H19: =A19 -> 2022 | I19: =B19/B18-1 -> -0.94438984 | J19: =C19/C18-1 -> -0.65226495 | K19: =D19/D18-1 -> -0.77145781 | L19: =E19/E18-1 -> -0.7871286 | M19: =F19/F18-1 -> -0.77355119
... A21: 2024 | B21: 31.35514 | C21: 169.79505 | D21: 201.15019 | E21: 21.775 | F21: 222.92519 | H21: =A21 -> 2024 | I21: =B21/B20-1 -> 0.55871799 | J21: =C21/C20-1 -> 0.59167589 | K21: =D21/D20-1 -> 0.58644705 | L21: =E21/E20-1 -> 0.85051415 | M21: =F21/F20-1 -> 0.60887257
A23: Average | B23: =AVERAGE(B$7:B$21) -> 51.591855 | C23: =AVERAGE(C$7:C$21) -> 166.20646 | D23: =AVERAGE(D$7:D$21) -> 217.79832 | E23: =AVERAGE(E$7:E$21) -> 26.637176 | F23: =AVERAGE(F$7:F$21) -> 244.43549
A24: Y/Y Change | B24: =B21/B20-1 -> 0.55871799 | C24: =C21/C20-1 -> 0.59167589 | D24: =D21/D20-1 -> 0.58644705 | E24: =E21/E20-1 -> 0.85051415 | F24: =F21/F20-1 -> 0.60887257
A25: 5Y CAGR | B25: =((B21/B16)^(1/5))-1 -> -0.08466265 | C25: =((C21/C16)^(1/5))-1 -> 0.031596861 | D25: =((D21/D16)^(1/5))-1 -> 0.0071252039 | E25: =((E21/E16)^(1/5))-1 -> -0.085129256 | F25: =((F21/F16)^(1/5))-1 -> -0.0045875094
A26: 10Y CAGR | B26: =((B21/B11)^(1/10))-1 -> -0.10351243 | C26: =((C21/C11)^(1/10))-1 -> -0.0012497135 | D26: =((D21/D11)^(1/10))-1 -> -0.027353885 | E26: =((E21/E11)^(1/10))-1 -> -0.055498699 | F26: =((F21/F11)^(1/10))-1 -> -0.030538275
A28: Source: Dealogic
A29: Note: Includes rank eligible deals, excludes BDCs, SPACs, ETFs, CLEFs and rights offers. IPO = initial public offering, secondaries = secondary offerings or follow-ons, preferreds = preferred stock

Sheet 2-05
A1: Return to the Table of Contents
A3: US Corporate Bond and Equity Issuance - Charts
A6: ($B) | B6: Corporates | C6: Equity | D6: Total | F6: (Y/Y) | G6: =B6 -> Corporates | H6: =C6 -> Equity | I6: =D6 -> Total
A7: ='2-01'!A7 -> 2010 | B7: ='2-01'!D7 -> 1112.0758 | C7: ='2-03'!F7 -> 220.21267 | D7: =B7+C7 -> 1332.2885
A8: ='2-01'!A8 -> 2011 | B8: ='2-01'!D8 -> 1059.7066 | C8: ='2-03'!F8 -> 185.75968 | D8: =B8+C8 -> 1245.4662 | F8: =A8 -> 2011 | G8: =B8/B7-1 -> -0.047091474 | H8: =C8/C7-1 -> -0.15645326 | I8: =D8/D7-1 -> -0.065167777
A9: ='2-01'!A9 -> 2012 | B9: ='2-01'!D9 -> 1411.842 | C9: ='2-03'!F9 -> 265.49422 | D9: =B9+C9 -> 1677.3363 | F9: =A9 -> 2012 | G9: =B9/B8-1 -> 0.33229529 | H9: =C9/C8-1 -> 0.42923491 | I9: =D9/D8-1 -> 0.34675371
A10: ='2-01'!A10 -> 2013 | B10: ='2-01'!D10 -> 1443.4929 | C10: ='2-03'!F10 -> 285.0932 | D10: =B10+C10 -> 1728.5861 | F10: =A10 -> 2013 | G10: =B10/B9-1 -> 0.022418138 | H10: =C10/C9-1 -> 0.073820741 | I10: =D10/D9-1 -> 0.030554309
A11: ='2-01'!A11 -> 2014 | B11: ='2-01'!D11 -> 1501.2255 | C11: ='2-03'!F11 -> 303.98522 | D11: =B11+C11 -> 1805.2108 | F11: =A11 -> 2014 | G11: =B11/B10-1 -> 0.039995091 | H11: =C11/C10-1 -> 0.066266119 | I11: =D11/D10-1 -> 0.044327933
A12: ='2-01'!A12 -> 2015 | B12: ='2-01'!D12 -> 1531.1475 | C12: ='2-03'!F12 -> 248.82281 | D12: =B12+C12 -> 1779.9703 | F12: =A12 -> 2015 | G12: =B12/B11-1 -> 0.019931688 | H12: =C12/C11-1 -> -0.18146412 | I12: =D12/D11-1 -> -0.013981996
A13: ='2-01'!A13 -> 2016 | B13: ='2-01'!D13 -> 1564.7094 | C13: ='2-03'!F13 -> 203.02273 | D13: =B13+C13 -> 1767.7321 | F13: =A13 -> 2016 | G13: =B13/B12-1 -> 0.021919417 | H13: =C13/C12-1 -> -0.18406705 | I13: =D13/D12-1 -> -0.0068755191
A14: ='2-01'!A14 -> 2017 | B14: ='2-01'!D14 -> 1686.2595 | C14: ='2-03'!F14 -> 219.78786 | D14: =B14+C14 -> 1906.0473 | F14: =A14 -> 2017 | G14: =B14/B13-1 -> 0.077682234 | H14: =C14/C13-1 -> 0.082577601 | I14: =D14/D13-1 -> 0.078244464
A15: ='2-01'!A15 -> 2018 | B15: ='2-01'!D15 -> 1390.9442 | C15: ='2-03'!F15 -> 221.63508 | D15: =B15+C15 -> 1612.5792 | F15: =A15 -> 2018 | G15: =B15/B14-1 -> -0.17513042 | H15: =C15/C14-1 -> 0.0084045588 | I15: =D15/D14-1 -> -0.15396686
A16: ='2-01'!A16 -> 2019 | B16: ='2-01'!D16 -> 1464.2812 | C16: ='2-03'!F16 -> 228.10968 | D16: =B16+C16 -> 1692.3909 | F16: =A16 -> 2019 | G16: =B16/B15-1 -> 0.052724683 | H16: =C16/C15-1 -> 0.029212885 | I16: =D16/D15-1 -> 0.04949319
A17: ='2-01'!A17 -> 2020 | B17: ='2-01'!D17 -> 2377.0704 | C17: ='2-03'!F17 -> 390.31852 | D17: =B17+C17 -> 2767.3889 | F17: =A17 -> 2020 | G17: =B17/B16-1 -> 0.62337013 | H17: =C17/C16-1 -> 0.7111002 | I17: =D17/D16-1 -> 0.63519486
A18: ='2-01'!A18 -> 2021 | B18: ='2-01'!D18 -> 2060.1415 | C18: ='2-03'!F18 -> 434.42957 | D18: =B18+C18 -> 2494.571 | F18: =A18 -> 2021 | G18: =B18/B17-1 -> -0.13332754 | H18: =C18/C17-1 -> 0.11301296 | I18: =D18/D17-1 -> -0.098583143
A19: ='2-01'!A19 -> 2022 | B19: ='2-01'!D19 -> 1403.7788 | C19: ='2-03'!F19 -> 98.37606 | D19: =B19+C19 -> 1502.1548 | F19: =A19 -> 2022 | G19: =B19/B18-1 -> -0.31860079 | H19: =C19/C18-1 -> -0.77355119 | I19: =D19/D18-1 -> -0.39783041
... A21: ='2-01'!A21 -> 2024 | B21: ='2-01'!D21 -> 1968.9364 | C21: ='2-03'!F21 -> 222.92519 | D21: =B21+C21 -> 2191.8616 | F21: =A21 -> 2024 | G21: =B21/B20-1 -> 0.30601574 | H21: =C21/C20-1 -> 0.60887257 | I21: =D21/D20-1 -> 0.33150783
A23: Average | B23: =AVERAGE(B$7:B$21) -> 1565.5468 | C23: =AVERAGE(C$7:C$21) -> 244.43549 | D23: =AVERAGE(D$7:D$21) -> 1809.9823
A24: Y/Y Change | B24: =B21/B20-1 -> 0.30601574 | C24: =C21/C20-1 -> 0.60887257 | D24: =D21/D20-1 -> 0.33150783
A25: 5Y CAGR | B25: =((B21/B16)^(1/5))-1 -> 0.061014795 | C25: =((C21/C16)^(1/5))-1 -> -0.0045875094 | D25: =((D21/D16)^(1/5))-1 -> 0.053082727
A26: 10Y CAGR | B26: =((B21/B11)^(1/10))-1 -> 0.027492298 | C26: =((C21/C11)^(1/10))-1 -> -0.030538275 | D26: =((D21/D11)^(1/10))-1 -> 0.019596936
A29: Source: Bloomberg, Dealogic, Refinitiv
A30: Note: Corporates include underwritten, privately placed, and medium-term notes; US IPOs include rank eligible deals, exclude BDCs, SPACs, ETFs, CLEFs and rights offers

Sheet 2-13
A1: Return to the Table of Contents
A3: US Stock Market Capitalization
A6: ($B) | B6: NYSE | C6: Nasdaq | D6: Total | F6: (Y/Y) | G6: NYSE | H6: Nasdaq | I6: Total
A7: 40543 | B7: 13394.082 | C7: 3889.3699 | D7: 17283.452
A8: 40908 | B8: 11795.575 | C8: 3845.1316 | D8: 15640.707 | F8: =A8 -> 40908 | G8: =B8/B7-1 -> -0.11934423 | H8: =C8/C7-1 -> -0.011374153 | I8: =D8/D7-1 -> -0.095047255
A9: 41274 | B9: 14085.944 | C9: 4582.3891 | D9: 18668.333 | F9: =A9 -> 41274 | G9: =B9/B8-1 -> 0.19417185 | H9: =C9/C8-1 -> 0.19173791 | I9: =D9/D8-1 -> 0.19357349
A10: 41639 | B10: 17949.884 | C10: 6084.9697 | D10: 24034.854 | F10: =A10 -> 41639 | G10: =B10/B9-1 -> 0.27431173 | H10: =C10/C9-1 -> 0.32790333 | I10: =D10/D9-1 -> 0.28746649
A11: 42004 | B11: 19351.417 | C11: 6979.1719 | D11: 26330.589 | F11: =A11 -> 42004 | G11: =B11/B10-1 -> 0.078080363 | H11: =C11/C10-1 -> 0.14695262 | I11: =D11/D10-1 -> 0.09551694
A12: 42369 | B12: 17786.787 | C12: 7280.7522 | D12: 25067.54 | F12: =A12 -> 42369 | G12: =B12/B11-1 -> -0.0808535 | H12: =C12/C11-1 -> 0.043211461 | I12: =D12/D11-1 -> -0.047968907
A13: 42735 | B13: 19573.074 | C13: 7779.127 | D13: 27352.201 | F13: =A13 -> 42735 | G13: =B13/B12-1 -> 0.10042771 | H13: =C13/C12-1 -> 0.068451013 | I13: =D13/D12-1 -> 0.091140222
A14: 43100 | B14: 22081.367 | C14: 10039.336 | D14: 32120.703 | F14: =A14 -> 43100 | G14: =B14/B13-1 -> 0.1281502 | H14: =C14/C13-1 -> 0.29054785 | I14: =D14/D13-1 -> 0.17433705
A15: 43465 | B15: 20679.477 | C15: 9756.8361 | D15: 30436.313 | F15: =A15 -> 43465 | G15: =B15/B14-1 -> -0.063487469 | H15: =C15/C14-1 -> -0.028139262 | I15: =D15/D14-1 -> -0.052439376
A16: 43830 | B16: 21083.679 | C16: 13002.048 | D16: 34085.727 | F16: =A16 -> 43830 | G16: =B16/B15-1 -> 0.019546067 | H16: =C16/C15-1 -> 0.33260904 | I16: =D16/D15-1 -> 0.1199033
A17: 44196 | B17: 22509.489 | C17: 19060.372 | D17: 41569.862 | F17: =A17 -> 44196 | G17: =B17/B16-1 -> 0.067626247 | H17: =C17/C16-1 -> 0.46595154 | I17: =D17/D16-1 -> 0.21956798
A18: 44561 | B18: 23991.464 | C18: 24557.074 | D18: 48548.538 | F18: =A18 -> 44561 | G18: =B18/B17-1 -> 0.065837775 | H18: =C18/C17-1 -> 0.28838375 | I18: =D18/D17-1 -> 0.16787827
A19: 44926 | B19: 24060.386 | C19: 16237.594 | D19: 40297.98 | F19: =A19 -> 44926 | G19: =B19/B18-1 -> 0.0028727613 | H19: =C19/C18-1 -> -0.33878139 | I19: =D19/D18-1 -> -0.16994452
... A21: 45657 | B21: 31576.034 | C21: 30609.651 | D21: 62185.685 | F21: =A21 -> 45657 | G21: =B21/B20-1 -> 0.23514437 | H21: =C21/C20-1 -> 0.30728088 | I21: =D21/D20-1 -> 0.26962944
A23: Average | B23: =AVERAGE(B$7:B$21) -> 20365.554 | C23: =AVERAGE(C$7:C$21) -> 12474.571 | D23: =AVERAGE(D$7:D$21) -> 32840.125
A24: Y/Y Change | B24: =B21/B20-1 -> 0.23514437 | C24: =C21/C20-1 -> 0.30728088 | D24: =D21/D20-1 -> 0.26962944
A25: 5Y CAGR | B25: =((B21/B16)^(1/5))-1 -> 0.08413218 | C25: =((C21/C16)^(1/5))-1 -> 0.18677755 | D25: =((D21/D16)^(1/5))-1 -> 0.12777788
A26: 10Y CAGR | B26: =((B21/B11)^(1/10))-1 -> 0.050181783 | C26: =((C21/C11)^(1/10))-1 -> 0.15932566 | D26: =((D21/D11)^(1/10))-1 -> 0.089740232
A28: Source: World Federation of Exchanges
A29: Note: Includes market capitalization of domestic companies only.

Sheet 2-14
A1: Return to the Table of Contents
A3: US Stock Market Indices
A6: ($) | B6: DJIA | C6: S&P 500 | D6: Nasdaq | E6: Russell 2000 | G6: (Y/Y) | H6: =B6 -> DJIA | I6: =C6 -> S&P 500 | J6: =D6 -> Nasdaq | K6: =E6 -> Russell 2000
A7: 40543 | B7: 11577.51 | C7: 1257.64 | D7: 2652.87 | E7: 783.647
A8: 40907 | B8: 12217.56 | C8: 1257.61 | D8: 2605.15 | E8: 740.916 | G8: =A8 -> 40907 | H8: =B8/B7-1 -> 0.055283908 | I8: =C8/C7-1 -> -2.3854203e-05 | J8: =D8/D7-1 -> -0.017988066 | K8: =E8/E7-1 -> -0.054528378
A9: 41274 | B9: 13104.14 | C9: 1426.19 | D9: 3019.51 | E9: 849.35 | G9: =A9 -> 41274 | H9: =B9/B8-1 -> 0.072566044 | I9: =C9/C8-1 -> 0.13404792 | J9: =D9/D8-1 -> 0.15905418 | K9: =E9/E8-1 -> 0.14635127
A10: 41639 | B10: 16576.66 | C10: 1848.36 | D10: 4176.59 | E10: 1163.637 | G10: =A10 -> 41639 | H10: =B10/B9-1 -> 0.26499412 | I10: =C10/C9-1 -> 0.29601245 | J10: =D10/D9-1 -> 0.38320125 | K10: =E10/E9-1 -> 0.37003238
A11: 42004 | B11: 17823.07 | C11: 2058.9 | D11: 4736.05 | E11: 1204.696 | G11: =A11 -> 42004 | H11: =B11/B10-1 -> 0.07519066 | I11: =C11/C10-1 -> 0.11390638 | J11: =D11/D10-1 -> 0.13395138 | K11: =E11/E10-1 -> 0.035285059
A12: 42369 | B12: 17425.03 | C12: 2043.94 | D12: 5007.41 | E12: 1135.889 | G12: =A12 -> 42369 | H12: =B12/B11-1 -> -0.022332853 | I12: =C12/C11-1 -> -0.0072660158 | J12: =D12/D11-1 -> 0.057296692 | K12: =E12/E11-1 -> -0.057115654
A13: 42734 | B13: 19762.6 | C13: 2238.83 | D13: 5383.12 | E13: 1357.13 | G13: =A13 -> 42734 | H13: =B13/B12-1 -> 0.13415013 | I13: =C13/C12-1 -> 0.095350157 | J13: =D13/D12-1 -> 0.075030804 | K13: =E13/E12-1 -> 0.19477343
A14: 43098 | B14: 24719.22 | C14: 2673.61 | D14: 6903.39 | E14: 1535.511 | G14: =A14 -> 43098 | H14: =B14/B13-1 -> 0.25080809 | I14: =C14/C13-1 -> 0.19419965 | J14: =D14/D13-1 -> 0.28241429 | K14: =E14/E13-1 -> 0.13143988
A15: 43465 | B15: 23327.46 | C15: 2506.85 | D15: 6635.28 | E15: 1348.559 | G15: =A15 -> 43465 | H15: =B15/B14-1 -> -0.056302747 | I15: =C15/C14-1 -> -0.062372597 | J15: =D15/D14-1 -> -0.038837441 | K15: =E15/E14-1 -> -0.1217523
A16: 43830 | B16: 28538.44 | C16: 3230.78 | D16: 8972.6 | E16: 1668.469 | G16: =A16 -> 43830 | H16: =B16/B15-1 -> 0.22338394 | I16: =C16/C15-1 -> 0.28878074 | J16: =D16/D15-1 -> 0.35225642 | K16: =E16/E15-1 -> 0.23722358
A17: 44196 | B17: 30606.48 | C17: 3756.07 | D17: 12888.28 | E17: 1974.855 | G17: =A17 -> 44196 | H17: =B17/B16-1 -> 0.072465068 | I17: =C17/C16-1 -> 0.16258922 | J17: =D17/D16-1 -> 0.43640416 | K17: =E17/E16-1 -> 0.18363302
A18: 44561 | B18: 36338.3 | C18: 4766.18 | D18: 15644.97 | E18: 2245.313 | G18: =A18 -> 44561 | H18: =B18/B17-1 -> 0.18727472 | I18: =C18/C17-1 -> 0.26892736 | J18: =D18/D17-1 -> 0.21389123 | K18: =E18/E17-1 -> 0.13695081
A19: 44925 | B19: 33147.25 | C19: 3839.5 | D19: 10466.48 | E19: 1761.246 | G19: =A19 -> 44925 | H19: =B19/B18-1 -> -0.08781506 | I19: =C19/C18-1 -> -0.19442824 | J19: =D19/D18-1 -> -0.33100032 | K19: =E19/E18-1 -> -0.21558999
... A21: 45657 | B21: 42544.22 | C21: 5881.63 | D21: 19310.79 | E21: 2230.158 | G21: =A21 -> 45657 | H21: =B21/B20-1 -> 0.12880709 | I21: =C21/C20-1 -> 0.23309007 | J21: =D21/D20-1 -> 0.28641261 | K21: =E21/E20-1 -> 0.10018579
A23: Average | B23: =AVERAGE(B$7:B$21) -> 24359.832 | C23: =AVERAGE(C$7:C$21) -> 2903.728 | D23: =AVERAGE(D$7:D$21) -> 8227.5893 | E23: =AVERAGE(E$7:E$21) -> 1468.43
A24: Y/Y Change | B24: =B21/B20-1 -> 0.12880709 | C24: =C21/C20-1 -> 0.23309007 | D24: =D21/D20-1 -> 0.28641261 | E24: =E21/E20-1 -> 0.10018579
A25: 5Y CAGR | B25: =((B21/B16)^(1/5))-1 -> 0.083133697 | C25: =((C21/C16)^(1/5))-1 -> 0.12729625 | D25: =((D21/D16)^(1/5))-1 -> 0.16567195 | E25: =((E21/E16)^(1/5))-1 -> 0.059750178
A26: 10Y CAGR | B26: =((B21/B11)^(1/10))-1 -> 0.090902169 | C26: =((C21/C11)^(1/10))-1 -> 0.11067308 | D26: =((D21/D11)^(1/10))-1 -> 0.15090208 | E26: =((E21/E11)^(1/10))-1 -> 0.06352038
A28: Source: Bloomberg
A29: Note: At year end, DJIA = Dow Jones Industrial Average

Sheet 2-15
A1: Return to the Table of Contents
A3: US Interest Rates and Bond Yields
B6: 3M UST | C6: 2Y UST | D6: 10Y UST | E6: 30Y UST | F6: Aaa Corporates | G6: Baa Corporates | H6: 20Y HG Munis | I6: Prime | J6: Fed Funds | L6: (Y/Y) | M6: =B6 -> 3M UST | N6: =C6 -> 2Y UST | O6: =D6 -> 10Y UST | P6: =E6 -> 30Y UST | Q6: =F6 -> Aaa Corporates | R6: =G6 -> Baa Corporates | S6: =H6 -> 20Y HG Munis | T6: =I6 -> Prime | U6: =J6 -> Fed Funds
A7: 40543 | B7: 0.13844622 | C7: 0.70334661 | D7: 3.2150598 | E7: 4.2510757 | F7: 4.9409921 | G7: 6.0382937 | H7: 4.16 | I7: 3.25 | J7: 0.17702381
A8: 40908 | B8: 0.05284 | C8: 0.44936 | D8: 2.78164 | E8: 3.9108 | F8: 4.63812 | G8: 5.66164 | H8: 4.29 | I8: 3.25 | J8: 0.10183267 | L8: =A8 -> 40908 | M8: =B8-B7 -> -0.085606215 | N8: =C8-C7 -> -0.25398661 | O8: =D8-D7 -> -0.43341976 | P8: =E8-E7 -> -0.3402757 | Q8: =F8-F7 -> -0.30287206 | R8: =G8-G7 -> -0.37665365 | S8: =H8-H7 -> 0.13 | T8: =I8-I7 -> 0 | U8: =J8-J7 -> -0.07519114
A9: 41274 | B9: 0.0876 | C9: 0.27616 | D9: 1.80344 | E9: 2.92168 | F9: 3.67248 | G9: 4.939 | H9: 3.2499301 | I9: 3.25 | J9: 0.14211155 | L9: =A9 -> 41274 | M9: =B9-B8 -> 0.03476 | N9: =C9-C8 -> -0.1732 | O9: =D9-D8 -> -0.9782 | P9: =E9-E8 -> -0.98912 | Q9: =F9-F8 -> -0.96564 | R9: =G9-G8 -> -0.72264 | S9: =H9-H8 -> -1.0400699 | T9: =I9-I8 -> 0 | U9: =J9-J8 -> 0.040278884
A10: 41639 | B10: 0.05708 | C10: 0.30708 | D10: 2.35016 | E10: 3.44616 | F10: 4.23424 | G10: 5.10104 | H10: 3.9621659 | I10: 3.25 | J10: 0.10780876 | L10: =A10 -> 41639 | M10: =B10-B9 -> -0.03052 | N10: =C10-C9 -> 0.03092 | O10: =D10-D9 -> 0.54672 | P10: =E10-E9 -> 0.52448 | Q10: =F10-F9 -> 0.56176 | R10: =G10-G9 -> 0.16204 | S10: =H10-H9 -> 0.71223584 | T10: =I10-I9 -> 0 | U10: =J10-J9 -> -0.034302789
A11: 42004 | B11: 0.03272 | C11: 0.46208 | D11: 2.53956 | E11: 3.33816 | F11: 4.16032 | G11: 4.85228 | H11: 3.779514 | I11: 3.25 | J11: 0.089003984 | L11: =A11 -> 42004 | M11: =B11-B10 -> -0.02436 | N11: =C11-C10 -> 0.155 | O11: =D11-D10 -> 0.1894 | P11: =E11-E10 -> -0.108 | Q11: =F11-F10 -> -0.07392 | R11: =G11-G10 -> -0.24876 | S11: =H11-H10 -> -0.18265191 | T11: =I11-I10 -> 0 | U11: =J11-J10 -> -0.018804781
A12: 42369 | B12: 0.05250996 | C12: 0.68677291 | D12: 2.1382869 | E12: 2.840996 | F12: 3.8888048 | G12: 5.000757 | H12: 3.4759949 | I12: 3.2599206 | J12: 0.13428571 | L12: =A12 -> 42369 | M12: =B12-B11 -> 0.01978996 | N12: =C12-C11 -> 0.22469291 | O12: =D12-D11 -> -0.40127315 | P12: =E12-E11 -> -0.49716398 | Q12: =F12-F11 -> -0.27151522 | R12: =G12-G11 -> 0.14847697 | S12: =H12-H11 -> -0.30351907 | T12: =I12-I11 -> 0.0099206349 | U12: =J12-J11 -> 0.04528173
A13: 42735 | B13: 0.31936 | C13: 0.8342 | D13: 1.83744 | E13: 2.5944 | F13: 3.65996 | G13: 4.70788 | H13: 3.0679919 | I13: 3.5109562 | J13: 0.39466135 | L13: =A13 -> 42735 | M13: =B13-B12 -> 0.26685004 | N13: =C13-C12 -> 0.14742709 | O13: =D13-D12 -> -0.30084685 | P13: =E13-E12 -> -0.24659602 | Q13: =F13-F12 -> -0.22884478 | R13: =G13-G12 -> -0.29287697 | S13: =H13-H12 -> -0.40800303 | T13: =I13-I12 -> 0.25103554 | U13: =J13-J12 -> 0.26037564
A14: 43100 | B14: 0.94896 | C14: 1.3992 | D14: 2.32948 | E14: 2.89404 | F14: 3.74292 | G14: 4.43952 | H14: 3.3607221 | I14: 4.0972222 | J14: 1.0037052 | L14: =A14 -> 43100 | M14: =B14-B13 -> 0.6296 | N14: =C14-C13 -> 0.565 | O14: =D14-D13 -> 0.49204 | P14: =E14-E13 -> 0.29964 | Q14: =F14-F13 -> 0.08296 | R14: =G14-G13 -> -0.26836 | S14: =H14-H13 -> 0.29273017 | T14: =I14-I13 -> 0.58626605 | U14: =J14-J13 -> 0.60904382
A15: 43465 | B15: 1.9716867 | C15: 2.5270683 | D15: 2.911245 | E15: 3.1115663 | F15: 3.92908 | G15: 4.7992 | H15: 3.5290192 | I15: 4.9023904 | J15: 1.8310359 | L15: =A15 -> 43465 | M15: =B15-B14 -> 1.0227267 | N15: =C15-C14 -> 1.1278683 | O15: =D15-D14 -> 0.58176498 | P15: =E15-E14 -> 0.21752627 | Q15: =F15-F14 -> 0.18616 | R15: =G15-G14 -> 0.35968 | S15: =H15-H14 -> 0.16829712 | T15: =I15-I14 -> 0.80516822 | U15: =J15-J14 -> 0.82733068
A16: 43830 | B16: 2.10576 | C16: 1.9688 | D16: 2.1414 | E16: 2.5804 | F16: 3.38648 | G16: 4.3728 | H16: 3.3791751 | I16: 5.2875494 | J16: 2.1630677 | L16: =A16 -> 43830 | M16: =B16-B15 -> 0.13407325 | N16: =C16-C15 -> -0.55826827 | O16: =D16-D15 -> -0.76984498 | P16: =E16-E15 -> -0.53116627 | Q16: =F16-F15 -> -0.5426 | R16: =G16-G15 -> -0.4264 | S16: =H16-H15 -> -0.14984407 | T16: =I16-I15 -> 0.38515897 | U16: =J16-J15 -> 0.33203187
A17: 44196 | B17: 0.36027888 | C17: 0.38864542 | D17: 0.88920319 | E17: 1.5561355 | F17: 2.4759761 | G17: 3.604741 | H17: 2.4076517 | I17: 3.5306324 | J17: 0.36264822 | L17: =A17 -> 44196 | M17: =B17-B16 -> -1.7454811 | N17: =C17-C16 -> -1.5801546 | O17: =D17-D16 -> -1.2521968 | P17: =E17-E16 -> -1.0242645 | Q17: =F17-F16 -> -0.9105039 | R17: =G17-G16 -> -0.76805896 | S17: =H17-H16 -> -0.97152338 | T17: =I17-I16 -> -1.756917 | U17: =J17-J16 -> -1.8004195
A18: 44561 | B18: 0.044900398 | C18: 0.26545817 | D18: 1.4468526 | E18: 2.0555777 | F18: 2.70536 | G18: 3.39592 | H18: 2.005681 | I18: 3.25 | J18: 0.078769841 | L18: =A18 -> 44561 | M18: =B18-B17 -> -0.31537849 | N18: =C18-C17 -> -0.12318725 | O18: =D18-D17 -> 0.5576494 | P18: =E18-E17 -> 0.49944223 | Q18: =F18-F17 -> 0.2293839 | R18: =G18-G17 -> -0.20882104 | S18: =H18-H17 -> -0.40197075 | T18: =I18-I17 -> -0.28063241 | U18: =J18-J17 -> -0.28387838
A19: 44926 | B19: 2.0853815 | C19: 2.9861847 | D19: 2.9505622 | E19: 3.1131325 | F19: 4.0782 | G19: 5.07844 | H19: 3.8507905 | I19: 4.8486056 | J19: 1.67596 | L19: =A19 -> 44926 | M19: =B19-B18 -> 2.0404811 | N19: =C19-C18 -> 2.7207266 | O19: =D19-D18 -> 1.5037097 | P19: =E19-E18 -> 1.0575548 | Q19: =F19-F18 -> 1.37284 | R19: =G19-G18 -> 1.68252 | S19: =H19-H18 -> 1.8451095 | T19: =I19-I18 -> 1.5986056 | U19: =J19-J18 -> 1.5971902
... A21: 45657 | B21: 5.18132 | C21: 4.37236 | D21: 4.20796 | E21: 4.40728 | F21: 5.04384 | G21: 5.755 | H21: 4.2075824 | I21: 8.3146718 | J21: 5.1477291 | L21: =A21 -> 45657 | M21: =B21-B20 -> -0.09752 | N21: =C21-C20 -> -0.2106 | O21: =D21-D20 -> 0.24896 | P21: =E21-E20 -> 0.31248 | Q21: =F21-F20 -> 0.22890024 | R21: =G21-G20 -> -0.11299197 | S21: =H21-H20 -> -0.1034755 | T21: =I21-I20 -> 0.11407893 | U21: =J21-J20 -> 0.12152908
A23: Average | B23: =AVERAGE(B$7:B$21) -> 1.2478456 | C23: =AVERAGE(C$7:C$21) -> 1.4806451 | D23: =AVERAGE(D$7:D$21) -> 2.500086 | E23: =AVERAGE(E$7:E$21) -> 3.1410802 | F23: =AVERAGE(F$7:F$21) -> 3.9581142 | G23: =AVERAGE(G$7:G$21) -> 4.9076336 | H23: =AVERAGE(H$7:H$21) -> 3.5358185 | I23: =AVERAGE(I$7:I$21) -> 4.3635028 | J23: =AVERAGE(J$7:J$21) -> 1.2290563
A24: Y/Y Change | B24: =B21-B20 -> -0.09752 | C24: =C21-C20 -> -0.2106 | D24: =D21-D20 -> 0.24896 | E24: =E21-E20 -> 0.31248 | F24: =F21-F20 -> 0.22890024 | G24: =G21-G20 -> -0.11299197 | H24: =H21-H20 -> -0.1034755 | I24: =I21-I20 -> 0.11407893 | J24: =J21-J20 -> 0.12152908
A25: 5Y CAGR | B25: =((B21/B16)^(1/5))-1 -> 0.19730917 | C25: =((C21/C16)^(1/5))-1 -> 0.1730131 | D25: =((D21/D16)^(1/5))-1 -> 0.1446554 | E25: =((E21/E16)^(1/5))-1 -> 0.11300399 | F25: =((F21/F16)^(1/5))-1 -> 0.082935417 | G25: =((G21/G16)^(1/5))-1 -> 0.056469936 | H25: =((H21/H16)^(1/5))-1 -> 0.044827 | I25: =((I21/I16)^(1/5))-1 -> 0.094758018 | J25: =((J21/J16)^(1/5))-1 -> 0.18934846
A26: 10Y CAGR | B26: =((B21/B11)^(1/10))-1 -> 0.65944442 | C26: =((C21/C11)^(1/10))-1 -> 0.25198716 | D26: =((D21/D11)^(1/10))-1 -> 0.05179551 | E26: =((E21/E11)^(1/10))-1 -> 0.028173365 | F26: =((F21/F11)^(1/10))-1 -> 0.019444193 | G26: =((G21/G11)^(1/10))-1 -> 0.017208422 | H26: =((H21/H11)^(1/10))-1 -> 0.010787046 | I26: =((I21/I11)^(1/10))-1 -> 0.09849017 | J26: =((J21/J11)^(1/10))-1 -> 0.50044688
A28: Source: Federal Reserve Board, St. Louis Federal Reserve Bank, S&P Dow Jones Indices
A29: Note: UST = U.S. Treasuries. HG = high grade. Rated by Moody's = Aaa, Baa corporates. Rated by S&P = 20Y HG munis. Prime = the interest rate banks lend to customers with good credit

Sheet 2-17
A1: Return to the Table of Contents
A3: US Fixed Income Securities Average Daily Trading Volume
A6: ($B) | B6: UST | C6: MBS | D6: Corporates | E6: Munis | F6: Agency | G6: ABS | I6: (Y/Y) | J6: =B6 -> UST | K6: =C6 -> MBS | L6: =D6 -> Corporates | M6: =E6 -> Munis | N6: =F6 -> Agency | O6: =G6 -> ABS
A7: 2010 | B7: 523.80743 | C7: 320.55992 | D7: 22.21323 | E7: 14.8799 | F7: 11.461306 | G7: n/a
A8: 2011 | B8: 571.03571 | C8: 249.51041 | D8: 22.215634 | E8: 13.0388 | F8: 9.9281967 | G8: 1.4758287 | I8: =A8 -> 2011 | J8: =B8/B7-1 -> 0.090163449 | K8: =C8/C7-1 -> -0.22164189 | L8: =D8/D7-1 -> 0.00010822141 | M8: =E8/E7-1 -> -0.12373067 | N8: =F8/F7-1 -> -0.13376393 | O8: n/a
A9: 2012 | B9: 519.49846 | C9: 284.41222 | D9: 23.870441 | E9: 12.8008 | F9: 10.699856 | G9: 1.5294422 | I9: =A9 -> 2012 | J9: =B9/B8-1 -> -0.090252241 | K9: =C9/C8-1 -> 0.13988115 | L9: =D9/D8-1 -> 0.0744884 | M9: =E9/E8-1 -> -0.018253213 | N9: =F9/F8-1 -> 0.077724062 | O9: =G9/G8-1 -> 0.036327737
A10: 2013 | B10: 546.51663 | C10: 225.8543 | D10: 26.097454 | E10: 12.3802 | F10: 7.2892695 | G10: 1.2885764 | I10: =A10 -> 2013 | J10: =B10/B9-1 -> 0.052008187 | K10: =C10/C9-1 -> -0.205891 | L10: =D10/D9-1 -> 0.09329588 | M10: =E10/E9-1 -> -0.032857321 | N10: =F10/F9-1 -> -0.31875073 | O10: =G10/G9-1 -> -0.15748604
A11: 2014 | B11: 505.02 | C11: 181.08349 | D11: 28.022123 | E11: 11.005 | F11: 6.0462695 | G11: 1.5061113 | I11: =A11 -> 2014 | J11: =B11/B10-1 -> -0.075929317 | K11: =C11/C10-1 -> -0.19822873 | L11: =D11/D10-1 -> 0.073749307 | M11: =E11/E10-1 -> -0.1110806 | N11: =F11/F10-1 -> -0.17052462 | O11: =G11/G10-1 -> 0.16881796
A12: 2015 | B12: 490.03 | C12: 195.32949 | D12: 29.129599 | E12: 9.596 | F12: 5.2491417 | G12: 1.4392678 | I12: =A12 -> 2015 | J12: =B12/B11-1 -> -0.029681993 | K12: =C12/C11-1 -> 0.078670898 | L12: =D12/D11-1 -> 0.039521468 | M12: =E12/E11-1 -> -0.12803271 | N12: =F12/F11-1 -> -0.13183796 | O12: =G12/G11-1 -> -0.044381476
A13: 2016 | B13: 519.1 | C13: 212.26879 | D13: 31.150977 | E13: 12.4409 | F13: 5.4041527 | G13: 1.3302638 | I13: =A13 -> 2016 | J13: =B13/B12-1 -> 0.059322899 | K13: =C13/C12-1 -> 0.086721678 | L13: =D13/D12-1 -> 0.069392596 | M13: =E13/E12-1 -> 0.29646728 | N13: =F13/F12-1 -> 0.02953074 | O13: =G13/G12-1 -> -0.075735751
A14: 2017 | B14: 505.16 | C14: 211.03284 | D14: 32.17397 | E14: 11.8731 | F14: 4.1521949 | G14: 1.4169635 | I14: =A14 -> 2017 | J14: =B14/B13-1 -> -0.026854171 | K14: =C14/C13-1 -> -0.0058225826 | L14: =D14/D13-1 -> 0.032839819 | M14: =E14/E13-1 -> -0.045639785 | N14: =F14/F13-1 -> -0.23166588 | O14: =G14/G13-1 -> 0.065174861
A15: 2018 | B15: 547.8 | C15: 220.56572 | D15: 32.828372 | E15: 12.2667 | F15: 3.4903681 | G15: 1.4231575 | I15: =A15 -> 2018 | J15: =B15/B14-1 -> 0.0844089 | K15: =C15/C14-1 -> 0.045172483 | L15: =D15/D14-1 -> 0.020339493 | M15: =E15/E14-1 -> 0.033150567 | N15: =F15/F14-1 -> -0.15939206 | O15: =G15/G14-1 -> 0.004371308
A16: 2019 | B16: 624.64286 | C16: 250.39502 | D16: 35.591135 | E16: 11.9607 | F16: 4.163083 | G16: 1.5303786 | I16: =A16 -> 2019 | J16: =B16/B15-1 -> 0.14027539 | K16: =C16/C15-1 -> 0.13523999 | L16: =D16/D15-1 -> 0.084157789 | M16: =E16/E15-1 -> -0.024945584 | N16: =F16/F15-1 -> 0.19273468 | O16: =G16/G15-1 -> 0.075340292
A17: 2020 | B17: 595.63518 | C17: 293.0047 | D17: 41.009402 | E17: 12.4097 | F17: 5.3401732 | G17: 1.8855013 | I17: =A17 -> 2020 | J17: =B17/B16-1 -> -0.046438823 | K17: =C17/C16-1 -> 0.17016983 | L17: =D17/D16-1 -> 0.15223642 | M17: =E17/E16-1 -> 0.037539609 | N17: =F17/F16-1 -> 0.28274482 | O17: =G17/G16-1 -> 0.23204887
A18: 2021 | B18: 655.15913 | C18: 280.69291 | D18: 39.211829 | E18: 8.9647 | F18: 3.2275121 | G18: 1.3867347 | I18: =A18 -> 2021 | J18: =B18/B17-1 -> 0.099933569 | K18: =C18/C17-1 -> -0.042019102 | L18: =D18/D17-1 -> -0.043833205 | M18: =E18/E17-1 -> -0.27760542 | N18: =F18/F17-1 -> -0.39561658 | O18: =G18/G17-1 -> -0.26452728
A19: 2022 | B19: 685.05578 | C19: 242.00624 | D19: 40.224932 | E19: 14.4754 | F19: 2.8293136 | G19: 1.6336907 | I19: =A19 -> 2022 | J19: =B19/B18-1 -> 0.045632654 | K19: =C19/C18-1 -> -0.13782559 | L19: =D19/D18-1 -> 0.025836659 | M19: =E19/E18-1 -> 0.61471103 | N19: =F19/F18-1 -> -0.1233763 | O19: =G19/G18-1 -> 0.17808451
A20: 2023 | B20: 760.5372 | C20: 256.01427 | D20: 42.849329 | E20: 13.432 | F20: 3.9192156 | G20: 1.7299574 | I20: =A20 -> 2023 | J20: =B20/B19-1 -> 0.11018289 | K20: =C20/C19-1 -> 0.057882953 | L20: =D20/D19-1 -> 0.065243046 | M20: =E20/E19-1 -> -0.07208091 | N20: =F20/F19-1 -> 0.38521781 | O20: =G20/G19-1 -> 0.058925874
A21: 2024 | B21: 907.91667 | C21: 294.56301 | D21: 51.896088 | E21: 13.3365 | F21: 3.7544094 | G21: 2.003382 | I21: =A21 -> 2024 | J21: =B21/B20-1 -> 0.19378338 | K21: =C21/C20-1 -> 0.15057261 | L21: =D21/D20-1 -> 0.21112955 | M21: =E21/E20-1 -> -0.0071098868 | N21: =F21/F20-1 -> -0.04205082 | O21: =G21/G20-1 -> 0.1580528
A23: Average | B23: =AVERAGE(B$7:B$21) -> 597.12767 | C23: =AVERAGE(C$7:C$21) -> 247.81955 | D23: =AVERAGE(D$7:D$21) -> 33.232301 | E23: =AVERAGE(E$7:E$21) -> 12.324027 | F23: =AVERAGE(F$7:F$21) -> 5.7969642 | G23: =AVERAGE(G$7:G$21) -> 1.5413754
A24: Y/Y Change | B24: =B21/B20-1 -> 0.19378338 | C24: =C21/C20-1 -> 0.15057261 | D24: =D21/D20-1 -> 0.21112955 | E24: =E21/E20-1 -> -0.0071098868 | F24: =F21/F20-1 -> -0.04205082 | G24: =G21/G20-1 -> 0.1580528
A25: 5Y CAGR | B25: =((B21/B16)^(1/5))-1 -> 0.077662677 | C25: =((C21/C16)^(1/5))-1 -> 0.033024221 | D25: =((D21/D16)^(1/5))-1 -> 0.078347053 | E25: =((E21/E16)^(1/5))-1 -> 0.022014493 | F25: =((F21/F16)^(1/5))-1 -> -0.020452928 | G25: =((G21/G16)^(1/5))-1 -> 0.055341398
A26: 10Y CAGR | B26: =((B21/B11)^(1/10))-1 -> 0.06040982 | C26: =((C21/C11)^(1/10))-1 -> 0.049856486 | D26: =((D21/D11)^(1/10))-1 -> 0.063563337 | E26: =((E21/E11)^(1/10))-1 -> 0.019401298 | F26: =((F21/F11)^(1/10))-1 -> -0.046533558 | G26: =((G21/G11)^(1/10))-1 -> 0.02894147
A28: Source: Federal Reserve Bank of New York, Municipal Securities Rulemaking Board, FINRA TRACE
A29: Note: UST = U.S. Treasuries, trading volumes from U.S. primary dealers. MBS = mortgage-backed securities; starting in 2011 includes non-agency MBS and CMBS, daily figures include 144A trades but not subcategories with <5 trades per day; new issue transactions sometimes included. Corporates = corporate bonds, includes public and 144A trades. Munis = municipal securities, annual daily average figures. Agency = federal agency securities. ABS = asset-backed securities; do not include CMBS but do include CDOs and other, daily figures include 144A trades but not subcategories with <5 trades per day, new issue transactions sometimes included

Sheet 2-18
A1: Return to the Table of Contents
A3: US Municipal Bond Average Daily Trading – Dollar Volume
A6: ($M) | B6: Retail | C6: Institutional | D6: Total | F6: (Y/Y) | G6: Retail | H6: Institutional | I6: Total | K6: (% Total) | L6: Retail | M6: Institutional
A7: 2010 | B7: 1101.3 | C7: 13778.8 | D7: 14880.1 | K7: =A7 -> 2010 | L7: =B7/D7 -> 0.074011599 | M7: =C7/D7 -> 0.9259884
A8: 2011 | B8: 1084.6 | C8: 11953.7 | D8: 13038.3 | F8: =A8 -> 2011 | G8: =B8/B7-1 -> -0.015163897 | H8: =C8/C7-1 -> -0.13245711 | I8: =D8/D7-1 -> -0.12377605 | K8: =A8 -> 2011 | L8: =B8/D8 -> 0.083185691 | M8: =C8/D8 -> 0.91681431
A9: 2012 | B9: 1028.8 | C9: 11772 | D9: 12800.8 | F9: =A9 -> 2012 | G9: =B9/B8-1 -> -0.051447538 | H9: =C9/C8-1 -> -0.015200315 | I9: =D9/D8-1 -> -0.018215565 | K9: =A9 -> 2012 | L9: =B9/D9 -> 0.080369977 | M9: =C9/D9 -> 0.91963002
A10: 2013 | B10: 1119.6 | C10: 11260.6 | D10: 12380.2 | F10: =A10 -> 2013 | G10: =B10/B9-1 -> 0.088258165 | H10: =C10/C9-1 -> -0.043442066 | I10: =D10/D9-1 -> -0.032857321 | K10: =A10 -> 2013 | L10: =B10/D10 -> 0.090434726 | M10: =C10/D10 -> 0.90956527
A11: 2014 | B11: 928.3 | C11: 10076.6 | D11: 11004.9 | F11: =A11 -> 2014 | G11: =B11/B10-1 -> -0.17086459 | H11: =C11/C10-1 -> -0.10514537 | I11: =D11/D10-1 -> -0.11108867 | K11: =A11 -> 2014 | L11: =B11/D11 -> 0.084353334 | M11: =C11/D11 -> 0.91564667
A12: 2015 | B12: 979.2 | C12: 8616.8 | D12: 9596 | F12: =A12 -> 2015 | G12: =B12/B11-1 -> 0.054831412 | H12: =C12/C11-1 -> -0.14487029 | I12: =D12/D11-1 -> -0.12802479 | K12: =A12 -> 2015 | L12: =B12/D12 -> 0.10204252 | M12: =C12/D12 -> 0.89795748
A13: 2016 | B13: 992.9 | C13: 11448 | D13: 12440.9 | F13: =A13 -> 2016 | G13: =B13/B12-1 -> 0.013991013 | H13: =C13/C12-1 -> 0.32856745 | I13: =D13/D12-1 -> 0.29646728 | K13: =A13 -> 2016 | L13: =B13/D13 -> 0.079809339 | M13: =C13/D13 -> 0.92019066
A14: 2017 | B14: 1048.5 | C14: 10824.7 | D14: 11873.2 | F14: =A14 -> 2017 | G14: =B14/B13-1 -> 0.055997583 | H14: =C14/C13-1 -> -0.054446191 | I14: =D14/D13-1 -> -0.045631747 | K14: =A14 -> 2017 | L14: =B14/D14 -> 0.088308122 | M14: =C14/D14 -> 0.91169188
A15: 2018 | B15: 1080.4 | C15: 11186.2 | D15: 12266.6 | F15: =A15 -> 2018 | G15: =B15/B14-1 -> 0.030424416 | H15: =C15/C14-1 -> 0.033395845 | I15: =D15/D14-1 -> 0.033133443 | K15: =A15 -> 2018 | L15: =B15/D15 -> 0.088076566 | M15: =C15/D15 -> 0.91192343
A16: 2019 | B16: 893.7 | C16: 11066.9 | D16: 11960.6 | F16: =A16 -> 2019 | G16: =B16/B15-1 -> -0.17280637 | H16: =C16/C15-1 -> -0.010664926 | I16: =D16/D15-1 -> -0.024945788 | K16: =A16 -> 2019 | L16: =B16/D16 -> 0.074720332 | M16: =C16/D16 -> 0.92527967
A17: 2020 | B17: 834.2 | C17: 11575.5 | D17: 12409.7 | F17: =A17 -> 2020 | G17: =B17/B16-1 -> -0.066577151 | H17: =C17/C16-1 -> 0.045956862 | I17: =D17/D16-1 -> 0.037548284 | K17: =A17 -> 2020 | L17: =B17/D17 -> 0.067221609 | M17: =C17/D17 -> 0.93277839
A18: 2021 | B18: 747.2 | C18: 8217.6 | D18: 8964.8 | F18: =A18 -> 2021 | G18: =B18/B17-1 -> -0.10429154 | H18: =C18/C17-1 -> -0.29008682 | I18: =D18/D17-1 -> -0.27759736 | K18: =A18 -> 2021 | L18: =B18/D18 -> 0.083348206 | M18: =C18/D18 -> 0.91665179
A19: 2022 | B19: 1339.9 | C19: 13135.4 | D19: 14475.3 | F19: =A19 -> 2022 | G19: =B19/B18-1 -> 0.79322805 | H19: =C19/C18-1 -> 0.59844724 | I19: =D19/D18-1 -> 0.61468187 | K19: =A19 -> 2022 | L19: =B19/D19 -> 0.092564576 | M19: =C19/D19 -> 0.90743542
A20: 2023 | B20: 1387.3 | C20: 12044.7 | D20: 13432 | F20: =A20 -> 2023 | G20: =B20/B19-1 -> 0.035375774 | H20: =C20/C19-1 -> -0.083035157 | I20: =D20/D19-1 -> -0.072074499 | K20: =A20 -> 2023 | L20: =B20/D20 -> 0.1032832 | M20: =C20/D20 -> 0.8967168
A21: 2024 | B21: 1480.6 | C21: 11856 | D21: =SUM(B21:C21) -> 13336.6 | F21: =A21 -> 2024 | G21: =B21/B18-1 -> 0.98153105 | H21: =C21/C18-1 -> 0.44275701 | I21: =D21/D18-1 -> 0.48766286 | K21: =A21 -> 2024 | L21: =B21/D21 -> 0.1110178 | M21: =C21/D21 -> 0.8889822
A23: Average | B23: =AVERAGE(B$7:B$21) -> 1069.7667 | C23: =AVERAGE(C$7:C$21) -> 11254.233 | D23: =AVERAGE(D$7:D$21) -> 12324 | K23: Average | L23: =AVERAGE(L$7:L$21) -> 0.08684984 | M23: =AVERAGE(M$7:M$21) -> 0.91315016
A24: Y/Y Change | B24: =B21/B20-1 -> 0.067252937 | C24: =C21/C20-1 -> -0.015666642 | D24: =D21/D20-1 -> -0.0071024419 | K24: Y/Y Change | L24: =L21-L20 -> 0.0077345964 | M24: =M21-M20 -> -0.0077345964
A25: 5Y CAGR | B25: =((B21/B16)^(1/5))-1 -> 0.10623959 | C25: =((C21/C16)^(1/5))-1 -> 0.013870393 | D25: =((D21/D16)^(1/5))-1 -> 0.022017734
A26: 10Y CAGR | B26: =((B21/B11)^(1/10))-1 -> 0.047791665 | C26: =((C21/C11)^(1/10))-1 -> 0.016394759 | D26: =((D21/D11)^(1/10))-1 -> 0.019402989
A28: Source: Municipal Securities Rulemaking Board (MSRB)
A29: Note: Institutional trades defined as trade sizes greater than $100,000

Sheet 2-19
A1: Return to the Table of Contents
A3: US Municipal Bond Average Daily Trading – Number of Trades
A6: (#) | B6: Retail | C6: Institutional | D6: Total | F6: (Y/Y) | G6: Retail | H6: Institutional | I6: Total | K6: (% Total) | L6: Retail | M6: Institutional
A7: 2010 | B7: 33941 | C7: 7716 | D7: =SUM(B7:C7) -> 41657 | K7: =A7 -> 2010 | L7: =B7/D7 -> 0.81477303 | M7: =C7/D7 -> 0.18522697
A8: 2011 | B8: 34030 | C8: 7226 | D8: =SUM(B8:C8) -> 41256 | F8: =A8 -> 2011 | G8: =B8/B7-1 -> 0.0026221973 | H8: =C8/C7-1 -> -0.063504406 | I8: =D8/D7-1 -> -0.0096262333 | K8: =A8 -> 2011 | L8: =B8/D8 -> 0.82484972 | M8: =C8/D8 -> 0.17515028
A9: 2012 | B9: 31148 | C9: 7396 | D9: =SUM(B9:C9) -> 38544 | F9: =A9 -> 2012 | G9: =B9/B8-1 -> -0.084689979 | H9: =C9/C8-1 -> 0.023526156 | I9: =D9/D8-1 -> -0.065735893 | K9: =A9 -> 2012 | L9: =B9/D9 -> 0.8081154 | M9: =C9/D9 -> 0.1918846
A10: 2013 | B10: 35008 | C10: 7180 | D10: =SUM(B10:C10) -> 42188 | F10: =A10 -> 2013 | G10: =B10/B9-1 -> 0.12392449 | H10: =C10/C9-1 -> -0.029204976 | I10: =D10/D9-1 -> 0.094541303 | K10: =A10 -> 2013 | L10: =B10/D10 -> 0.82980942 | M10: =C10/D10 -> 0.17019058
A11: 2014 | B11: 28764 | C11: 6596 | D11: =SUM(B11:C11) -> 35360 | F11: =A11 -> 2014 | G11: =B11/B10-1 -> -0.17835923 | H11: =C11/C10-1 -> -0.081337047 | I11: =D11/D10-1 -> -0.16184697 | K11: =A11 -> 2014 | L11: =B11/D11 -> 0.81346154 | M11: =C11/D11 -> 0.18653846
A12: 2015 | B12: 29921 | C12: 6814 | D12: =SUM(B12:C12) -> 36735 | F12: =A12 -> 2015 | G12: =B12/B11-1 -> 0.040223891 | H12: =C12/C11-1 -> 0.033050334 | I12: =D12/D11-1 -> 0.038885747 | K12: =A12 -> 2015 | L12: =B12/D12 -> 0.81450932 | M12: =C12/D12 -> 0.18549068
A13: 2016 | B13: 29712 | C13: 7422 | D13: =SUM(B13:C13) -> 37134 | F13: =A13 -> 2016 | G13: =B13/B12-1 -> -0.0069850607 | H13: =C13/C12-1 -> 0.08922806 | I13: =D13/D12-1 -> 0.010861576 | K13: =A13 -> 2016 | L13: =B13/D13 -> 0.80012926 | M13: =C13/D13 -> 0.19987074
A14: 2017 | B14: 31745 | C14: 7652 | D14: =SUM(B14:C14) -> 39397 | F14: =A14 -> 2017 | G14: =B14/B13-1 -> 0.068423533 | H14: =C14/C13-1 -> 0.030988952 | I14: =D14/D13-1 -> 0.060941455 | K14: =A14 -> 2017 | L14: =B14/D14 -> 0.80577201 | M14: =C14/D14 -> 0.19422799
A15: 2018 | B15: 32638 | C15: 7736 | D15: =SUM(B15:C15) -> 40374 | F15: =A15 -> 2018 | G15: =B15/B14-1 -> 0.028130414 | H15: =C15/C14-1 -> 0.010977522 | I15: =D15/D14-1 -> 0.024798843 | K15: =A15 -> 2018 | L15: =B15/D15 -> 0.80839154 | M15: =C15/D15 -> 0.19160846
A16: 2019 | B16: 27252 | C16: 7486 | D16: =SUM(B16:C16) -> 34738 | F16: =A16 -> 2019 | G16: =B16/B15-1 -> -0.16502237 | H16: =C16/C15-1 -> -0.032316443 | I16: =D16/D15-1 -> -0.13959479 | K16: =A16 -> 2019 | L16: =B16/D16 -> 0.78450112 | M16: =C16/D16 -> 0.21549888
A17: 2020 | B17: 26199 | C17: 7404 | D17: =SUM(B17:C17) -> 33603 | F17: =A17 -> 2020 | G17: =B17/B16-1 -> -0.038639366 | H17: =C17/C16-1 -> -0.01095378 | I17: =D17/D16-1 -> -0.032673153 | K17: =A17 -> 2020 | L17: =B17/D17 -> 0.77966253 | M17: =C17/D17 -> 0.22033747
A18: 2021 | B18: 24253 | C18: 6094 | D18: =SUM(B18:C18) -> 30347 | F18: =A18 -> 2021 | G18: =B18/B17-1 -> -0.074277644 | H18: =C18/C17-1 -> -0.17693139 | I18: =D18/D17-1 -> -0.09689611 | K18: =A18 -> 2021 | L18: =B18/D18 -> 0.79918938 | M18: =C18/D18 -> 0.20081062
A19: 2022 | B19: 41483 | C19: 9110 | D19: =SUM(B19:C19) -> 50593 | F19: =A19 -> 2022 | G19: =B19/B18-1 -> 0.71042758 | H19: =C19/C18-1 -> 0.49491303 | I19: =D19/D18-1 -> 0.66714997 | K19: =A19 -> 2022 | L19: =B19/D19 -> 0.81993556 | M19: =C19/D19 -> 0.18006444
... A21: 2024 | B21: 48092 | C21: 9418 | D21: =SUM(B21:C21) -> 57510 | F21: =A21 -> 2024 | G21: =B21/B20-1 -> 0.11095197 | H21: =C21/C20-1 -> 0.024921101 | I21: =D21/D20-1 -> 0.095887801 | K21: =A21 -> 2024 | L21: =B21/D21 -> 0.83623718 | M21: =C21/D21 -> 0.16376282
A23: Average | B23: =AVERAGE(B$7:B$21) -> 33165 | C23: =AVERAGE(C$7:C$21) -> 7629.2667 | D23: =AVERAGE(D$7:D$21) -> 40794.267 | K23: Average | L23: =AVERAGE(L$7:L$21) -> 0.810949 | M23: =AVERAGE(M$7:M$21) -> 0.189051
A24: Y/Y Change | B24: =B21/B20-1 -> 0.11095197 | C24: =C21/C20-1 -> 0.024921101 | D24: =D21/D20-1 -> 0.095887801 | K24: Y/Y Change | L24: =L21-L20 -> 0.011339124 | M24: =M21-M20 -> -0.011339124
A25: 5Y CAGR | B25: =((B21/B16)^(1/5))-1 -> 0.12030143 | C25: =((C21/C16)^(1/5))-1 -> 0.046988165 | D25: =((D21/D16)^(1/5))-1 -> 0.10608298
A26: 10Y CAGR | B26: =((B21/B11)^(1/10))-1 -> 0.052742984 | C26: =((C21/C11)^(1/10))-1 -> 0.036257779 | D26: =((D21/D11)^(1/10))-1 -> 0.049839989
A28: Source: Municipal Securities Rulemaking Board (MSRB)
A29: Note: Institutional trades defined as trade sizes greater than $100,000

Sheet 2-20
A1: Return to the Table of Contents
A3: US Equity Markets Average Daily Trading Volume
A6: ($B) | B6: NYSE | C6: Regional | D6: Nasdaq | E6: Total | G6: (Y/Y) | H6: NYSE | I6: Regional | J6: Nasdaq | K6: Total | M6: (#B) | N6: NYSE | O6: Regional | P6: Nasdaq | Q6: Total | S6: (Y/Y) | T6: NYSE | U6: Regional | V6: Nasdaq | W6: Total
A7: 2010 | B7: 117.31634 | C7: 66.467733 | D7: 50.836015 | E7: 234.62008 | M7: 2010 | N7: 4.8287329 | O7: 1.4536817 | P7: 2.1923254 | Q7: 8.4747401
A8: 2011 | B8: 121.20552 | C8: 76.671946 | D8: 55.236747 | E8: 253.11421 | G8: =A8 -> 2011 | H8: =B8/B7-1 -> 0.033151264 | I8: =C8/C7-1 -> 0.15352131 | J8: =D8/D7-1 -> 0.086567198 | K8: =E8/E7-1 -> 0.078825859 | M8: 2011 | N8: 4.3425868 | O8: 1.472234 | P8: 2.0219164 | Q8: 7.8367371 | S8: =M8 -> 2011 | T8: =N8/N7-1 -> -0.10067779 | U8: =O8/O7-1 -> 0.012762257 | V8: =P8/P7-1 -> -0.077729824 | W8: =Q8/Q7-1 -> -0.075282897
A9: 2012 | B9: 102.65453 | C9: 54.656483 | D9: 53.492625 | E9: 210.80364 | G9: =A9 -> 2012 | H9: =B9/B8-1 -> -0.15305398 | I9: =C9/C8-1 -> -0.28713844 | J9: =D9/D8-1 -> -0.031575379 | K9: =E9/E8-1 -> -0.16716 | M9: 2012 | N9: 3.6355682 | O9: 1.052382 | P9: 1.7494075 | Q9: 6.4373577 | S9: =M9 -> 2012 | T9: =N9/N8-1 -> -0.16281046 | U9: =O9/O8-1 -> -0.28518021 | V9: =P9/P8-1 -> -0.1347775 | W9: =Q9/Q8-1 -> -0.17856658
A10: 2013 | B10: 108.04431 | C10: 58.182069 | D10: 56.44102 | E10: 222.6674 | G10: =A10 -> 2013 | H10: =B10/B9-1 -> 0.052504048 | I10: =C10/C9-1 -> 0.064504455 | J10: =D10/D9-1 -> 0.055117773 | K10: =E10/E9-1 -> 0.056278722 | M10: 2013 | N10: 3.365468 | O10: 1.0595968 | P10: 1.7623585 | Q10: 6.1874234 | S10: =M10 -> 2013 | T10: =N10/N9-1 -> -0.074293797 | U10: =O10/O9-1 -> 0.0068557169 | V10: =P10/P9-1 -> 0.0074030741 | W10: =Q10/Q9-1 -> -0.03882561
A11: 2014 | B11: 124.90108 | C11: 64.045686 | D11: 70.842213 | E11: 259.78898 | G11: =A11 -> 2014 | H11: =B11/B10-1 -> 0.15601717 | I11: =C11/C10-1 -> 0.10078049 | J11: =D11/D10-1 -> 0.25515474 | K11: =E11/E10-1 -> 0.16671313 | M11: 2014 | N11: 3.3634665 | O11: 1.0979955 | P11: 1.9531274 | Q11: 6.4145895 | S11: =M11 -> 2014 | T11: =N11/N10-1 -> -0.00059473256 | U11: =O11/O10-1 -> 0.036238999 | V11: =P11/P10-1 -> 0.10824638 | W11: =Q11/Q10-1 -> 0.036714169
A12: 2015 | B12: 131.17425 | C12: 71.558536 | D12: 75.435117 | E12: 278.1679 | G12: =A12 -> 2015 | H12: =B12/B11-1 -> 0.050225105 | I12: =C12/C11-1 -> 0.11730453 | J12: =D12/D11-1 -> 0.06483287 | K12: =E12/E11-1 -> 0.070745585 | M12: 2015 | N12: 3.6639135 | O12: 1.3549356 | P12: 1.8930865 | Q12: 6.9119356 | S12: =M12 -> 2015 | T12: =N12/N11-1 -> 0.089326599 | U12: =O12/O11-1 -> 0.23400832 | V12: =P12/P11-1 -> -0.030740938 | W12: =Q12/Q11-1 -> 0.077533589
A13: 2016 | B13: 129.00871 | C13: 72.390953 | D13: 71.487266 | E13: 272.88693 | G13: =A13 -> 2016 | H13: =B13/B12-1 -> -0.016508847 | I13: =C13/C12-1 -> 0.01163267 | J13: =D13/D12-1 -> -0.052334388 | K13: =E13/E12-1 -> -0.018984827 | M13: 2016 | N13: 3.9060011 | O13: 1.5362646 | P13: 1.9066833 | Q13: 7.3489491 | S13: =M13 -> 2016 | T13: =N13/N12-1 -> 0.066073503 | U13: =O13/O12-1 -> 0.13382846 | V13: =P13/P12-1 -> 0.0071823811 | W13: =Q13/Q12-1 -> 0.06322591
A14: 2017 | B14: 126.44798 | C14: 61.298328 | D14: 83.404405 | E14: 271.15071 | G14: =A14 -> 2017 | H14: =B14/B13-1 -> -0.019849305 | I14: =C14/C13-1 -> -0.1532322 | J14: =D14/D13-1 -> 0.16670295 | K14: =E14/E13-1 -> -0.0063624134 | M14: 2017 | N14: 3.4201793 | O14: 1.1868698 | P14: 1.9202891 | Q14: 6.5273382 | S14: =M14 -> 2017 | T14: =N14/N13-1 -> -0.1243783 | U14: =O14/O13-1 -> -0.22743141 | V14: =P14/P13-1 -> 0.0071358243 | W14: =Q14/Q13-1 -> -0.11179977
A15: 2018 | B15: 149.47192 | C15: 86.336597 | D15: 121.06051 | E15: 356.86903 | G15: =A15 -> 2018 | H15: =B15/B14-1 -> 0.18208235 | I15: =C15/C14-1 -> 0.40846578 | J15: =D15/D14-1 -> 0.45148816 | K15: =E15/E14-1 -> 0.31612794 | M15: 2018 | N15: 3.634748 | O15: 1.4353711 | P15: 2.2516838 | Q15: 7.3218028 | S15: =M15 -> 2018 | T15: =N15/N14-1 -> 0.062736076 | U15: =O15/O14-1 -> 0.20937535 | V15: =P15/P14-1 -> 0.17257541 | W15: =Q15/Q14-1 -> 0.12171341
A16: 2019 | B16: 137.92177 | C16: 75.192234 | D16: 108.63008 | E16: 321.74408 | G16: =A16 -> 2019 | H16: =B16/B15-1 -> -0.077273072 | I16: =C16/C15-1 -> -0.12908041 | J16: =D16/D15-1 -> -0.10267949 | K16: =E16/E15-1 -> -0.098425323 | M16: 2019 | N16: 3.5586214 | O16: 1.3243002 | P16: 2.1471904 | Q16: 7.0301121 | S16: =M16 -> 2019 | T16: =N16/N15-1 -> -0.020944103 | U16: =O16/O15-1 -> -0.077381251 | V16: =P16/P15-1 -> -0.046406791 | W16: =Q16/Q15-1 -> -0.039838653
A17: 2020 | B17: 175.81568 | C17: 104.64002 | D17: 198.99218 | E17: 479.44787 | G17: =A17 -> 2020 | H17: =B17/B16-1 -> 0.27474928 | I17: =C17/C16-1 -> 0.39163333 | J17: =D17/D16-1 -> 0.83183317 | K17: =E17/E16-1 -> 0.4901529 | M17: 2020 | N17: 4.9224532 | O17: 1.9884675 | P17: 4.0129905 | Q17: 10.923911 | S17: =M17 -> 2020 | T17: =N17/N16-1 -> 0.38324722 | U17: =O17/O16-1 -> 0.50152315 | V17: =P17/P16-1 -> 0.86894957 | W17: =Q17/Q16-1 -> 0.55387441
A18: 2021 | B18: 205.29491 | C18: 112.31 | D18: 247.05995 | E18: 564.66486 | G18: =A18 -> 2021 | H18: =B18/B17-1 -> 0.16767124 | I18: =C18/C17-1 -> 0.073298713 | J18: =D18/D17-1 -> 0.24155609 | K18: =E18/E17-1 -> 0.17773983 | M18: 2021 | N18: 4.4171449 | O18: 1.8618831 | P18: 5.1247967 | Q18: 11.403825 | S18: =M18 -> 2021 | T18: =N18/N17-1 -> -0.10265377 | U18: =O18/O17-1 -> -0.063659256 | V18: =P18/P17-1 -> 0.27705178 | W18: =Q18/Q17-1 -> 0.043932383
A19: 2022 | B19: 193.67004 | C19: 139.92153 | D19: 239.49816 | E19: 573.08973 | G19: =A19 -> 2022 | H19: =B19/B18-1 -> -0.056625247 | I19: =C19/C18-1 -> 0.24585107 | J19: =D19/D18-1 -> -0.030607082 | K19: =E19/E18-1 -> 0.014920131 | M19: 2022 | N19: 4.6029907 | O19: 2.3044416 | P19: 4.9665402 | Q19: 11.873973 | S19: =M19 -> 2022 | T19: =N19/N18-1 -> 0.042073747 | U19: =O19/O18-1 -> 0.237694 | V19: =P19/P18-1 -> -0.030880531 | W19: =Q19/Q18-1 -> 0.041227207
A20: 2023 | B20: 174.04595 | C20: 114.53767 | D20: 226.05342 | E20: 514.63704 | G20: =A20 -> 2023 | H20: =B20/B19-1 -> -0.10132744 | I20: =C20/C19-1 -> -0.18141494 | J20: =D20/D19-1 -> -0.05613716 | K20: =E20/E19-1 -> -0.10199571 | M20: 2023 | N20: 4.0529532 | O20: 1.9058032 | P20: 5.0767357 | Q20: 11.035492 | S20: =M20 -> 2023 | T20: =N20/N19-1 -> -0.11949568 | U20: =O20/O19-1 -> -0.17298696 | V20: =P20/P19-1 -> 0.022187562 | W20: =Q20/Q19-1 -> -0.070614989
A21: 2024 | B21: 202.97613 | C21: 121.35154 | D21: 283.39265 | E21: 607.72031 | G21: =A21 -> 2024 | H21: =B21/B19-1 -> 0.048051285 | I21: =C21/C19-1 -> -0.1327172 | J21: =D21/D19-1 -> 0.18327691 | K21: =E21/E19-1 -> 0.060427859 | M21: 2024 | N21: 4.0283204 | O21: 2.1179631 | P21: 6.0128156 | Q21: 12.159099 | S21: =M21 -> 2024 | T21: =N21/N19-1 -> -0.12484717 | U21: =O21/O19-1 -> -0.08092133 | V21: =P21/P19-1 -> 0.21066483 | W21: =Q21/Q19-1 -> 0.024012734
A23: Average | B23: =AVERAGE(B$7:B$21) -> 146.66327 | C23: =AVERAGE(C$7:C$21) -> 85.304088 | D23: =AVERAGE(D$7:D$21) -> 129.45749 | E23: =AVERAGE(E$7:E$21) -> 361.42485 | M23: Average | N23: =AVERAGE(N$7:N$21) -> 3.9828765 | O23: =AVERAGE(O$7:O$21) -> 1.5434793 | P23: =AVERAGE(P$7:P$21) -> 2.9994631 | Q23: =AVERAGE(Q$7:Q$21) -> 8.525819
A24: Y/Y Change | B24: =B21/B20-1 -> 0.16622152 | C24: =C21/C20-1 -> 0.059490143 | D24: =D21/D20-1 -> 0.25365346 | E24: =E21/E20-1 -> 0.1808717 | M24: Y/Y Change | N24: =N21/N20-1 -> -0.006077749 | O24: =O21/O20-1 -> 0.11132307 | P24: =P21/P20-1 -> 0.18438619 | Q24: =Q21/Q20-1 -> 0.10181757
A25: 5Y CAGR | B25: =((B21/B16)^(1/5))-1 -> 0.080344907 | C25: =((C21/C16)^(1/5))-1 -> 0.1004605 | D25: =((D21/D16)^(1/5))-1 -> 0.21140036 | E25: =((E21/E16)^(1/5))-1 -> 0.13563466 | M25: 5Y CAGR | N25: =((N21/N16)^(1/5))-1 -> 0.025105213 | O25: =((O21/O16)^(1/5))-1 -> 0.09846541 | P25: =((P21/P16)^(1/5))-1 -> 0.22868758 | Q25: =((Q21/Q16)^(1/5))-1 -> 0.11580378
A26: 10Y CAGR | B26: =((B21/B11)^(1/10))-1 -> 0.049754821 | C26: =((C21/C11)^(1/10))-1 -> 0.065995913 | D26: =((D21/D11)^(1/10))-1 -> 0.148708 | E26: =((E21/E11)^(1/10))-1 -> 0.088700201 | M26: 10Y CAGR | N26: =((N21/N11)^(1/10))-1 -> 0.0182014 | O26: =((O21/O11)^(1/10))-1 -> 0.067902937 | P26: =((P21/P11)^(1/10))-1 -> 0.11901197 | Q26: =((Q21/Q11)^(1/10))-1 -> 0.066039392
A28: Source: Cboe Exchange, Inc.
A29: Note: Average daily notional value

Sheet 2-21
A1: Return to the Table of Contents
A3: Trading Activity of NYSE and Nasdaq Listed Stocks
A6: NYSE | G6: NYSE | M6: Nasdaq | S6: Nasdaq
B7: Annual Volume (M shares) | C7: Annual Notional Value ($B) | D7: ADV (M shares) | E7: Average Daily Notional Value ($B) | G7: (Y/Y) | H7: =B7 -> Annual Volume (M shares) | I7: =C7 -> Annual Notional Value ($B) | J7: =D7 -> ADV (M shares) | K7: =E7 -> Average Daily Notional Value ($B) | N7: =H7 -> Annual Volume (M shares) | O7: =I7 -> Annual Notional Value ($B) | P7: =J7 -> ADV (M shares) | Q7: =K7 -> Average Daily Notional Value ($B) | S7: (Y/Y) | T7: =N7 -> Annual Volume (M shares) | U7: =O7 -> Annual Notional Value ($B) | V7: =P7 -> ADV (M shares) | W7: =Q7 -> Average Daily Notional Value ($B)
A8: 2010 | B8: 1216840.7 | C8: 29563.716 | D8: 4828.7329 | E8: 117.31634 | M8: 2010 | N8: 552466.01 | O8: 12810.676 | P8: 2192.3254 | Q8: 50.836015
A9: 2011 | B9: 1094331.9 | C9: 30543.791 | D9: 4342.5868 | E9: 121.20552 | G9: =A9 -> 2011 | H9: =B9/B8-1 -> -0.10067779 | I9: =C9/C8-1 -> 0.033151264 | J9: =D9/D8-1 -> -0.10067779 | K9: =E9/E8-1 -> 0.033151264 | M9: 2011 | N9: 509522.92 | O9: 13919.66 | P9: 2021.9164 | Q9: 55.236747 | S9: =M9 -> 2011 | T9: =N9/N8-1 -> -0.077729824 | U9: =O9/O8-1 -> 0.086567198 | V9: =P9/P8-1 -> -0.077729824 | W9: =Q9/Q8-1 -> 0.086567198
A10: 2012 | B10: 908892.05 | C10: 25663.633 | D10: 3635.5682 | E10: 102.65453 | G10: =A10 -> 2012 | H10: =B10/B9-1 -> -0.16945482 | I10: =C10/C9-1 -> -0.15977578 | J10: =D10/D9-1 -> -0.16281046 | K10: =E10/E9-1 -> -0.15305398 | M10: 2012 | N10: 437351.88 | O10: 13373.156 | P10: 1749.4075 | Q10: 53.492625 | S10: =M10 -> 2012 | T10: =N10/N9-1 -> -0.14164435 | U10: =O10/O9-1 -> -0.039261289 | V10: =P10/P9-1 -> -0.1347775 | W10: =Q10/Q9-1 -> -0.031575379
A11: 2013 | B11: 848097.95 | C11: 27227.166 | D11: 3365.468 | E11: 108.04431 | G11: =A11 -> 2013 | H11: =B11/B10-1 -> -0.066888147 | I11: =C11/C10-1 -> 0.06092408 | J11: =D11/D10-1 -> -0.074293797 | K11: =E11/E10-1 -> 0.052504048 | M11: 2013 | N11: 444114.35 | O11: 14223.137 | P11: 1762.3585 | Q11: 56.44102 | S11: =M11 -> 2013 | T11: =N11/N10-1 -> 0.015462299 | U11: =O11/O10-1 -> 0.063558715 | V11: =P11/P10-1 -> 0.0074030741 | W11: =Q11/Q10-1 -> 0.055117773
A12: 2014 | B12: 847593.55 | C12: 31475.072 | D12: 3363.4665 | E12: 124.90108 | G12: =A12 -> 2014 | H12: =B12/B11-1 -> -0.00059473256 | I12: =C12/C11-1 -> 0.15601717 | J12: =D12/D11-1 -> -0.00059473256 | K12: =E12/E11-1 -> 0.15601717 | M12: 2014 | N12: 492188.12 | O12: 17852.238 | P12: 1953.1274 | Q12: 70.842213 | S12: =M12 -> 2014 | T12: =N12/N11-1 -> 0.10824638 | U12: =O12/O11-1 -> 0.25515474 | V12: =P12/P11-1 -> 0.10824638 | W12: =Q12/Q11-1 -> 0.25515474
A13: 2015 | B13: 923306.2 | C13: 33055.911 | D13: 3663.9135 | E13: 131.17425 | G13: =A13 -> 2015 | H13: =B13/B12-1 -> 0.089326599 | I13: =C13/C12-1 -> 0.050225105 | J13: =D13/D12-1 -> 0.089326599 | K13: =E13/E12-1 -> 0.050225105 | M13: 2015 | N13: 477057.79 | O13: 19009.65 | P13: 1893.0865 | Q13: 75.435117 | S13: =M13 -> 2015 | T13: =N13/N12-1 -> -0.030740938 | U13: =O13/O12-1 -> 0.06483287 | V13: =P13/P12-1 -> -0.030740938 | W13: =Q13/Q12-1 -> 0.06483287
A14: 2016 | B14: 984312.28 | C14: 32510.196 | D14: 3906.0011 | E14: 129.00871 | G14: =A14 -> 2016 | H14: =B14/B13-1 -> 0.066073503 | I14: =C14/C13-1 -> -0.016508847 | J14: =D14/D13-1 -> 0.066073503 | K14: =E14/E13-1 -> -0.016508847 | M14: 2016 | N14: 480484.2 | O14: 18014.791 | P14: 1906.6833 | Q14: 71.487266 | S14: =M14 -> 2016 | T14: =N14/N13-1 -> 0.0071823811 | U14: =O14/O13-1 -> -0.052334388 | V14: =P14/P13-1 -> 0.0071823811 | W14: =Q14/Q13-1 -> -0.052334388
A15: 2017 | B15: 858465.02 | C15: 31738.443 | D15: 3420.1793 | E15: 126.44798 | G15: =A15 -> 2017 | H15: =B15/B14-1 -> -0.12785299 | I15: =C15/C14-1 -> -0.023738792 | J15: =D15/D14-1 -> -0.1243783 | K15: =E15/E14-1 -> -0.019849305 | M15: 2017 | N15: 481992.56 | O15: 20934.506 | P15: 1920.2891 | Q15: 83.404405 | S15: =M15 -> 2017 | T15: =N15/N14-1 -> 0.0031392536 | U15: =O15/O14-1 -> 0.16207318 | V15: =P15/P14-1 -> 0.0071358243 | W15: =Q15/Q14-1 -> 0.16670295
A16: 2018 | B16: 912321.74 | C16: 37583.578 | D16: 3634.748 | E16: 149.73537 | G16: =A16 -> 2018 | H16: =B16/B15-1 -> 0.062736076 | I16: =C16/C15-1 -> 0.18416577 | J16: =D16/D15-1 -> 0.062736076 | K16: =E16/E15-1 -> 0.18416577 | M16: 2018 | N16: 565172.63 | O16: 30406.849 | P16: 2251.6838 | Q16: 121.14282 | S16: =M16 -> 2018 | T16: =N16/N15-1 -> 0.17257541 | U16: =O16/O15-1 -> 0.45247513 | V16: =P16/P15-1 -> 0.17257541 | W16: =Q16/Q15-1 -> 0.45247513
A17: 2019 | B17: 896772.6 | C17: 34756.286 | D17: 3558.6214 | E17: 137.92177 | G17: =A17 -> 2019 | H17: =B17/B16-1 -> -0.017043481 | I17: =C17/C16-1 -> -0.075226783 | J17: =D17/D16-1 -> -0.020944103 | K17: =E17/E16-1 -> -0.078896518 | M17: 2019 | N17: 541091.97 | O17: 27374.779 | P17: 2147.1904 | Q17: 108.63008 | S17: =M17 -> 2019 | T17: =N17/N16-1 -> -0.042607614 | U17: =O17/O16-1 -> -0.099716672 | V17: =P17/P16-1 -> -0.046406791 | W17: =Q17/Q16-1 -> -0.10328922
A18: 2020 | B18: 1245380.7 | C18: 44481.366 | D18: 4922.4532 | E18: 175.81568 | G18: =A18 -> 2020 | H18: =B18/B17-1 -> 0.3887363 | I18: =C18/C17-1 -> 0.27980781 | J18: =D18/D17-1 -> 0.38324722 | K18: =E18/E17-1 -> 0.27474928 | M18: 2020 | N18: 1015286.6 | O18: 50345.02 | P18: 4012.9905 | Q18: 198.99218 | S18: =M18 -> 2020 | T18: =N18/N17-1 -> 0.87636603 | U18: =O18/O17-1 -> 0.83910235 | V18: =P18/P17-1 -> 0.86894957 | W18: =Q18/Q17-1 -> 0.83183317
A19: 2021 | B19: 1113120.5 | C19: 51734.317 | D19: 4417.1449 | E19: 205.29491 | G19: =A19 -> 2021 | H19: =B19/B18-1 -> -0.10620059 | I19: =C19/C18-1 -> 0.16305594 | J19: =D19/D18-1 -> -0.10265377 | K19: =E19/E18-1 -> 0.16767124 | M19: 2021 | N19: 1291448.8 | O19: 62259.107 | P19: 5124.7967 | Q19: 247.05995 | S19: =M19 -> 2021 | T19: =N19/N18-1 -> 0.27200415 | U19: =O19/O18-1 -> 0.23664875 | V19: =P19/P18-1 -> 0.27705178 | W19: =Q19/Q18-1 -> 0.24155609
A20: 2022 | B20: 1155350.7 | C20: 48611.179 | D20: 4602.9907 | E20: 193.67004 | G20: =A20 -> 2022 | H20: =B20/B19-1 -> 0.037938534 | I20: =C20/C19-1 -> -0.060368798 | J20: =D20/D19-1 -> 0.042073747 | K20: =E20/E19-1 -> -0.056625247 | M20: 2022 | N20: 1246601.6 | O20: 60114.039 | P20: 4966.5402 | Q20: 239.49816 | S20: =M20 -> 2022 | T20: =N20/N19-1 -> -0.034726244 | U20: =O20/O19-1 -> -0.034453879 | V20: =P20/P19-1 -> -0.030880531 | W20: =Q20/Q19-1 -> -0.030607082
... A22: 2024 | B22: 1015136.7 | C22: 51149.985 | D22: 4028.3204 | E22: 202.97613 | G22: =A22 -> 2024 | H22: =B22/B21-1 -> 0.001873629 | I22: =C22/C21-1 -> 0.1755513 | J22: =D22/D21-1 -> -0.006077749 | K22: =E22/E21-1 -> 0.16622152 | M22: 2024 | N22: 1515229.5 | O22: 71414.947 | P22: 6012.8156 | Q22: 283.39265 | S22: =M22 -> 2024 | T22: =N22/N21-1 -> 0.19386128 | U22: =O22/O21-1 -> 0.26368269 | V22: =P22/P21-1 -> 0.18438619 | W22: =Q22/Q21-1 -> 0.25365346
A24: Average | B24: =AVERAGE(B$8:B$22) -> 1002210.7 | C24: =AVERAGE(C$8:C$22) -> 36907.075 | D24: =AVERAGE(D$8:D$22) -> 3982.8765 | E24: =AVERAGE(E$8:E$22) -> 146.68084 | M24: Average | N24: =AVERAGE(N$8:N$22) -> 754612.86 | O24: =AVERAGE(O$8:O$22) -> 32571.061 | P24: =AVERAGE(P$8:P$22) -> 2999.4631 | Q24: =AVERAGE(Q$8:Q$22) -> 129.46298
A25: Y/Y Change | B25: =B22/B21-1 -> 0.001873629 | C25: =C22/C21-1 -> 0.1755513 | D25: =D22/D21-1 -> -0.006077749 | E25: =E22/E21-1 -> 0.16622152 | M25: Y/Y Change | N25: =N22/N21-1 -> 0.19386128 | O25: =O22/O21-1 -> 0.26368269 | P25: =P22/P21-1 -> 0.18438619 | Q25: =Q22/Q21-1 -> 0.25365346
A26: 5Y CAGR | B26: =((B22/B17)^(1/5))-1 -> 0.025105213 | C26: =((C22/C17)^(1/5))-1 -> 0.080344907 | D26: =((D22/D17)^(1/5))-1 -> 0.025105213 | E26: =((E22/E17)^(1/5))-1 -> 0.080344907 | M26: 5Y CAGR | N26: =((N22/N17)^(1/5))-1 -> 0.22868758 | O26: =((O22/O17)^(1/5))-1 -> 0.21140036 | P26: =((P22/P17)^(1/5))-1 -> 0.22868758 | Q26: =((Q22/Q17)^(1/5))-1 -> 0.21140036
A27: 10Y CAGR | B27: =((B22/B12)^(1/10))-1 -> 0.0182014 | C27: =((C22/C12)^(1/10))-1 -> 0.049754821 | D27: =((D22/D12)^(1/10))-1 -> 0.0182014 | E27: =((E22/E12)^(1/10))-1 -> 0.049754821 | M27: 10Y CAGR | N27: =((N22/N12)^(1/10))-1 -> 0.11901197 | O27: =((O22/O12)^(1/10))-1 -> 0.148708 | P27: =((P22/P12)^(1/10))-1 -> 0.11901197 | Q27: =((Q22/Q12)^(1/10))-1 -> 0.148708
A29: Source: Cboe Exchange, Inc.
A30: Note: ADV = average daily volume

Sheet 2-22
A1: Return to the Table of Contents
A3: Futures Contracts Traded on US Exchanges
A6: (#M) | B6: Agriculture | C6: Currency | D6: Energy | E6: Equity Index | F6: Individual Equity | G6: Interest Rates | H6: Precious Metals | I6: Non-Precious Metals | J6: Other | K6: Total | M6: (Y/Y) | N6: =B6 -> Agriculture | O6: =C6 -> Currency | P6: =D6 -> Energy | Q6: =E6 -> Equity Index | R6: =F6 -> Individual Equity | S6: =G6 -> Interest Rates | T6: =H6 -> Precious Metals | U6: =I6 -> Non-Precious Metals | V6: =J6 -> Other | W6: Total
A7: 2010 | B7: 239.48089 | C7: 229.04193 | D7: 350.58125 | E7: 740.60249 | F7: 4.804896 | G7: 1122.9981 | H7: 63.842323 | I7: 10.363946 | J7: 3.067865 | K7: 2764.7836
A8: 2011 | B8: 265.89787 | C8: 231.55886 | D8: 374.08336 | E8: 813.89743 | F8: 3.642201 | G8: 1277.5784 | H8: 76.347068 | I8: 12.571464 | J8: 0.965122 | K8: 3056.5418 | M8: =A8 -> 2011 | N8: =IFERROR(B8/B7-1,"N/A") -> 0.11030933 | O8: =IFERROR(C8/C7-1,"N/A") -> 0.010988966 | P8: =IFERROR(D8/D7-1,"N/A") -> 0.067037571 | Q8: =IFERROR(E8/E7-1,"N/A") -> 0.098966632 | R8: =IFERROR(F8/F7-1,"N/A") -> -0.2419813 | S8: =IFERROR(G8/G7-1,"N/A") -> 0.13764971 | T8: =IFERROR(H8/H7-1,"N/A") -> 0.1958692 | U8: =IFERROR(I8/I7-1,"N/A") -> 0.21299976 | ... W8: =IFERROR(K8/K7-1,"N/A") -> 0.10552657
A9: 2012 | B9: 280.72026 | C9: 210.70268 | D9: 428.3052 | E9: 650.81902 | F9: 6.432217 | G9: 1008.2675 | H9: 63.665294 | I9: 16.240513 | J9: 0.866702 | K9: 2666.0194 | M9: =A9 -> 2012 | N9: =IFERROR(B9/B8-1,"N/A") -> 0.055744658 | O9: =IFERROR(C9/C8-1,"N/A") -> -0.090068615 | P9: =IFERROR(D9/D8-1,"N/A") -> 0.14494586 | Q9: =IFERROR(E9/E8-1,"N/A") -> -0.20036727 | R9: =IFERROR(F9/F8-1,"N/A") -> 0.76602472 | S9: =IFERROR(G9/G8-1,"N/A") -> -0.21079793 | T9: =IFERROR(H9/H8-1,"N/A") -> -0.16610689 | U9: =IFERROR(I9/I8-1,"N/A") -> 0.29185535 | ... W9: =IFERROR(K9/K8-1,"N/A") -> -0.12776609
A10: 2013 | B10: 264.54259 | C10: 208.89598 | D10: 627.38113 | E10: 662.99961 | F10: 6.742536 | G10: 1201.9727 | H10: 68.624328 | I10: 17.231764 | J10: 0.89513 | K10: 3059.2858 | M10: =A10 -> 2013 | N10: =IFERROR(B10/B9-1,"N/A") -> -0.057629143 | O10: =IFERROR(C10/C9-1,"N/A") -> -0.0085746466 | P10: =IFERROR(D10/D9-1,"N/A") -> 0.46479926 | Q10: =IFERROR(E10/E9-1,"N/A") -> 0.018715788 | R10: =IFERROR(F10/F9-1,"N/A") -> 0.048244486 | S10: =IFERROR(G10/G9-1,"N/A") -> 0.19211686 | T10: =IFERROR(H10/H9-1,"N/A") -> 0.077892266 | U10: =IFERROR(I10/I9-1,"N/A") -> 0.061035695 | ... W10: =IFERROR(K10/K9-1,"N/A") -> 0.1475107
A11: 2014 | B11: 273.92256 | C11: 185.99981 | D11: 553.84215 | E11: 675.0223 | F11: 8.008998 | G11: 1401.939 | H11: 60.194774 | I11: 14.703665 | J11: 1.124711 | K11: 3174.758 | M11: =A11 -> 2014 | N11: =IFERROR(B11/B10-1,"N/A") -> 0.035457315 | O11: =IFERROR(C11/C10-1,"N/A") -> -0.10960559 | P11: =IFERROR(D11/D10-1,"N/A") -> -0.1172158 | Q11: =IFERROR(E11/E10-1,"N/A") -> 0.018133778 | R11: =IFERROR(F11/F10-1,"N/A") -> 0.1878317 | S11: =IFERROR(G11/G10-1,"N/A") -> 0.16636509 | T11: =IFERROR(H11/H10-1,"N/A") -> -0.12283623 | U11: =IFERROR(I11/I10-1,"N/A") -> -0.14671156 | ... W11: =IFERROR(K11/K10-1,"N/A") -> 0.037744825
A12: 2015 | B12: 315.82984 | C12: 212.03737 | D12: 619.69405 | E12: 667.34748 | F12: 8.795571 | G12: 1312.5483 | H12: 61.32374 | I12: 17.250986 | J12: 1.48674 | K12: 3216.3141 | M12: =A12 -> 2015 | N12: =IFERROR(B12/B11-1,"N/A") -> 0.15298953 | O12: =IFERROR(C12/C11-1,"N/A") -> 0.13998703 | P12: =IFERROR(D12/D11-1,"N/A") -> 0.11890011 | Q12: =IFERROR(E12/E11-1,"N/A") -> -0.011369722 | R12: =IFERROR(F12/F11-1,"N/A") -> 0.098211162 | S12: =IFERROR(G12/G11-1,"N/A") -> -0.063762198 | T12: =IFERROR(H12/H11-1,"N/A") -> 0.018755216 | U12: =IFERROR(I12/I11-1,"N/A") -> 0.17324395 | ... W12: =IFERROR(K12/K11-1,"N/A") -> 0.013089532
A13: 2016 | B13: 333.3733 | C13: 205.37391 | D13: 746.55499 | E13: 731.04129 | F13: 9.695835 | G13: 1440.3845 | H13: 82.935309 | I13: 21.921076 | J13: 1.67283 | K13: 3572.9531 | M13: =A13 -> 2016 | N13: =IFERROR(B13/B12-1,"N/A") -> 0.05554717 | O13: =IFERROR(C13/C12-1,"N/A") -> -0.031425885 | P13: =IFERROR(D13/D12-1,"N/A") -> 0.20471545 | Q13: =IFERROR(E13/E12-1,"N/A") -> 0.095443245 | R13: =IFERROR(F13/F12-1,"N/A") -> 0.10235424 | S13: =IFERROR(G13/G12-1,"N/A") -> 0.097395434 | T13: =IFERROR(H13/H12-1,"N/A") -> 0.35241766 | U13: =IFERROR(I13/I12-1,"N/A") -> 0.27071436 | ... W13: =IFERROR(K13/K12-1,"N/A") -> 0.11088437
A14: 2017 | B14: 342.04489 | C14: 220.00582 | D14: 778.81444 | E14: 639.5702 | F14: 12.227858 | G14: 1524.8359 | H14: 103.78783 | I14: 27.396412 | J14: 2.694435 | K14: 3651.3778 | M14: =A14 -> 2017 | N14: =IFERROR(B14/B13-1,"N/A") -> 0.026011672 | O14: =IFERROR(C14/C13-1,"N/A") -> 0.071245224 | P14: =IFERROR(D14/D13-1,"N/A") -> 0.043211085 | Q14: =IFERROR(E14/E13-1,"N/A") -> -0.12512438 | R14: =IFERROR(F14/F13-1,"N/A") -> 0.26114543 | S14: =IFERROR(G14/G13-1,"N/A") -> 0.058631163 | T14: =IFERROR(H14/H13-1,"N/A") -> 0.2514312 | U14: =IFERROR(I14/I13-1,"N/A") -> 0.24977499 | ... W14: =IFERROR(K14/K13-1,"N/A") -> 0.021949568
A15: 2018 | B15: 382.3788 | C15: 243.82084 | D15: 751.10135 | E15: 816.60866 | F15: 5.933687 | G15: 1900.4833 | H15: 113.5973 | I15: 33.094646 | J15: 2.913716 | K15: 4249.9323 | M15: =A15 -> 2018 | N15: =IFERROR(B15/B14-1,"N/A") -> 0.11791993 | O15: =IFERROR(C15/C14-1,"N/A") -> 0.10824726 | P15: =IFERROR(D15/D14-1,"N/A") -> -0.035583701 | Q15: =IFERROR(E15/E14-1,"N/A") -> 0.27680848 | R15: =IFERROR(F15/F14-1,"N/A") -> -0.51474028 | S15: =IFERROR(G15/G14-1,"N/A") -> 0.24635267 | T15: =IFERROR(H15/H14-1,"N/A") -> 0.094514585 | U15: =IFERROR(I15/I14-1,"N/A") -> 0.20799198 | ... W15: =IFERROR(K15/K14-1,"N/A") -> 0.16392566
A16: 2019 | B16: 383.12967 | C16: 211.8528 | D16: 694.88252 | E16: 821.99867 | F16: 6.250473 | G16: 1911.5151 | H16: 124.5701 | I16: 24.449874 | J16: 2.674855 | K16: 4181.3241 | M16: =A16 -> 2019 | N16: =IFERROR(B16/B15-1,"N/A") -> 0.0019636706 | O16: =IFERROR(C16/C15-1,"N/A") -> -0.13111286 | P16: =IFERROR(D16/D15-1,"N/A") -> -0.07484852 | Q16: =IFERROR(E16/E15-1,"N/A") -> 0.0066004835 | R16: =IFERROR(F16/F15-1,"N/A") -> 0.053387717 | S16: =IFERROR(G16/G15-1,"N/A") -> 0.0058047233 | T16: =IFERROR(H16/H15-1,"N/A") -> 0.0965939 | U16: =IFERROR(I16/I15-1,"N/A") -> -0.26121361 | ... W16: =IFERROR(K16/K15-1,"N/A") -> -0.016143376
A17: 2020 | B17: 375.84884 | C17: 217.47055 | D17: 713.22696 | E17: 1358.9484 | F17: 2.482411 | G17: 1572.6941 | H17: 134.78663 | I17: 24.890079 | J17: 2.060864 | K17: 4402.4088 | M17: =A17 -> 2020 | N17: =IFERROR(B17/B16-1,"N/A") -> -0.019003576 | O17: =IFERROR(C17/C16-1,"N/A") -> 0.026517271 | P17: =IFERROR(D17/D16-1,"N/A") -> 0.026399343 | Q17: =IFERROR(E17/E16-1,"N/A") -> 0.65322453 | R17: =IFERROR(F17/F16-1,"N/A") -> -0.6028443 | S17: =IFERROR(G17/G16-1,"N/A") -> -0.17725262 | T17: =IFERROR(H17/H16-1,"N/A") -> 0.082014302 | U17: =IFERROR(I17/I16-1,"N/A") -> 0.018004387 | ... W17: =IFERROR(K17/K16-1,"N/A") -> 0.052874324
A18: 2021 | B18: 345.9334 | C18: 207.14421 | D18: 645.96303 | E18: 1303.3473 | F18: 0 | G18: 1818.977 | H18: 100.1156 | I18: 25.289174 | J18: 2.260347 | K18: 4449.0301 | M18: =A18 -> 2021 | N18: =IFERROR(B18/B17-1,"N/A") -> -0.07959434 | O18: =IFERROR(C18/C17-1,"N/A") -> -0.047483881 | P18: =IFERROR(D18/D17-1,"N/A") -> -0.094309301 | Q18: =IFERROR(E18/E17-1,"N/A") -> -0.040914783 | R18: =IFERROR(F18/F17-1,"N/A") -> -1 | S18: =IFERROR(G18/G17-1,"N/A") -> 0.15659941 | T18: =IFERROR(H18/H17-1,"N/A") -> -0.25722899 | U18: =IFERROR(I18/I17-1,"N/A") -> 0.0160343 | ... W18: =IFERROR(K18/K17-1,"N/A") -> 0.010589953
A19: 2022 | B19: 329.77304 | C19: 277.32334 | D19: 627.5637 | E19: 1720.3022 | F19: 0 | G19: 2141.0633 | H19: 92.466821 | I19: 23.135551 | J19: 2.598727 | K19: 5214.2266 | M19: =A19 -> 2022 | N19: =IFERROR(B19/B18-1,"N/A") -> -0.046715229 | O19: =IFERROR(C19/C18-1,"N/A") -> 0.3387936 | P19: =IFERROR(D19/D18-1,"N/A") -> -0.028483567 | Q19: =IFERROR(E19/E18-1,"N/A") -> 0.31991081 | R19: =IFERROR(F19/F18-1,"N/A") -> N/A | S19: =IFERROR(G19/G18-1,"N/A") -> 0.17706999 | T19: =IFERROR(H19/H18-1,"N/A") -> -0.0763995 | U19: =IFERROR(I19/I18-1,"N/A") -> -0.085159879 | ... W19: =IFERROR(K19/K18-1,"N/A") -> 0.17199177
... A21: 2024 | B21: 430.94995 | C21: 338.18876 | D21: 754.39173 | E21: 1407.9528 | F21: 0 | G21: 2718.1244 | H21: 124.08999 | I21: 32.660912 | J21: 3.142847 | K21: 5809.5014 | M21: =A21 -> 2024 | N21: =IFERROR(B21/B20-1,"N/A") -> 0.11862499 | O21: =IFERROR(C21/C20-1,"N/A") -> 0.17606334 | P21: =IFERROR(D21/D20-1,"N/A") -> 0.18498508 | Q21: =IFERROR(E21/E20-1,"N/A") -> -0.0051366391 | R21: =IFERROR(F21/F20-1,"N/A") -> N/A | S21: =IFERROR(G21/G20-1,"N/A") -> 0.13225205 | T21: =IFERROR(H21/H20-1,"N/A") -> 0.22241145 | U21: =IFERROR(I21/I20-1,"N/A") -> 0.13231552 | ... W21: =IFERROR(K21/K20-1,"N/A") -> 0.104828
A23: Average | B23: =IFERROR(AVERAGE(B$7:B$21),"N/A") -> 329.93837 | C23: =IFERROR(AVERAGE(C$7:C$21),"N/A") -> 232.46512 | D23: =IFERROR(AVERAGE(D$7:D$21),"N/A") -> 620.20076 | E23: =IFERROR(AVERAGE(E$7:E$21),"N/A") -> 961.712 | F23: =IFERROR(AVERAGE(F$7:F$21),"N/A") -> 5.0011122 | G23: =IFERROR(AVERAGE(G$7:G$21),"N/A") -> 1650.2678 | H23: =IFERROR(AVERAGE(H$7:H$21),"N/A") -> 91.457305 | I23: =IFERROR(AVERAGE(I$7:I$21),"N/A") -> 22.002961 | ... K23: =IFERROR(AVERAGE(K$7:K$21),"N/A") -> 3915.1162
A24: Y/Y Change | B24: =IFERROR(B21/B20-1,"N/A") -> 0.11862499 | C24: =IFERROR(C21/C20-1,"N/A") -> 0.17606334 | D24: =IFERROR(D21/D20-1,"N/A") -> 0.18498508 | E24: =IFERROR(E21/E20-1,"N/A") -> -0.0051366391 | F24: =IFERROR(F21/F20-1,"N/A") -> N/A | G24: =IFERROR(G21/G20-1,"N/A") -> 0.13225205 | H24: =IFERROR(H21/H20-1,"N/A") -> 0.22241145 | I24: =IFERROR(I21/I20-1,"N/A") -> 0.13231552 | ... K24: =IFERROR(K21/K20-1,"N/A") -> 0.104828
A25: 5Y CAGR | B25: =IFERROR(((B21/B16)^(1/5))-1,"N/A") -> 0.023802557 | C25: =IFERROR(((C21/C16)^(1/5))-1,"N/A") -> 0.098057275 | D25: =IFERROR(((D21/D16)^(1/5))-1,"N/A") -> 0.016569571 | E25: =IFERROR(((E21/E16)^(1/5))-1,"N/A") -> 0.11363634 | F25: =IFERROR(((F21/F16)^(1/5))-1,"N/A") -> -1 | G25: =IFERROR(((G21/G16)^(1/5))-1,"N/A") -> 0.072947119 | H25: =IFERROR(((H21/H16)^(1/5))-1,"N/A") -> -0.00077202778 | I25: =IFERROR(((I21/I16)^(1/5))-1,"N/A") -> 0.059620462 | ... K25: =IFERROR(((K21/K16)^(1/5))-1,"N/A") -> 0.067984637
A26: 10Y CAGR | B26: =IFERROR(((B21/B11)^(1/10))-1,"N/A") -> 0.046357047 | C26: =IFERROR(((C21/C11)^(1/10))-1,"N/A") -> 0.061609184 | D26: =IFERROR(((D21/D11)^(1/10))-1,"N/A") -> 0.031385665 | E26: =IFERROR(((E21/E11)^(1/10))-1,"N/A") -> 0.076284279 | F26: =IFERROR(((F21/F11)^(1/10))-1,"N/A") -> -1 | G26: =IFERROR(((G21/G11)^(1/10))-1,"N/A") -> 0.06844955 | H26: =IFERROR(((H21/H11)^(1/10))-1,"N/A") -> 0.075023097 | I26: =IFERROR(((I21/I11)^(1/10))-1,"N/A") -> 0.083079338 | ... K26: =IFERROR(((K21/K11)^(1/10))-1,"N/A") -> 0.06228934
A28: Source: Futures Industry Association (FIA)

Sheet 2-23
A1: Return to the Table of Contents
A3: Options Contracts Traded on US Exchanges
A6: (#M) | B6: Agriculture | C6: Currency | D6: Energy | E6: Equity Index | F6: Individual Equity | G6: Interest Rates | H6: Precious Metals | I6: Non-Precious Metals | J6: Other | K6: Total | M6: (Y/Y) | N6: =B6 -> Agriculture | O6: =C6 -> Currency | P6: =D6 -> Energy | Q6: =E6 -> Equity Index | R6: =F6 -> Individual Equity | S6: =G6 -> Interest Rates | T6: =H6 -> Precious Metals | U6: =I6 -> Non-Precious Metals | ... W6: =K6 -> Total
A7: 2010 | B7: 56.049027 | C7: 11.927169 | D7: 71.27031 | E7: 328.31745 | F7: 3610.4369 | G7: 268.72897 | H7: 9.402189 | I7: 0.018345 | J7: 0.324994 | K7: 4356.4754
A8: 2011 | B8: 68.070699 | C8: 10.93659 | D8: 74.240633 | E8: 398.69598 | F8: 4224.6045 | G8: 274.01146 | H8: 12.416888 | I8: 0.016214 | J8: 0.236528 | K8: 5063.2295 | M8: =A8 -> 2011 | N8: =B8/B7-1 -> 0.21448494 | O8: =C8/C7-1 -> -0.083052315 | P8: =D8/D7-1 -> 0.041676864 | Q8: =E8/E7-1 -> 0.21436122 | R8: =F8/F7-1 -> 0.17010894 | S8: =G8/G7-1 -> 0.019657307 | T8: =I8/I7-1 -> -0.11616244 | U8: =H8/H7-1 -> 0.32063799 | V8: =J8/J7-1 -> -0.2722081 | W8: =K8/K7-1 -> 0.16223072
A9: 2012 | B9: 70.613182 | C9: 11.041454 | D9: 84.259778 | E9: 381.60677 | F9: 3681.8207 | G9: 227.83325 | H9: 11.496647 | I9: 0.03681 | J9: 0.155811 | K9: 4468.8644 | M9: =A9 -> 2012 | N9: =B9/B8-1 -> 0.037350623 | O9: =C9/C8-1 -> 0.0095883635 | P9: =D9/D8-1 -> 0.13495501 | Q9: =E9/E8-1 -> -0.04286276 | R9: =F9/F8-1 -> -0.12848158 | S9: =G9/G8-1 -> -0.16852656 | T9: =I9/I8-1 -> 1.2702603 | U9: =H9/H8-1 -> -0.074112048 | V9: =J9/J8-1 -> -0.34125769 | W9: =K9/K8-1 -> -0.11738855
A10: 2013 | B10: 61.930017 | C10: 16.259959 | D10: 119.48579 | E10: 1930.1709 | F10: 2273.7726 | G10: 285.91603 | H10: 13.111452 | I10: 0.055179 | J10: 0.120043 | K10: 4700.822 | M10: =A10 -> 2013 | N10: =B10/B9-1 -> -0.12296805 | O10: =C10/C9-1 -> 0.47262842 | P10: =D10/D9-1 -> 0.41806439 | Q10: =E10/E9-1 -> 4.0580101 | R10: =F10/F9-1 -> -0.38243255 | S10: =G10/G9-1 -> 0.25493549 | T10: =I10/I9-1 -> 0.499022 | U10: =H10/H9-1 -> 0.14045878 | V10: =J10/J9-1 -> -0.22956017 | W10: =K10/K9-1 -> 0.051905269
A11: 2014 | B11: 69.046821 | C11: 18.807178 | D11: 104.6091 | E11: 2054.2443 | F11: 2342.9287 | G11: 364.94347 | H11: 10.759538 | I11: 0.049927 | J11: 0.125091 | K11: 4965.5141 | M11: =A11 -> 2014 | N11: =B11/B10-1 -> 0.11491687 | O11: =C11/C10-1 -> 0.15665593 | P11: =D11/D10-1 -> -0.1245059 | Q11: =E11/E10-1 -> 0.064281029 | R11: =F11/F10-1 -> 0.030414682 | S11: =G11/G10-1 -> 0.27640086 | T11: =I11/I10-1 -> -0.095181138 | U11: =H11/H10-1 -> -0.17937861 | V11: =J11/J10-1 -> 0.042051598 | W11: =K11/K10-1 -> 0.056307621
A12: 2015 | B12: 75.074685 | C12: 24.715154 | D12: 117.3823 | E12: 2105.3314 | F12: 2180.2796 | G12: 388.15516 | H12: 9.069075 | I12: 0.117562 | J12: 0.113855 | K12: 4900.2388 | M12: =A12 -> 2015 | N12: =B12/B11-1 -> 0.087301108 | O12: =C12/C11-1 -> 0.3141341 | P12: =D12/D11-1 -> 0.12210408 | Q12: =E12/E11-1 -> 0.024869067 | R12: =F12/F11-1 -> -0.069421245 | S12: =G12/G11-1 -> 0.063603516 | T12: =I12/I11-1 -> 1.3546778 | U12: =H12/H11-1 -> -0.15711297 | V12: =J12/J11-1 -> -0.089822609 | W12: =K12/K11-1 -> -0.013145713
A13: 2016 | B13: 76.045891 | C13: 23.523556 | D13: 126.2941 | E13: 2250.9796 | F13: 1975.5425 | G13: 454.32058 | H13: 11.660726 | I13: 0.121098 | J13: 0.07299 | K13: 4918.5611 | M13: =A13 -> 2016 | N13: =B13/B12-1 -> 0.012936531 | O13: =C13/C12-1 -> -0.048213254 | P13: =D13/D12-1 -> 0.075921146 | Q13: =E13/E12-1 -> 0.069180637 | R13: =F13/F12-1 -> -0.093904058 | S13: =G13/G12-1 -> 0.17046128 | T13: =I13/I12-1 -> 0.030077746 | U13: =H13/H12-1 -> 0.28576795 | V13: =J13/J12-1 -> -0.35892144 | W13: =K13/K12-1 -> 0.0037390457
A14: 2017 | B14: 70.470828 | C14: 26.740678 | D14: 131.63625 | E14: 2269.1054 | F14: 2092.0851 | G14: 531.15093 | H14: 11.828871 | I14: 0.164464 | J14: 0.087315 | K14: 5133.2699 | M14: =A14 -> 2017 | N14: =B14/B13-1 -> -0.073311824 | O14: =C14/C13-1 -> 0.13676172 | P14: =D14/D13-1 -> 0.042299283 | Q14: =E14/E13-1 -> 0.0080524315 | R14: =F14/F13-1 -> 0.058992672 | S14: =G14/G13-1 -> 0.16911043 | T14: =I14/I13-1 -> 0.35810666 | U14: =H14/H13-1 -> 0.014419771 | V14: =J14/J13-1 -> 0.19625976 | W14: =K14/K13-1 -> 0.043652764
A15: 2018 | B15: 79.207202 | C15: 27.760411 | D15: 117.0102 | E15: 2781.8725 | F15: 2565.6661 | G15: 607.70873 | H15: 14.392636 | I15: 0.364781 | J15: 0.081022 | K15: 6194.0636 | M15: =A15 -> 2018 | N15: =B15/B14-1 -> 0.1239715 | O15: =C15/C14-1 -> 0.038134149 | P15: =D15/D14-1 -> -0.1111096 | Q15: =E15/E14-1 -> 0.22597764 | R15: =F15/F14-1 -> 0.22636797 | S15: =G15/G14-1 -> 0.14413568 | T15: =I15/I14-1 -> 1.2179991 | U15: =H15/H14-1 -> 0.21673793 | V15: =J15/J14-1 -> -0.072072382 | W15: =K15/K14-1 -> 0.2066507
A16: 2019 | B16: 77.604098 | C16: 20.427183 | D16: 89.67235 | E16: 2422.8666 | F16: 2640.958 | G16: 696.38916 | H16: 19.201893 | I16: 0.721106 | J16: 0.150172 | K16: 5967.9905 | M16: =A16 -> 2019 | N16: =B16/B15-1 -> -0.020239372 | O16: =C16/C15-1 -> -0.26416136 | P16: =D16/D15-1 -> -0.23363648 | Q16: =E16/E15-1 -> -0.12905192 | R16: =F16/F15-1 -> 0.029345947 | S16: =G16/G15-1 -> 0.14592588 | T16: =I16/I15-1 -> 0.97681897 | U16: =H16/H15-1 -> 0.33414706 | V16: =J16/J15-1 -> 0.8534719 | W16: =K16/K15-1 -> -0.03649835
A17: 2020 | B17: 75.630721 | C17: 21.312687 | D17: 108.87431 | E17: 3212.1222 | F17: 4438.2971 | G17: 459.56604 | H17: 17.480456 | I17: 0.445036 | J17: 0.032222 | K17: 8333.7608 | M17: =A17 -> 2020 | N17: =B17/B16-1 -> -0.025428773 | O17: =C17/C16-1 -> 0.043349296 | P17: =D17/D16-1 -> 0.2141347 | Q17: =E17/E16-1 -> 0.32575283 | R17: =F17/F16-1 -> 0.6805633 | S17: =G17/G16-1 -> -0.34007296 | T17: =I17/I16-1 -> -0.38284247 | U17: =H17/H16-1 -> -0.089649338 | V17: =J17/J16-1 -> -0.7854327 | W17: =K17/K16-1 -> 0.39640985
A18: 2021 | B18: 82.596888 | C18: 21.27287 | D18: 101.75124 | E18: 3395.0707 | F18: 6668.7847 | G18: 499.91347 | H18: 12.43477 | I18: 0.76389 | J18: 0.085457 | K18: 10782.674 | M18: =A18 -> 2021 | N18: =B18/B17-1 -> 0.092107637 | O18: =C18/C17-1 -> -0.0018682299 | P18: =D18/D17-1 -> -0.065424744 | Q18: =E18/E17-1 -> 0.056955641 | R18: =F18/F17-1 -> 0.50255482 | S18: =G18/G17-1 -> 0.087794629 | T18: =I18/I17-1 -> 0.71646788 | U18: =H18/H17-1 -> -0.28864728 | V18: =J18/J17-1 -> 1.6521321 | W18: =K18/K17-1 -> 0.29385451
A19: 2022 | B19: 82.538928 | C19: 20.766221 | D19: 121.15648 | E19: 5039.5414 | F19: 5588.1926 | G19: 574.75805 | H19: 14.393071 | I19: 1.111559 | J19: 0.057674 | K19: 11442.516 | M19: =A19 -> 2022 | N19: =B19/B18-1 -> -0.00070172135 | O19: =C19/C18-1 -> -0.023816674 | P19: =D19/D18-1 -> 0.19071255 | Q19: =E19/E18-1 -> 0.48437011 | R19: =F19/F18-1 -> -0.16203734 | S19: =G19/G18-1 -> 0.14971507 | T19: =I19/I18-1 -> 0.45512967 | U19: =H19/H18-1 -> 0.1574859 | V19: =J19/J18-1 -> -0.32511087 | W19: =K19/K18-1 -> 0.061194654
... A21: 2023 | B21: 99.042845 | C21: 45.332126 | D21: 207.72306 | E21: 6104.9653 | F21: 6519.4674 | G21: 740.10099 | H21: 26.313539 | I21: 3.233346 | J21: 0.18078 | K21: 13746.359 | M21: =A21 -> 2023 | N21: =B21/B20-1 -> 0.074631677 | O21: =C21/C20-1 -> 1.2868057 | P21: =D21/D20-1 -> 0.38771617 | Q21: =E21/E20-1 -> 0.053321279 | R21: =F21/F20-1 -> 0.1611091 | S21: =G21/G20-1 -> 0.015137398 | T21: =I21/I20-1 -> 1.0882918 | U21: =H21/H20-1 -> 0.42984601 | V21: =J21/J20-1 -> -0.61309957 | W21: =K21/K20-1 -> 0.10661939
A23: Average | B23: =AVERAGE(B$7:B$21) -> 75.739086 | C23: =AVERAGE(C$7:C$21) -> 21.376438 | D23: =AVERAGE(D$7:D$21) -> 115.00353 | E23: =AVERAGE(E$7:E$21) -> 2698.054 | F23: =AVERAGE(F$7:F$21) -> 3761.1799 | G23: =AVERAGE(G$7:G$21) -> 473.50408 | H23: =AVERAGE(H$7:H$21) -> 14.157654 | I23: =AVERAGE(I$7:I$21) -> 0.5845092 | ... K23: =AVERAGE(K$7:K$21) -> 7159.7519
A24: Y/Y Change | B24: =B21/B20-1 -> 0.074631677 | C24: =C21/C20-1 -> 1.2868057 | D24: =D21/D20-1 -> 0.38771617 | E24: =E21/E20-1 -> 0.053321279 | F24: =F21/F20-1 -> 0.1611091 | G24: =G21/G20-1 -> 0.015137398 | H24: =H21/H20-1 -> 0.42984601 | I24: =I21/I20-1 -> 1.0882918 | ... K24: =K21/K20-1 -> 0.10661939
A25: 5Y CAGR | B25: =((B21/B16)^(1/5))-1 -> 0.04999611 | C25: =((C21/C16)^(1/5))-1 -> 0.17284203 | D25: =((D21/D16)^(1/5))-1 -> 0.18294685 | E25: =((E21/E16)^(1/5))-1 -> 0.20301417 | F25: =((F21/F16)^(1/5))-1 -> 0.19809188 | G25: =((G21/G16)^(1/5))-1 -> 0.012250026 | H25: =((H21/H16)^(1/5))-1 -> 0.065042757 | I25: =((I21/I16)^(1/5))-1 -> 0.3499902 | ... K25: =((K21/K16)^(1/5))-1 -> 0.18160389
A26: 10Y CAGR | B26: =((B21/B11)^(1/10))-1 -> 0.036735433 | C26: =((C21/C11)^(1/10))-1 -> 0.09196381 | D26: =((D21/D11)^(1/10))-1 -> 0.071005058 | E26: =((E21/E11)^(1/10))-1 -> 0.11507252 | F26: =((F21/F11)^(1/10))-1 -> 0.10775905 | G26: =((G21/G11)^(1/10))-1 -> 0.073263942 | H26: =((H21/H11)^(1/10))-1 -> 0.093549796 | I26: =((I21/I11)^(1/10))-1 -> 0.51751038 | ... K26: =((K21/K11)^(1/10))-1 -> 0.10719049
A28: Source: Futures Industry Association (FIA)

Sheet 2-26
A1: Return to the Table of Contents
A3: Net Assets and Number of Exchange-Traded Funds (ETFs) - Chart
A24: Sources: Investment Company Institute and Strategic Insight Simfund

Sheet 3-01
A1: Return to the Table of Contents
A3: US Holdings of Equities - Market Value
A6: ($B) | B6: Households | C6: Institutions | D6: Total | F6: (Y/Y) | G6: =B6 -> Households | H6: =C6 -> Institutions | I6: =D6 -> Total | K6: (% Total) | L6: =B6 -> Households | M6: =C6 -> Institutions
A7: 2010 | B7: 8784.661 | C7: 15441.011 | D7: 24225.672 | K7: =A7 -> 2010 | L7: =B7/D7 -> 0.36261785 | M7: =C7/D7 -> 0.63738215
A8: 2011 | B8: 8334.8 | C8: 15152.312 | D8: 23487.112 | F8: =A8 -> 2011 | G8: =B8/B7-1 -> -0.05120983 | H8: =C8/C7-1 -> -0.018696898 | I8: =D8/D7-1 -> -0.030486667 | K8: =A8 -> 2011 | L8: =B8/D8 -> 0.35486696 | M8: =C8/D8 -> 0.64513304
A9: 2012 | B9: 9623.047 | C9: 17361.013 | D9: 26984.06 | F9: =A9 -> 2012 | G9: =B9/B8-1 -> 0.15456244 | H9: =C9/C8-1 -> 0.1457666 | I9: =D9/D8-1 -> 0.14888795 | K9: =A9 -> 2012 | L9: =B9/D9 -> 0.35661969 | M9: =C9/D9 -> 0.64338031
A10: 2013 | B10: 12519.716 | C10: 22156.804 | D10: 34676.52 | F10: =A10 -> 2013 | G10: =B10/B9-1 -> 0.3010137 | H10: =C10/C9-1 -> 0.27623912 | I10: =D10/D9-1 -> 0.28507423 | K10: =A10 -> 2013 | L10: =B10/D10 -> 0.36104303 | M10: =C10/D10 -> 0.63895697
A11: 2014 | B11: 14327.226 | C11: 24040.042 | D11: 38367.268 | F11: =A11 -> 2014 | G11: =B11/B10-1 -> 0.14437308 | H11: =C11/C10-1 -> 0.084995923 | I11: =D11/D10-1 -> 0.10643363 | K11: =A11 -> 2014 | L11: =B11/D11 -> 0.37342315 | M11: =C11/D11 -> 0.62657685
A12: 2015 | B12: 13953.554 | C12: 23341.202 | D12: 37294.756 | F12: =A12 -> 2015 | G12: =B12/B11-1 -> -0.026081253 | H12: =C12/C11-1 -> -0.029069833 | I12: =D12/D11-1 -> -0.027953828 | K12: =A12 -> 2015 | L12: =B12/D12 -> 0.37414252 | M12: =C12/D12 -> 0.62585748
A13: 2016 | B13: 15404.748 | C13: 24849.742 | D13: 40254.49 | F13: =A13 -> 2016 | G13: =B13/B12-1 -> 0.10400175 | H13: =C13/C12-1 -> 0.064629919 | I13: =D13/D12-1 -> 0.079360594 | K13: =A13 -> 2016 | L13: =B13/D13 -> 0.38268397 | M13: =C13/D13 -> 0.61731603
A14: 2017 | B14: 18284.505 | C14: 29795.644 | D14: 48080.149 | F14: =A14 -> 2017 | G14: =B14/B13-1 -> 0.18693957 | H14: =C14/C13-1 -> 0.19903233 | I14: =D14/D13-1 -> 0.19440462 | K14: =A14 -> 2017 | L14: =B14/D14 -> 0.38029219 | M14: =C14/D14 -> 0.61970781
A15: 2018 | B15: 16649.63 | C15: 27294.877 | D15: 43944.507 | F15: =A15 -> 2018 | G15: =B15/B14-1 -> -0.08941314 | H15: =C15/C14-1 -> -0.083930624 | I15: =D15/D14-1 -> -0.086015582 | K15: =A15 -> 2018 | L15: =B15/D15 -> 0.37887853 | M15: =C15/D15 -> 0.62112147
A16: 2019 | B16: 21153.102 | C16: 33487.401 | D16: 54640.503 | F16: =A16 -> 2019 | G16: =B16/B15-1 -> 0.27048481 | H16: =C16/C15-1 -> 0.22687496 | I16: =D16/D15-1 -> 0.24339779 | K16: =A16 -> 2019 | L16: =B16/D16 -> 0.38713227 | M16: =C16/D16 -> 0.61286773
A17: 2020 | B17: 26139.763 | C17: 39295.298 | D17: 65435.061 | F17: =A17 -> 2020 | G17: =B17/B16-1 -> 0.23574136 | H17: =C17/C16-1 -> 0.17343529 | I17: =D17/D16-1 -> 0.19755598 | K17: =A17 -> 2020 | L17: =B17/D17 -> 0.39947641 | M17: =C17/D17 -> 0.60052359
A18: 2021 | B18: 33032.952 | C18: 48041.344 | D18: 81074.296 | F18: =A18 -> 2021 | G18: =B18/B17-1 -> 0.26370511 | H18: =C18/C17-1 -> 0.22257233 | I18: =D18/D17-1 -> 0.2390039 | K18: =A18 -> 2021 | L18: =B18/D18 -> 0.4074405 | M18: =C18/D18 -> 0.5925595
A19: 2022 | B19: 27305.928 | C19: 38303.595 | D19: 65609.523 | F19: =A19 -> 2022 | G19: =B19/B18-1 -> -0.17337306 | H19: =C19/C18-1 -> -0.20269518 | I19: =D19/D18-1 -> -0.19074816 | K19: =A19 -> 2022 | L19: =B19/D19 -> 0.41618849 | M19: =C19/D19 -> 0.58381151
... A21: 2024 | B21: 39398.943 | C21: 54777.431 | D21: 94176.374 | F21: =A21 -> 2024 | G21: =B21/B20-1 -> 0.20655657 | H21: =C21/C20-1 -> 0.19156979 | I21: =D21/D20-1 -> 0.19779402 | K21: =A21 -> 2024 | L21: =B21/D21 -> 0.41835273 | M21: =C21/D21 -> 0.58164727
A23: Average | B23: =AVERAGE(B$7:B$21) -> 19837.774 | C23: =AVERAGE(C$7:C$21) -> 30620.569 | D23: =AVERAGE(D$7:D$21) -> 50458.343 | K23: Average | L23: =AVERAGE(L$7:L$21) -> 0.38456485 | M23: =AVERAGE(M$7:M$21) -> 0.61543515
A24: Y/Y Change | B24: =B21/B20-1 -> 0.20655657 | C24: =C21/C20-1 -> 0.19156979 | D24: =D21/D20-1 -> 0.19779402 | K24: Y/Y Change | L24: =L21-L20 -> 0.0030382645 | M24: =M21-M20 -> -0.0030382645
A25: 5Y CAGR | B25: =((B21/B16)^(1/5))-1 -> 0.13245799 | C25: =((C21/C16)^(1/5))-1 -> 0.10342811 | D25: =((D21/D16)^(1/5))-1 -> 0.11502718
A26: 10Y CAGR | B26: =((B21/B11)^(1/10))-1 -> 0.10645115 | C26: =((C21/C11)^(1/10))-1 -> 0.08584202 | D26: =((D21/D11)^(1/10))-1 -> 0.093951603
A28: Source: The Federal Reserve - Financial Accounts of the United States
A29: Note: Market value. Household sector includes nonprofit organizations; includes only directly held equities

Sheet 3-02
A1: Return to the Table of Contents
A3: US Household Stock Ownership
B6: 2001 | C6: 2004 | D6: 2007 | E6: 2010 | F6: 2013 | G6: 2016 | H6: 2019 | I6: 2022 | K6: Average
A7: Families with stock holdings, direct or indirect (% of all families) | B7: 0.530072 | C7: 0.503057 | D7: 0.531629 | E7: 0.49839 | F7: 0.488465 | G7: 0.518833 | H7: 0.5265 | I7: 0.579883 | K7: =AVERAGE(B7:I7) -> 0.52210362
A8: Median value of stock held among families (thousands of 2022 dollars) | B8: 35 | C8: 32.875 | D8: 34 | E8: 29 | F8: 35.8 | G8: 40 | H8: 40 | I8: 52 | K8: =AVERAGE(B8:I8) -> 37.334375
A9: Stock held by families (% of total family financial assets) | B9: 0.567005 | C9: 0.513075 | D9: 0.536308 | E9: 0.467951 | F9: 0.512669 | G9: 0.532271 | H9: 0.546016 | I9: 0.564232 | K9: =AVERAGE(B9:I9) -> 0.52994087
A11: Source: The Federal Reserve, 2022 Survey of Consumer Finances (triennial survey)
A12: Note: Includes both directly and indirectly held publicly traded stock (i.e. through mutual funds or retirement accounts); 2022 is the latest data available at the time of publication. The 2025 survey results is expected to be published in late 2026.

Sheet 3-03
A1: Return to the Table of Contents
A3: US Household Equity Ownership - Market Value
B6: $ Billions
A7: 2010 | B7: 15103.278
A8: 2011 | B8: 14305.343
A9: 2012 | B9: 16461.971
A10: 2013 | B10: 21453.221
A11: 2014 | B11: 23811.754
A12: 2015 | B12: 23289.369
A13: 2016 | B13: 25212.935
A14: 2017 | B14: 30038.684
A15: 2018 | B15: 27153.475
A16: 2019 | B16: 34384.894
A17: 2020 | B17: 41040.396
A18: 2021 | B18: 50482.231
... A21: 2024 | B21: 57908.159
A23: Average | B23: =AVERAGE(B$7:B$21) -> 31341.856
A24: Y/Y Change | B24: =B21/B20-1 -> 0.18996893
A25: 5Y CAGR | B25: =((B21/B16)^(1/5))-1 -> 0.10987588
A26: 10Y CAGR | B26: =((B21/B11)^(1/10))-1 -> 0.092936266
A28: Source: The Federal Reserve - Financial Accounts of the United States
A29: Note: Household sector includes nonprofit organizations; includes both directly and indirectly held equities (i.e. through mutual funds)

Sheet 3-04
A1: Return to the Table of Contents
A3: US Household Liquid Financial Assets - Market Value
A6: ($B) | B6: Equities | C6: Deposits | D6: MFs | E6: UST, Agency | F6: Munis | G6: MMFs | H6: Corporates | I6: Total | K6: (Y/Y) | L6: =B6 -> Equities | M6: =C6 -> Deposits | N6: =D6 -> MFs | O6: =E6 -> UST, Agency | P6: =F6 -> Munis | Q6: =G6 -> MMFs | R6: =H6 -> Corporates | S6: =I6 -> Total
A7: 2010 | B7: 8784.661 | C7: 6198.133 | D7: 4728.837 | E7: 695.62 | F7: 1905.135 | G7: 1790.015 | H7: 1115.465 | I7: 25217.866
A8: 2011 | B8: 8334.8 | C8: 6557.319 | D8: 4709.303 | E8: 790.078 | F8: 2057.171 | G8: 1711.674 | H8: 1284.575 | I8: 25444.92 | K8: =A8 -> 2011 | L8: =B8/B7-1 -> -0.05120983 | M8: =C8/C7-1 -> 0.057950676 | N8: =D8/D7-1 -> -0.0041308254 | O8: =E8/E7-1 -> 0.13578966 | P8: =F8/F7-1 -> 0.079803269 | Q8: =G8/G7-1 -> -0.043765555 | R8: =H8/H7-1 -> 0.15160494 | S8: =I8/I7-1 -> 0.009003696
A9: 2012 | B9: 9623.047 | C9: 6800.858 | D9: 5583.813 | E9: 872.688 | F9: 2036.851 | G9: 1749.274 | H9: 1291.589 | I9: 27958.12 | K9: =A9 -> 2012 | L9: =B9/B8-1 -> 0.15456244 | M9: =C9/C8-1 -> 0.037140026 | N9: =D9/D8-1 -> 0.18569839 | O9: =E9/E8-1 -> 0.1045593 | P9: =F9/F8-1 -> -0.0098776426 | Q9: =G9/G8-1 -> 0.0219668 | R9: =H9/H8-1 -> 0.0054601717 | S9: =I9/I8-1 -> 0.098770206
A10: 2013 | B10: 12519.716 | C10: 6920.508 | D10: 6650.234 | E10: 522.933 | F10: 1859.682 | G10: 1680.271 | H10: 830.252 | I10: 30983.596 | K10: =A10 -> 2013 | L10: =B10/B9-1 -> 0.3010137 | M10: =C10/C9-1 -> 0.017593368 | N10: =D10/D9-1 -> 0.19098437 | O10: =E10/E9-1 -> -0.40077897 | P10: =F10/F9-1 -> -0.086981817 | Q10: =G10/G9-1 -> -0.03944665 | R10: =H10/H9-1 -> -0.35718561 | S10: =I10/I9-1 -> 0.10821457
A11: 2014 | B11: 14327.226 | C11: 7453.828 | D11: 7122.079 | E11: 445.896 | F11: 1944.054 | G11: 1676.78 | H11: 878.553 | I11: 33848.416 | K11: =A11 -> 2014 | L11: =B11/B10-1 -> 0.14437308 | M11: =C11/C10-1 -> 0.077063707 | N11: =D11/D10-1 -> 0.070951639 | O11: =E11/E10-1 -> -0.14731715 | P11: =F11/F10-1 -> 0.045369047 | Q11: =G11/G10-1 -> -0.002077641 | R11: =H11/H10-1 -> 0.058176313 | S11: =I11/I10-1 -> 0.092462476
A12: 2015 | B12: 13953.554 | C12: 8009.393 | D12: 7011.881 | E12: 1028.789 | F12: 1898.818 | G12: 1723.637 | H12: 379.017 | I12: 34005.089 | K12: =A12 -> 2015 | L12: =B12/B11-1 -> -0.026081253 | M12: =C12/C11-1 -> 0.074534186 | N12: =D12/D11-1 -> -0.015472729 | O12: =E12/E11-1 -> 1.3072398 | P12: =F12/F11-1 -> -0.023268901 | Q12: =G12/G11-1 -> 0.027944632 | R12: =H12/H11-1 -> -0.56858949 | S12: =I12/I11-1 -> 0.0046286656
A13: 2016 | B13: 15404.748 | C13: 8713.85 | D13: 7365.807 | E13: 1131.603 | F13: 1886.282 | G13: 1580.196 | H13: 178.149 | I13: 36260.635 | K13: =A13 -> 2016 | L13: =B13/B12-1 -> 0.10400175 | M13: =C13/C12-1 -> 0.087953856 | N13: =D13/D12-1 -> 0.050475186 | O13: =E13/E12-1 -> 0.099936916 | P13: =F13/F12-1 -> -0.0066020019 | Q13: =G13/G12-1 -> -0.083219959 | R13: =H13/H12-1 -> -0.52997095 | S13: =I13/I12-1 -> 0.06632966
A14: 2017 | B14: 18284.505 | C14: 8869.172 | D14: 8729.976 | E14: 1112.023 | F14: 1898.34 | G14: 1653.051 | H14: 190.705 | I14: 40737.772 | K14: =A14 -> 2017 | L14: =B14/B13-1 -> 0.18693957 | M14: =C14/C13-1 -> 0.017824727 | N14: =D14/D13-1 -> 0.18520292 | O14: =E14/E13-1 -> -0.017302888 | P14: =F14/F13-1 -> 0.0063924694 | Q14: =G14/G13-1 -> 0.04610504 | R14: =H14/H13-1 -> 0.070480328 | S14: =I14/I13-1 -> 0.123471
A15: 2018 | B15: 16649.63 | C15: 9302.868 | D15: 8062.207 | E15: 1815.335 | F15: 1853.928 | G15: 1826.258 | H15: 192.352 | I15: 39702.578 | K15: =A15 -> 2018 | L15: =B15/B14-1 -> -0.08941314 | M15: =C15/C14-1 -> 0.048899266 | N15: =D15/D14-1 -> -0.076491505 | O15: =E15/E14-1 -> 0.63246174 | P15: =F15/F14-1 -> -0.023395177 | Q15: =G15/G14-1 -> 0.10478019 | R15: =H15/H14-1 -> 0.0086363756 | S15: =I15/I14-1 -> -0.025411159
A16: 2019 | B16: 21153.102 | C16: 9879.627 | D16: 10054.174 | E16: 2154.939 | F16: 1874.551 | G16: 2271.791 | H16: 211.834 | I16: 47600.018 | K16: =A16 -> 2019 | L16: =B16/B15-1 -> 0.27048481 | M16: =C16/C15-1 -> 0.061997977 | N16: =D16/D15-1 -> 0.24707465 | O16: =E16/E15-1 -> 0.18707511 | P16: =F16/F15-1 -> 0.011123949 | Q16: =G16/G15-1 -> 0.24395951 | R16: =H16/H15-1 -> 0.10128306 | S16: =I16/I15-1 -> 0.19891504
A17: 2020 | B17: 26139.763 | C17: 10341.434 | D17: 11052.859 | E17: 1516.792 | F17: 1896.094 | G17: 2696.6 | H17: 225.148 | I17: 53868.69 | K17: =A17 -> 2020 | L17: =B17/B16-1 -> 0.23574136 | M17: =C17/C16-1 -> 0.046743364 | N17: =D17/D16-1 -> 0.099330388 | O17: =E17/E16-1 -> -0.29613228 | P17: =F17/F16-1 -> 0.011492352 | Q17: =G17/G16-1 -> 0.18699299 | R17: =H17/H16-1 -> 0.0628511 | S17: =I17/I16-1 -> 0.13169474
A18: 2021 | B18: 33032.952 | C18: 11106.6 | D18: 12927.981 | E18: 644.148 | F18: 1779.133 | G18: 2805.871 | H18: 225.554 | I18: 62522.239 | K18: =A18 -> 2021 | L18: =B18/B17-1 -> 0.26370511 | M18: =C18/C17-1 -> 0.073990319 | N18: =D18/D17-1 -> 0.1696504 | O18: =E18/E17-1 -> -0.57532213 | P18: =F18/F17-1 -> -0.061685233 | Q18: =G18/G17-1 -> 0.040521768 | R18: =H18/H17-1 -> 0.0018032583 | S18: =I18/I17-1 -> 0.16064153
A19: 2022 | B19: 27305.928 | C19: 10337.605 | D19: 9866.801 | E19: 2584.045 | F19: 1600.658 | G19: 3097.128 | H19: 222.698 | I19: 55014.863 | K19: =A19 -> 2022 | L19: =B19/B18-1 -> -0.17337306 | M19: =C19/C18-1 -> -0.06923766 | N19: =D19/D18-1 -> -0.23678717 | O19: =E19/E18-1 -> 3.0115703 | P19: =F19/F18-1 -> -0.10031572 | Q19: =G19/G18-1 -> 0.10380271 | R19: =H19/H18-1 -> -0.012662156 | S19: =I19/I18-1 -> -0.12007529
... A21: 2024 | B21: 39398.943 | C21: 9926.826 | D21: 12349.526 | E21: 3830.957 | F21: 1826.92 | G21: 4718.554 | H21: 238.844 | I21: 72290.57 | K21: =A21 -> 2024 | L21: =B21/B20-1 -> 0.20655657 | M21: =C21/C20-1 -> 0.0033868311 | N21: =D21/D20-1 -> 0.10755349 | O21: =E21/E20-1 -> 0.050715776 | P21: =F21/F20-1 -> 0.0428572 | Q21: =G21/G20-1 -> 0.17067639 | R21: =H21/H20-1 -> 0.026583971 | S21: =I21/I20-1 -> 0.1409713
A23: Average | B23: =AVERAGE(B$7:B$21) -> 19837.774 | C23: =AVERAGE(C$7:C$21) -> 8687.4227 | D23: =AVERAGE(D$7:D$21) -> 8491.0502 | E23: =AVERAGE(E$7:E$21) -> 1519.4594 | F23: =AVERAGE(F$7:F$21) -> 1871.2972 | G23: =AVERAGE(G$7:G$21) -> 2334.1148 | H23: =AVERAGE(H$7:H$21) -> 513.1596 | I23: =AVERAGE(I$7:I$21) -> 43254.278
A24: Y/Y Change | B24: =B21/B20-1 -> 0.20655657 | C24: =C21/C20-1 -> 0.0033868311 | D24: =D21/D20-1 -> 0.10755349 | E24: =E21/E20-1 -> 0.050715776 | F24: =F21/F20-1 -> 0.0428572 | G24: =G21/G20-1 -> 0.17067639 | H24: =H21/H20-1 -> 0.026583971 | I24: =I21/I20-1 -> 0.1409713
A25: 5Y CAGR | B25: =((B21/B16)^(1/5))-1 -> 0.13245799 | C25: =((C21/C16)^(1/5))-1 -> 0.00095366074 | D25: =((D21/D16)^(1/5))-1 -> 0.041983348 | E25: =((E21/E16)^(1/5))-1 -> 0.12195247 | F25: =((F21/F16)^(1/5))-1 -> -0.0051343092 | G25: =((G21/G16)^(1/5))-1 -> 0.15741235 | H25: =((H21/H16)^(1/5))-1 -> 0.024291889 | I25: =((I21/I16)^(1/5))-1 -> 0.087163608
A26: 10Y CAGR | B26: =((B21/B11)^(1/10))-1 -> 0.10645115 | C26: =((C21/C11)^(1/10))-1 -> 0.029065703 | D26: =((D21/D11)^(1/10))-1 -> 0.056584779 | E26: =((E21/E11)^(1/10))-1 -> 0.23995913 | F26: =((F21/F11)^(1/10))-1 -> -0.00619513 | G26: =((G21/G11)^(1/10))-1 -> 0.10900444 | H26: =((H21/H11)^(1/10))-1 -> -0.12212105 | I26: =((I21/I11)^(1/10))-1 -> 0.078833267
A28: Source: The Federal Reserve - Financial Accounts of the United States
A29: Note: Households include nonprofit organizations. Liquid financial assets exclude pension fund reserves, equity in non-corporate business, etc. Deposits = bank deposits and CDs; MFs = mutual funds; UST (U.S. Treasuries), Agency includes GSE securities; Munis = municipal bonds; MMFs = money market funds

Sheet 3-05
A1: Return to the Table of Contents
A3: US Household Liquid Financial Assets - Share of Total
A6: (% Total) | B6: Equities | C6: Deposits | D6: MFs | E6: UST, Agency | F6: Munis | G6: MMFs | H6: Corporates
A7: ='3-04'!A7 -> 2010 | B7: ='3-04'!B7/'3-04'!$I7 -> 0.34835069 | C7: ='3-04'!C7/'3-04'!$I7 -> 0.24578341 | D7: ='3-04'!D7/'3-04'!$I7 -> 0.18751932 | E7: ='3-04'!E7/'3-04'!$I7 -> 0.027584412 | F7: ='3-04'!F7/'3-04'!$I7 -> 0.075547035 | G7: ='3-04'!G7/'3-04'!$I7 -> 0.070982017 | H7: ='3-04'!H7/'3-04'!$I7 -> 0.044233124
A8: ='3-04'!A8 -> 2011 | B8: ='3-04'!B8/'3-04'!$I8 -> 0.32756244 | C8: ='3-04'!C8/'3-04'!$I8 -> 0.25770641 | D8: ='3-04'!D8/'3-04'!$I8 -> 0.18507832 | E8: ='3-04'!E8/'3-04'!$I8 -> 0.03105052 | F8: ='3-04'!F8/'3-04'!$I8 -> 0.080848004 | G8: ='3-04'!G8/'3-04'!$I8 -> 0.067269773 | H8: ='3-04'!H8/'3-04'!$I8 -> 0.050484537
A9: ='3-04'!A9 -> 2012 | B9: ='3-04'!B9/'3-04'!$I9 -> 0.34419507 | C9: ='3-04'!C9/'3-04'!$I9 -> 0.24325162 | D9: ='3-04'!D9/'3-04'!$I9 -> 0.19972062 | E9: ='3-04'!E9/'3-04'!$I9 -> 0.031214116 | F9: ='3-04'!F9/'3-04'!$I9 -> 0.072853647 | G9: ='3-04'!G9/'3-04'!$I9 -> 0.062567655 | H9: ='3-04'!H9/'3-04'!$I9 -> 0.046197276
A10: ='3-04'!A10 -> 2013 | B10: ='3-04'!B10/'3-04'!$I10 -> 0.40407563 | C10: ='3-04'!C10/'3-04'!$I10 -> 0.22336039 | D10: ='3-04'!D10/'3-04'!$I10 -> 0.21463726 | E10: ='3-04'!E10/'3-04'!$I10 -> 0.016877737 | F10: ='3-04'!F10/'3-04'!$I10 -> 0.060021503 | G10: ='3-04'!G10/'3-04'!$I10 -> 0.054230987 | H10: ='3-04'!H10/'3-04'!$I10 -> 0.026796502
A11: ='3-04'!A11 -> 2014 | B11: ='3-04'!B11/'3-04'!$I11 -> 0.42327611 | C11: ='3-04'!C11/'3-04'!$I11 -> 0.22021202 | D11: ='3-04'!D11/'3-04'!$I11 -> 0.210411 | E11: ='3-04'!E11/'3-04'!$I11 -> 0.01317332 | F11: ='3-04'!F11/'3-04'!$I11 -> 0.05743412 | G11: ='3-04'!G11/'3-04'!$I11 -> 0.049537916 | H11: ='3-04'!H11/'3-04'!$I11 -> 0.025955513
A12: ='3-04'!A12 -> 2015 | B12: ='3-04'!B12/'3-04'!$I12 -> 0.41033723 | C12: ='3-04'!C12/'3-04'!$I12 -> 0.23553513 | D12: ='3-04'!D12/'3-04'!$I12 -> 0.20620093 | E12: ='3-04'!E12/'3-04'!$I12 -> 0.030253972 | F12: ='3-04'!F12/'3-04'!$I12 -> 0.05583923 | G12: ='3-04'!G12/'3-04'!$I12 -> 0.050687619 | H12: ='3-04'!H12/'3-04'!$I12 -> 0.011145891
A13: ='3-04'!A13 -> 2016 | B13: ='3-04'!B13/'3-04'!$I13 -> 0.42483393 | C13: ='3-04'!C13/'3-04'!$I13 -> 0.24031157 | D13: ='3-04'!D13/'3-04'!$I13 -> 0.20313508 | E13: ='3-04'!E13/'3-04'!$I13 -> 0.031207479 | F13: ='3-04'!F13/'3-04'!$I13 -> 0.052020104 | G13: ='3-04'!G13/'3-04'!$I13 -> 0.043578829 | H13: ='3-04'!H13/'3-04'!$I13 -> 0.0049130138
A14: ='3-04'!A14 -> 2017 | B14: ='3-04'!B14/'3-04'!$I14 -> 0.44883419 | C14: ='3-04'!C14/'3-04'!$I14 -> 0.21771372 | D14: ='3-04'!D14/'3-04'!$I14 -> 0.21429684 | E14: ='3-04'!E14/'3-04'!$I14 -> 0.027297099 | F14: ='3-04'!F14/'3-04'!$I14 -> 0.046599014 | G14: ='3-04'!G14/'3-04'!$I14 -> 0.040577845 | H14: ='3-04'!H14/'3-04'!$I14 -> 0.004681282
A15: ='3-04'!A15 -> 2018 | B15: ='3-04'!B15/'3-04'!$I15 -> 0.41935891 | C15: ='3-04'!C15/'3-04'!$I15 -> 0.23431395 | D15: ='3-04'!D15/'3-04'!$I15 -> 0.20306508 | E15: ='3-04'!E15/'3-04'!$I15 -> 0.045723353 | F15: ='3-04'!F15/'3-04'!$I15 -> 0.046695406 | G15: ='3-04'!G15/'3-04'!$I15 -> 0.045998474 | H15: ='3-04'!H15/'3-04'!$I15 -> 0.0048448239
A16: ='3-04'!A16 -> 2019 | B16: ='3-04'!B16/'3-04'!$I16 -> 0.44439273 | C16: ='3-04'!C16/'3-04'!$I16 -> 0.20755511 | D16: ='3-04'!D16/'3-04'!$I16 -> 0.21122206 | E16: ='3-04'!E16/'3-04'!$I16 -> 0.045271811 | F16: ='3-04'!F16/'3-04'!$I16 -> 0.039381309 | G16: ='3-04'!G16/'3-04'!$I16 -> 0.047726684 | H16: ='3-04'!H16/'3-04'!$I16 -> 0.0044502924
A17: ='3-04'!A17 -> 2020 | B17: ='3-04'!B17/'3-04'!$I17 -> 0.48524965 | C17: ='3-04'!C17/'3-04'!$I17 -> 0.19197486 | D17: ='3-04'!D17/'3-04'!$I17 -> 0.20518151 | E17: ='3-04'!E17/'3-04'!$I17 -> 0.02815721 | F17: ='3-04'!F17/'3-04'!$I17 -> 0.035198443 | G17: ='3-04'!G17/'3-04'!$I17 -> 0.050058763 | H17: ='3-04'!H17/'3-04'!$I17 -> 0.0041795707
